Workbook
Name _________key2: #REF!
Name _________key2: #REF!
Name _________key2: #REF!
Name _________key2: #REF!
Name _________key2: #REF!
Name _________key2: #REF!
Name _________PJ50: #REF!
Name _________PJ50: #REF!
Name _________PJ50: #REF!
Name _________PJ50: #REF!
Name _________PJ50: #REF!
Name _________PJ50: #REF!
Name ________key2: #REF!
Name ________key2: #REF!
Name ________key2: #REF!
Name ________key2: #REF!
Name ________key2: #REF!
Name ________key2: #REF!
Name ________key3: #REF!
Name ________key3: #REF!
Name ________MA2: #REF!
Name ________MA2: #REF!
Name ________PJ50: #REF!
Name ________PJ50: #REF!
Name _______MA2: #REF!
Name _______MA2: #REF!
Name _______PJ50: #REF!
Name _______PJ50: #REF!
Name ______MA2: #REF!
Name ______MA2: #REF!
Name ______PJ50: #REF!
Name ______PJ50: #REF!
Name ______pr01: #REF!
Name ______pr01: #REF!
Name ______pr02: #REF!
Name ______pr02: #REF!
Name ______pr03: #REF!
Name ______pr03: #REF!
Name ______pr04: #REF!
Name ______pr04: #REF!
Name ______pr05: #REF!
Name ______pr05: #REF!
Name ______pr06: #REF!
Name ______pr06: #REF!
Name ______pr07: #REF!
Name ______pr07: #REF!
Name ______pr08: #REF!
Name ______pr08: #REF!
Name ______pr09: #REF!
Name ______pr09: #REF!
Name ______pr10: #REF!
Name ______pr10: #REF!
Name ______pr11: #REF!
Name ______pr11: #REF!
Name ______pr12: #REF!
Name ______pr12: #REF!
Name ______pr13: #REF!
Name ______pr13: #REF!
Name ______pr14: #REF!
Name ______pr14: #REF!

Sheet CONSOLIDADO (2)
B1: PROPONENTE | O1: FACTOR DE CALIDAD | P1: APOYO A INDUSTRIA NACIONAL | Q1: VINCULACIÓN DE PERSONAS CON DISCAPACIDAD | R1: PUNTAJE TOTAL
D2: REPRESENTANTE LEGAL | E2: AVAL | F2: EXPERIENCIA REQUERIDA | G2: UNO DE LOS INTEGRANTES DEBE APORTAR LA EXPERIENCIA MINIMA REQUERIDA ≥50% | H2: LOS DEMAS INTEGRANTES DEBEN ACREDITAR ≥ 5% DE LA EXPERIENCIA MINIMA REQUERIDA | I2: INTEGRANTE QUE APORTA DISCAPACITADO DEBE APORTAR ≥ 40% DE EXPERIENCIA REQUERIDA (SMMLV) | J2: EXPERIENCIA ESPECIFICA CRITERIO 1 LONGITUD ACREDITADA (m) | K2: EXPERIENCIA ESPECIFICA Por lo menos uno (1) de los contratos válidos aportados debe acreditar experiencia general en alguno de estos componentes tales como: cámaras de caída, sifones invertidos, disipadores de energía, entre otras estructuras hidráulicas asociadas con el objeto del proceso de selección. | L2: EXPERIENCIA ESPECIFICA Por lo menos uno (1) de los contratos válidos aportados debe acreditar experiencia general en entibados para construcción de acueductos y/o alcantarillados. | M2: CUMPLIMIENTO ARTICULO 17 LEY 842 DE 2003 | N2: RESUMEN | O2: FORMATO 7B - DISPONIBILIDAD Y CONDICIONES FUNCIONALES DE LA MAQUINARIA DE OBRA
B3: 1 | C3: =+#REF! -> #REF! | D3: =+#REF! -> #REF! | E3: =+#REF! -> #REF! | F3: =+#REF! -> #REF! | G3: =+#REF! -> #REF! | H3: =+#REF! -> #REF! | I3: =+#REF! -> #REF! | J3: =+#REF! -> #REF! | ... L3: =+#REF! -> #REF! | M3: CUMPLE | N3: =+#REF! -> #REF! | O3: =+#REF! -> #REF! | P3: =+#REF! -> #REF! | Q3: =+#REF! -> #REF! | R3: =SUM(O3:Q3) -> #REF!
B4: 2 | C4: =+#REF! -> #REF! | D4: =+#REF! -> #REF! | E4: =+#REF! -> #REF! | F4: =+#REF! -> #REF! | G4: =+#REF! -> #REF! | H4: =+#REF! -> #REF! | I4: =+#REF! -> #REF! | J4: =+#REF! -> #REF! | ... L4: =+#REF! -> #REF! | M4: CUMPLE | N4: =+#REF! -> #REF! | O4: =+#REF! -> #REF! | P4: =+#REF! -> #REF! | Q4: =+#REF! -> #REF! | R4: =SUM(O4:Q4) -> #REF!
B5: 3 | C5: =+#REF! -> #REF! | D5: =+#REF! -> #REF! | E5: =+#REF! -> #REF! | F5: =+#REF! -> #REF! | G5: =+#REF! -> #REF! | H5: =+#REF! -> #REF! | I5: =+#REF! -> #REF! | J5: =+#REF! -> #REF! | ... L5: =+#REF! -> #REF! | M5: CUMPLE | N5: =+#REF! -> #REF! | O5: =+#REF! -> #REF! | P5: =+#REF! -> #REF! | Q5: =+#REF! -> #REF! | R5: =SUM(O5:Q5) -> #REF!
B6: 4 | C6: =+#REF! -> #REF! | D6: =+#REF! -> #REF! | E6: =+#REF! -> #REF! | F6: =+#REF! -> #REF! | G6: =+#REF! -> #REF! | H6: =+#REF! -> #REF! | I6: =+#REF! -> #REF! | J6: =+#REF! -> #REF! | ... L6: =+#REF! -> #REF! | M6: CUMPLE | N6: =+#REF! -> #REF! | O6: =+#REF! -> #REF! | P6: =+#REF! -> #REF! | Q6: =+#REF! -> #REF! | R6: =SUM(O6:Q6) -> #REF!
B7: 5 | C7: =+#REF! -> #REF! | D7: =+#REF! -> #REF! | E7: =+#REF! -> #REF! | F7: =+#REF! -> #REF! | G7: =+#REF! -> #REF! | H7: =+#REF! -> #REF! | I7: =+#REF! -> #REF! | J7: =+#REF! -> #REF! | ... L7: =+#REF! -> #REF! | M7: CUMPLE | N7: =+#REF! -> #REF! | O7: =+#REF! -> #REF! | P7: =+#REF! -> #REF! | Q7: =+#REF! -> #REF! | R7: =SUM(O7:Q7) -> #REF!
B8: 6 | C8: =+#REF! -> #REF! | D8: =+#REF! -> #REF! | E8: =+#REF! -> #REF! | F8: =+#REF! -> #REF! | G8: =+#REF! -> #REF! | H8: =+#REF! -> #REF! | I8: =+#REF! -> #REF! | J8: =+#REF! -> #REF! | ... L8: =+#REF! -> #REF! | M8: CUMPLE | N8: =+#REF! -> #REF! | O8: =+#REF! -> #REF! | P8: =+#REF! -> #REF! | Q8: =+#REF! -> #REF! | R8: =SUM(O8:Q8) -> #REF!
B9: 7 | C9: =+#REF! -> #REF! | D9: =+#REF! -> #REF! | E9: =+#REF! -> #REF! | F9: =+#REF! -> #REF! | G9: =+#REF! -> #REF! | H9: =+#REF! -> #REF! | I9: =+#REF! -> #REF! | J9: =+#REF! -> #REF! | ... L9: =+#REF! -> #REF! | M9: CUMPLE | N9: =+#REF! -> #REF! | O9: =+#REF! -> #REF! | P9: =+#REF! -> #REF! | Q9: =+#REF! -> #REF! | R9: =SUM(O9:Q9) -> #REF!
B10: 8 | C10: =+#REF! -> #REF! | D10: =+#REF! -> #REF! | E10: =+#REF! -> #REF! | F10: =+#REF! -> #REF! | G10: =+#REF! -> #REF! | H10: =+#REF! -> #REF! | I10: =+#REF! -> #REF! | J10: =+#REF! -> #REF! | ... L10: =+#REF! -> #REF! | M10: CUMPLE | N10: =+#REF! -> #REF! | O10: =+#REF! -> #REF! | P10: =+#REF! -> #REF! | Q10: =+#REF! -> #REF! | R10: =SUM(O10:Q10) -> #REF!
B11: 9 | C11: =+#REF! -> #REF! | D11: =+#REF! -> #REF! | E11: =+#REF! -> #REF! | F11: =+#REF! -> #REF! | G11: =+#REF! -> #REF! | H11: =+#REF! -> #REF! | I11: =+#REF! -> #REF! | J11: =+#REF! -> #REF! | ... L11: =+#REF! -> #REF! | M11: CUMPLE | N11: =+#REF! -> #REF! | O11: =+#REF! -> #REF! | P11: =+#REF! -> #REF! | Q11: =+#REF! -> #REF! | R11: =SUM(O11:Q11) -> #REF!
B12: 10 | C12: =+#REF! -> #REF! | D12: =+#REF! -> #REF! | E12: =+#REF! -> #REF! | F12: =+#REF! -> #REF! | G12: =+#REF! -> #REF! | H12: =+#REF! -> #REF! | I12: =+#REF! -> #REF! | J12: =+#REF! -> #REF! | ... L12: =+#REF! -> #REF! | M12: CUMPLE | N12: =+#REF! -> #REF! | O12: =+#REF! -> #REF! | P12: =+#REF! -> #REF! | Q12: =+#REF! -> #REF! | R12: =SUM(O12:Q12) -> #REF!
B13: 11 | C13: =+#REF! -> #REF! | D13: =+#REF! -> #REF! | E13: =+#REF! -> #REF! | F13: =+#REF! -> #REF! | G13: =+#REF! -> #REF! | H13: =+#REF! -> #REF! | I13: =+#REF! -> #REF! | J13: =+#REF! -> #REF! | ... L13: =+#REF! -> #REF! | M13: CUMPLE | N13: =+#REF! -> #REF! | O13: =+#REF! -> #REF! | P13: =+#REF! -> #REF! | Q13: =+#REF! -> #REF! | R13: =SUM(O13:Q13) -> #REF!
B14: 12 | C14: =+#REF! -> #REF! | D14: =+#REF! -> #REF! | E14: =+#REF! -> #REF! | F14: =+#REF! -> #REF! | G14: =+#REF! -> #REF! | H14: =+#REF! -> #REF! | I14: =+#REF! -> #REF! | J14: =+#REF! -> #REF! | ... L14: =+#REF! -> #REF! | M14: CUMPLE | N14: =+#REF! -> #REF! | O14: =+#REF! -> #REF! | P14: =+#REF! -> #REF! | Q14: =+#REF! -> #REF! | R14: =SUM(O14:Q14) -> #REF!
... B16: 14 | C16: =+#REF! -> #REF! | D16: =+#REF! -> #REF! | E16: =+#REF! -> #REF! | F16: =+#REF! -> #REF! | G16: =+#REF! -> #REF! | H16: =+#REF! -> #REF! | I16: =+#REF! -> #REF! | J16: =+#REF! -> #REF! | ... L16: =+#REF! -> #REF! | M16: CUMPLE | N16: =+#REF! -> #REF! | O16: =+#REF! -> #REF! | P16: =+#REF! -> #REF! | Q16: =+#REF! -> #REF! | R16: =SUM(O16:Q16) -> #REF!

Sheet CONSOLIDADO 
B2: PROPONENTE | D2: EVALUACION JURIDICA HABILITANTE | E2: EVALUACIÓN TÉCNICA HABILITANTE DEL PROPONENTE | G2: EVALUACIÓN FINANCIERA HABILITANTE | J2: PROUESTA HABILITADA O NO HABILITADA | L2: PUNTAJE PRELIMINAR NOTA: SOLO SE ASIGNARA A QUIEN CONTINUE HABILITADO EN LA SIGUIENTE ETAPA.
D3: CAPACIDAD JURIDICA | E3: CAPACIDAD TECNICA | F3: CAPACIDAD OPERATIVA Residente de Obra | G3: CAPACIDAD FINANCIERA | H3: CAPACIDAD RESIDUAL | I3: OFERTA ECONOMICA
B4: 1 | C4: JAIME ALBERTO ANGEL LONDOÑO | D4: NO CUMPLE | E4: CUMPLE | F4: CUMPLE | G4: CUMPLE | H4: CUMPLE | J4: RECHAZADO | K4: Incurrio en causal de rechazo NUMERAL 4.9 del pliego de condiciones.Subnumeral 3.1 Cuando el proponente no subsane o no subsane correctamente o no lo realice dentro del plazo fijado por la ley, información o documentación solicitada por DEPARTAMENTO DEL QUINDÍO. | L4: =+PUNTUACION!N4 -> 0
B5: 2 | C5: MARIA AMERICA GARCIA PRIETO | D5: CUMPLE | E5: CUMPLE | F5: CUMPLE | G5: CUMPLE | H5: NO CUMPLE | I5: NO CUMPLE | J5: RECHAZADA | K5: Incurrio en causal de rechazo NUMERAL 4.9 del pliego de condiciones. Cuando las especificaciones y cantidades no concuerden completamente con lo requerido por el DEPARTAMENTO DEL QUINDIO , la informacion sea ilegible o no corresponda a la relacionada por la entidda en el presupuesto oficial. | L5: =+PUNTUACION!N5 -> 0
B6: 3 | C6: INCORES CIVILES SAS | D6: CUMPLE | E6: CUMPLE | F6: CUMPLE | G6: CUMPLE | H6: CUMPLE | I6: CUMPLE | J6: HABIL | L6: =+PUNTUACION!N6 -> 100
B7: 4 | C7: SANCAR INGENIEROS SAS | D7: CUMPLE | E7: CUM´PLE | F7: CUMPLE | G7: CUMPLE | H7: CUMPLE | I7: CUMPLE | J7: HABIL | L7: =+PUNTUACION!N7 -> 99.987094
B8: 5 | C8: MARLON SALAZAR ARBOLEDA | D8: CUMPLE | E8: CUMPLE | F8: CUMPLE | G8: CUMPLE | H8: CUMPLE | I8: CUMPLE | J8: HABIL | L8: =+PUNTUACION!N8 -> 99.473886
B9: 6 | C9: CONSORCIO INGENIERIA HORIZONTAL 2025 | D9: CUMP,E | E9: NO CUMPLE | F9: NO CUMPLE | G9: CUMPLE | H9: CUMPLE | I9: CUMPLE | J9: RECHAZADA | K9: Incurrio en causal de rechazo NUMERAL 4.9 del pliego de condiciones.Subnumeral 3.1 Cuando el proponente no subsane o no subsane correctamente o no lo realice dentro del plazo fijado por la ley, información o documentación solicitada por DEPARTAMENTO DEL QUINDÍO. | L9: =+PUNTUACION!N9 -> 0
B10: 7 | C10: CONSORCIO JACA 2024 | D10: CUMPLE | E10: CUMPLE | F10: CUMPLE | G10: CUMPLE | H10: CUMPLE | I10: CUMPLE | J10: HABIL | L10: =+PUNTUACION!N10 -> 99.190369
B11: 8 | C11: JORGE VARGAS OROZCO | D11: CUMPLE | E11: CUMPLE | F11: CUMPLE | G11: CUMPLE | H11: CUMPLE | I11: CUMPLE | J11: HABIL | L11: =+PUNTUACION!N11 -> 99.360038

Sheet PUNTUACION
R1: RESUMEN
B2: PROPONENTE | D2: CONDICIONES TECNICAS HABILITANTES DEL PROPONENTE | H2: PROUESTA HABILITADA O NO HABILITADA | J2: CRITERIOS DE CALIFICACION | N2: PUNTAJE TOTAL | O2: VALOR OFERTA ECONOMICA | P2: VERIFICACION ITEMS, UND, CANTIDAD | Q2: OBSERVACIONES | R2: COMPONENTE TECNICO | S2: COMPONENTE JURIDICO | T2: COMPONENTE FINANCIERO
D3: INGENIERÍA CIVIL, Y/O ARQUITECTO | E3: EXPERIENCIA GENERAL IGUAL O MAYOR A DOS (2) AÑOS | F3: EXPERIENCIA ESPECIFICA REQUERIDA: 03 CERTIFICADOS DE OBRA | G3: CAPACIDAD OPERATIVA | I3: OBSERVACION | J3: CRITERIO DE CALIDAD | K3: APOYO A LA INDUSTRIA NACIONAL | L3: Puntaje adicional artículo 2.2.1.2.4.2.15 del decreto 1082 de 2015 adicionado por el decreto 1860 de 2021. | M3: OFERTA ECONOMICA | T3: CAPACIDAD FINANCIERA | U3: CAPACIDAD RESIDUAL
B4: 1 | C4: JAIME ALBERTO ANGEL LONDOÑO | D4: CUMPLE | E4: CUMPLE | F4: CUMPLE | G4: CUMPLE | H4: HABILITADO | R4: HABILITADO
B5: 2 | C5: MARIA AMERICA GARCIA PRIETO | D5: CUMPLE | E5: CUMPLE | F5: CUMPLE | G5: CUMPLE | H5: RECHAZADO | R5: RECHAZADO
B6: 3 | C6: INCORES CIVILES SAS | D6: CUMPLE | E6: CUMPLE | F6: CUMPLE | G6: CUMPLE | H6: HABILITADO | J6: 20 | K6: 10 | L6: 0.25 | M6: =+'MEDIANA VALOR ABST'!H6 -> 69.75 | N6: =SUM(J6:M6) -> 100 | O6: 3.2360446e+08 | P6: CUMPLE | R6: HABILITADO
B7: 4 | C7: SANCAR INGENIEROS SAS | D7: CUMPLE | E7: CUMPLE | F7: CUMPLE | G7: CUMPLE | H7: HABILITADO | J7: 20 | K7: 10 | L7: 0.25 | M7: =+'MEDIANA VALOR ABST'!H5 -> 69.737094 | N7: =SUM(J7:M7) -> 99.987094 | O7: 3.2354458e+08 | P7: CUMPLE | R7: HABILITADO
B8: 5 | C8: MARLON SALAZAR ARBOLEDA | D8: CUMPLE | E8: CUMPLE | F8: CUMPLE | G8: CUMPLE | H8: HABILITADO | J8: 20 | K8: 10 | L8: 0 | M8: =+'MEDIANA VALOR ABST'!H7 -> 69.473886 | N8: =SUM(J8:M8) -> 99.473886 | O8: 324885489 | P8: CUMPLE | R8: HABILITADO
B9: 6 | C9: CONSORCIO INGENIERIA HORIZONTAL 2025 | D9: CUMPLE | E9: CUMPLE | F9: NO CUMPLE | G9: NO CUMPLE | H9: NO HABILITADO | N9: =SUM(J9:M9) -> 0 | R9: NO HABILITADO
B10: 7 | C10: CONSORCIO JACA 2024 | D10: CUMPLE | E10: CUMPLE | F10: CUMPLE | G10: CUMPLE | H10: NO HABILITADO | I10: NO CUMPLE. DEBE SUBSANAR El proponente adjunta FORMATO 2 – CONFORMACIÓN DE PROPONENTE PLURAL donde manifiesta que la duración del consorcio entra en vida a partir de la fecha de su firma y en caso de adjudicación su duración será igual al término de duración del contrato, y un (01) año más, sin embargo el numeral "4.1.3 Acreditación Legal de Constitución de Consorcio o Unión Temporal" del pliego de condiciones exige que la duración del Consorcio o Unión Temporal no será inferior a la del plazo de ejecución y LIQUIDACIÓN del contrato y un (1) año más. | J10: 20 | K10: 10 | L10: 0 | M10: =+'MEDIANA VALOR ABST'!H4 -> 69.190369 | N10: =SUM(J10:M10) -> 99.190369 | O10: 3.2100806e+08 | P10: CUMPLE | R10: NO HABILITADO
B11: 8 | C11: JORGE VARGAS OROZCO | D11: CUMPLE | E11: CUMPLE | F11: CUMPLE | G11: CUMPLE | H11: HABILITADO | J11: 20 | K11: 10 | L11: 0 | M11: =+'MEDIANA VALOR ABST'!H8 -> 69.360038 | N11: =SUM(J11:M11) -> 99.360038 | O11: 3.2541368e+08 | P11: CUMPLE | R11: HABILITADO

Sheet MEDIANA VALOR ABST
A2: Nro. DE PROPONENTE U OFERENTE | B2: Nro. | C2: PROPONENTE U OFERENTE (Persona Natural o Persona Jurídica) | D2: Proponente u Oferente HABIL | E2: VALOR TOTAL OFERTA ECONOMICA PRESENTADA POR EL PROPONENTE | F2: VALOR TOTAL OFERTA ECONOMICA CORRECCIÓN ARITMETICA | H2: PUNTAJE OFERTA ECONOMICA
A4: 1 | C4: CONSORCIO JACA 2024 | D4: HABIL | E4: 3.2100806e+08 | F4: =+E4 -> 3.2100806e+08 | G4: =1-(ABS(($C$12-F4)/$C$12)) -> 0.99197661 | H4: =69.75*G4 -> 69.190369
A5: 2 | B5: 3 | C5: SANCAR INGENIEROS SAS | D5: HÁBIL | E5: 3.2354458e+08 | F5: =+E5 -> 3.2354458e+08 | G5: =1-(ABS(($C$12-F5)/$C$12)) -> 0.99981497 | H5: =69.75*G5 -> 69.737094 | I5: 0.25
A6: 3 | B6: 3 | C6: INCORES CIVILES SAS | D6: HÁBIL | E6: 3.2360446e+08 | F6: =+E6 -> 3.2360446e+08 | G6: =1-(ABS(($C$12-F6)/$C$12)) -> 1 | H6: 69.75 | I6: 0.25
A7: 4 | B7: 3 | C7: MARLON SALAZAR ARBOLEDA | D7: HÁBIL | E7: 324885489 | F7: =+E7 -> 324885489 | G7: =1-(ABS(($C$12-F7)/$C$12)) -> 0.99604137 | H7: =69.75*G7 -> 69.473886
A8: 5 | C8: JORGE VARGAS OROZCO | D8: HABIL | E8: 3.2541368e+08 | F8: =+E8 -> 3.2541368e+08 | G8: =1-(ABS(($C$12-F8)/$C$12)) -> 0.99440915 | H8: =69.75*G8 -> 69.360038
G9: =SUM(G6:G7) -> 1.9960414
A11: PO | C11: 220434651
A12: MEDIANA | C12: =+MEDIAN(F4:F8) -> 3.2360446e+08

Sheet Capacidad Juridica
A1: No. | B1: PROPONENTE | C1: CARTA PRESENTACIÓN - COMPROMISO ANTICORRUPCION | F1: CERTIFICADO DE EXISTENCIA Y REPRESENTACIÓN LEGAL | M1: CONFORMACIÓN CONSORCIAL | V1: CEDULA DE CIUDADANIA | Y1: ANTECEDENTES DEL PROPONENTE | AE1: PAZ Y SALVO APORTES SEGURIDAD SOCIAL Y PARAFISCALES | AG1: CERTIFICADO DE INSCRIPCIÓN EN EL REGISTRO UNICO DE PROPONENTES (RUP) | AL1: GARANTIA DE SERIEDAD | AV1: FORMATO 06 MULTAS Y SANCIONES / INHABILIDADES E INCOMPATIBILIDADES | AW1: REQUISITOS PARA PERSONA JURIDICA EXTRANJERA | BD1: APODERADOS | BE1: CUMPLE/NO CUMPLE | BF1: OBSERVACIONES
C2: CARTA DE PRESENTACIÓN- | F2: CERTIFICADO DE EXISTENCIA Y REPRESENTACIÓN LEGAL | M2: CONFORMACIÓN CONSORCIAL | V2: CEDULA DE CIUDADANIA | Y2: ANTECEDENTES DEL PROPONENTE | AE2: PAZ Y SALVO APORTES SEGURIDAD SOCIAL Y PARAFISCALES | AG2: CERTIFICADO DE INSCRIPCIÓN EN EL REGISTRO UNICO DE PROPONENTES (RUP) | AO2: GARANTÍA DE SERIEDAD | AW2: REQUISITOS PARA PERSONA JURIDICA EXTRANJERA
C3: FIRMA LA PERSONA NATURAL | D3: FIRMA EL REPRESENTANTE LEGAL (CONSORIO O PERSONA JURIDICA) | E3: FIRMA DE QUIEN AVALA LA PROPUESTA | F3: PRESENTA | G3: FECHA DE EXPEDICION 60 DIAS CONTADOS DESDE EL MOMENTO DEL CIERRE DEL PROCESO | H3: OBJETO SOCIAL | I3: DURACIÓN DE LA SOCIEDAD | J3: REPRESENTANTE LEGAL | K3: LIMITACIONES AL REPRESENTANTE LEGAL | L3: AUTORIZACIÓN DEL ORGANO SOCIAL | M3: PRESENTA DOCUMENTO DE CONFORMACION | N3: No de participantes | O3: % PARTICIPACIÓN MAYOR A 30 (EXCEPTO MIPYME O EMPRESA DE MUJERES - MÍNIMO 10%) | P3: DURACION POR EL TERMINO FIJADO, Y 1 AÑO MAS | Q3: REPRESENTANTE | R3: INTEGRANTES | S3: OBJETO SOCIAL O ACTIVIDAD MERCANTIL RELACIONADA CON EL OBJETO DEL PROCESO VERIFICADO EN EL DOCUMENTO DE REPRESENTACION LEGAL QUE CORRESPONDA | T3: FIRMADO POR RL Y POR INTEGRANTES | U3: IDENTIFICACION DE LOS INTEGRANTES | V3: PERSONA NATURAL | W3: REPRESENTANTE LEGAL PERSONA JURIDICA | X3: AVAL (En caso de que aplique) | Y3: FISCALES | Z3: DISCIPLINARIOS | AA3: JUDICIALES | AB3: MEDIDAS CORRECTIVAS | AC3: REDAM | AD3: ANTECEDENTES DE QUIEN AVALA (Cuando aplique) | AE3: PERSONA JURIDICA | AF3: PERSONA NATURAL | AG3: PRESENTA (SI/NO/NA) | AH3: RENOVADO | AI3: FIRMEZA RUP | AJ3: SANCIONES-MULTAS CONSIGNADAS EN EL RUP | AK3: FECHA DE EXPEDICION 60 DIAS CALENDARIO ANTERIORES A LA PRESENTACIÓN DE LA OFERTA | AL3: TOMADOR | AM3: COMPAÑÍA | AN3: PÓLIZA | AO3: VALOR (CUANTIA 10% DEL VALOR DE LA OFERTA) | AP3: VIGENCIA INICIAL | AQ3: VIGENCIA FINAL | AR3: CUMPLE CON 3 MESES A PARTIR DE SU PRESENTACION | AS3: BENEFICIARIO DEPARTAMENTO DEL QUINDIO | AT3: ESPECIFICA N° DE RADICADO Y OBJETO | AU3: NOTA EN CASO DE GARANTIA BANCARIA | AW3: DOCUMENTO DE IDENTIFICACION | AX3: CERTIFICADO DE EXISTENCIA Y REPRESENTACION | AY3: EXISTENCIA DE LA REPRESENTACION LEGAL DE LA SUCURSAL | AZ3: OBJETO SOCIAL | BA3: REPRESENTANTE LEGAL | BB3: LIMITACIONES AL REPRESENTANTE LEGAL | BC3: ACREDITACION DE APODERADO DOMICILIADO EN EL PAIS
A4: 1 | B4: JAIME ALBERTO ANGEL LONDOÑO | C4: CUMPLE | D4: NO APLICA | E4: NO APLICA | F4: N/A | M4: NO APLICA NOTA: El oferente se presenta en calidad de persona natural | V4: CUMPLE | W4: N/A | X4: N/A | Y4: VERIFICADOS POR LA ENTIDAD | AD4: NO APLICA | AE4: NO APLICA | AF4: CUMPLE | AG4: CUMPLE | AH4: CUMPLE | AI4: CUMPLE | AJ4: NO TIENE | AK4: 45608 | AL4: JAIME ALBERTO ANGEL LONDOÑO | AM4: SEGUROS DEL ESTADO S.A. | AN4: 21-44-101459414 | AO4: 34215164 | AP4: 45639 | AQ4: 45395 | AR4: CUMPLE CON 3 MESES A PARTIR DE SU PRESENTACION | AS4: CUMPLE | AT4: CUMPLE | AU4: N/A | AV4: NO CUMPLE | AW4: N/A | BD4: N/A | BE4: NO CUMPLE | BF4: EL OFERENTE DENTRO DEL FORMATO DE MULTAS, SANCIONES E INHABILIDADES SEÑALA EN EL NUMERAL 7 QUE “Se ha abstenido de suscribir contrato estatal adjudicado, sin existir justa causa”. NO OBSTATE, DENTRO DEL RUP NO SE EXPRESA DICHA ACTUACION QUE SE REGISTRE, POR LO TANTO, EL OFERENTE DENTRO DEL TERMINO DE TRASLADO DEL INFORME DE EVALUACION DEBERA DE EXPLICAR Y ACLARAR ESTA SITUACIÓN LA CUAL DEPENDERÁ SI SE ENCUENTRA HABILITADO PARA PARTICIPAR DENTRO DEL PROCESO DE SELECCIÓN del mismo modo la pregunta numero 20 no fue contestada NO SUBSANO
A5: 2 | B5: MARIA AMERICA GARCÍA PRIETO | C5: CUMPLE | D5: NO APLICA | E5: NO APLICA | F5: N/A | M5: NO APLICA NOTA: La oferente se presenta en calidad de persona natural | V5: CUMPLE | W5: N/A | X5: N/A | Y5: VERIFICADOS POR LA ENTIDAD | AD5: NO APLICA | AE5: NO APLICA | AF5: CUMPLE | AG5: CUMPLE | AH5: CUMPLE | AI5: CUMPLE | AJ5: NO TIENE | AK5: 18/11/24 | AL5: MARIA AMERICA GARCÍA PRIETO | AM5: SEGUROS DEL ESTADO S.A. | AN5: 45-44-101162095 | AO5: 34215164 | AP5: 45639 | AQ5: 45395 | AR5: CUMPLE CON 3 MESES A PARTIR DE SU PRESENTACION | AS5: CUMPLE | AT5: CUMPLE | AU5: N/A | AV5: CUMPLE | AW5: N/A | BD5: N/A | BE5: CUMPLE | BF5: ELOFERENTE CUMPLE CON LA TOTALIDAD DE REQUISITOS SOLICITADOS Y VERIFICADOS POR PARTE DEL COMPONENTE JURÍDICO. EN CONSECUENCIA, SE ENCUENTRA HABILITADO DESDE EL COMPONENTE JURÍDICO.
A7: 3 | B7: INCORES CIVILES SAS | C7: CUMPLE | D7: N/A | E7: CUMPLE | F7: N/A | G7: 13/12/2024 - 10:33:47 | H7: CUMPLE | I7: INDEFINIDO | J7: LUISA FERNANDA TORRES GARCIA | K7: NO TIENE | L7: N/A | M7: NO APLICA NOTA: La oferente se presenta en calidad de persona juridica | V7: N/A | W7: CUMPLE | X7: CUMPLE | Y7: VERIFICADOS POR LA ENTIDAD | AD7: NO CUMPLE EL REDAM NO SE APORTO | AE7: CUMPLE | AF7: N/A | AG7: CUMPLE | AH7: CUMPLE | AI7: CUMPLE | AJ7: NO TIENE | AK7: 45639 | AL7: INCORES CIVILES S.A.S. | AM7: SEGUROS DEL ESTADO | AN7: 21-44-101459293 | AO7: $34,215,165.00 | AP7: 45638 | AQ7: 45777 | AR7: CUMPLE CON 3 MESES A PARTIR DE SU PRESENTACION | AS7: CUMPLE | AT7: CUMPLE | AU7: N/A | AV7: CUMPLE | AW7: N/A | BD7: N/A | BE7: NO CUMPLE | BF7: DEBE DE SUBSANAR TODA VEZ QUE LA CATA DE PRESENTACION ESTA FIRMADA POR UN AVAL EL CUAL NO APORTA LOS DOCUEMENTOS REQUERIDOS POR EL PLIEGO DE CONDICIONES
A8: 4 | B8: SANCAR INGENIEROS SAS | C8: NA | D8: CUMPLE | E8: CUMPLE | F8: CUMPLE | G8: 2024/11/18 - 09:34:19 | H8: CUMPLE | I8: INDEFINIDO | J8: JUAN CARLOS SANCHEZ GALVEZ | K8: NO TIENE | L8: N/A | M8: NO APLICA NOTA: La oferente se presenta en calidad de persona juridica | V8: N/A | W8: CUMPLE | X8: N/A | Y8: VERIFICADOS POR LA ENTIDAD | AD8: N/A | AE8: CUMPLE | AF8: N/A | AG8: CUMPLE | AH8: CUMPLE. (11/04/2024) | AI8: CUMPLE | AJ8: NO TIENE | AK8: 45639 | AL8: SANCAR INGENIEROS SAS | AM8: SEGUROS DEL ESTADO | AN8: 60-44-101014292 | AO8: 34215164 | AP8: 45639 | AQ8: 45746 | AR8: CUMPLE CON 3 MESES A PARTIR DE SU PRESENTACION | AS8: CUMPLE | AT8: CUMPLE | AU8: N/A | AV8: CUMPLE | AW8: N/A | BD8: N/A | BE8: CUMPLE | BF8: ELOFERENTE CUMPLE CON LA TOTALIDAD DE REQUISITOS SOLICITADOS Y VERIFICADOS POR PARTE DEL COMPONENTE JURÍDICO. EN CONSECUENCIA, SE ENCUENTRA HABILITADO DESDE EL COMPONENTE JURÍDICO.
A9: 5 | B9: MARLON SALAZAR ARBOLEDA | C9: CUMPLE | D9: N/A | E9: CUMPLE | F9: N/A | M9: NO APLICA NOTA: La oferente se presenta en calidad de persona natural | V9: CUMPLE | W9: N/A | X9: N/A | Y9: VERIFICADOS POR LA ENTIDAD | AD9: N/A | AE9: N/A | AF9: CUMPLE | AG9: CUMPLE | AH9: CUMPLE (18/04/2024) | AI9: CUMPLE | AJ9: NO TIENE | AK9: 45637 | AL9: MARLON SALAZAR ARBOLEDA | AM9: SEGUROS DEL ESTADO | AN9: 60-44-101014300 | AO9: 34215164 | AP9: 45639 | AQ9: 45746 | AR9: CUMPLE CON 3 MESES A PARTIR DE SU PRESENTACION | AS9: CUMPLE | AT9: CUMPLE | AU9: N/A | AV9: CUMPLE | AW9: N/A | BD9: N/A | BE9: CUMPLE | BF9: ELOFERENTE CUMPLE CON LA TOTALIDAD DE REQUISITOS SOLICITADOS Y VERIFICADOS POR PARTE DEL COMPONENTE JURÍDICO. EN CONSECUENCIA, SE ENCUENTRA HABILITADO DESDE EL COMPONENTE JURÍDICO.
A10: 6 | B10: INGENIERIA HORIZONTAL 2025 | C10: N/A | D10: CUMPLE | E10: CUMPLE | F10: N/A | M10: CUMPLE | N10: 2 | O10: 0.1 | P10: CUMPLE | Q10: JAIRO IVAN CASTILLO | R10: GRUPO TRUMEJ S.A.S. RL: CARLOS ANDRES TRUJILLO HENAO | S10: CUMPLE | T10: CUMPLE | U10: 9.731.782 de Armenia-Quindio | V10: CUMPLE | W10: CUMPLE | X10: N/A | Y10: VERIFICADOS POR LA ENTIDAD | AD10: NO CUMPLE | AE10: CUMPLE | AF10: N/A | AG10: CUMPLE | AH10: CUMPLE | AI10: CUMPLE | AJ10: NO TIENE | AK10: 45639 | AL10: CONSORCIO INGENIERIA HORIZONTAL 2025 | AM10: SEGUROS DEL ESTADO | AN10: 11-44-101243565 | AO10: 34,215,164,05 | AP10: 45639 | AQ10: 45395 | AR10: CUMPLE CON 3 MESES A PARTIR DE SU PRESENTACION | AS10: CUMPLE | AT10: CUMPLE | AU10: N/A | AV10: CUMPLE | AW10: N/A | BD10: N/A | BE10: CUMPLE | BF10: ELOFERENTE CUMPLE CON LA TOTALIDAD DE REQUISITOS SOLICITADOS Y VERIFICADOS POR PARTE DEL COMPONENTE JURÍDICO. EN CONSECUENCIA, SE ENCUENTRA HABILITADO DESDE EL COMPONENTE JURÍDICO.
F11: N/A | M11: CUMPLE | N11: 2 | O11: 0.9 | P11: CUMPLE | R11: V Y T CONSTRUCCIONES S.A.S. RL: JAIME ANDRES VILLANUEVA | S11: CUMPLE | T11: CUMPLE | U11: 9.732.076 de Armenia-Quindio | V11: CUMPLE | W11: CUMPLE | X11: N/A | Y11: VERIFICADOS POR LA ENTIDAD | AD11: NO CUMPLE | AE11: CUMPLE | AF11: N/A | AG11: CUMPLE | AH11: CUMPLE | AI11: CUMPLE | AJ11: NO TIENE | AK11: 45639 | AW11: N/A | BD11: N/A
A12: 7 | B12: CONSORCIO JACA 2024 | C12: N/A | D12: CUMPLE | E12: N/A | F12: N/A | M12: CUMPLE | N12: 2 | O12: CUMPLE (10%) | P12: NO CUMPLE | Q12: JAIRO IVAN CASTILLO | R12: JAIRO IVAN CASTILLO | S12: CUMPLE | T12: CUMPLE | U12: 18.418.225 de Montenegro-Quindio | V12: CUMPLE | W12: N/A | X12: N/A | Y12: VERIFICADOS POR LA ENTIDAD | AD12: N/A | AE12: N/A | AF12: CUMPLE | AG12: CUMPLE | AH12: CUMPLE | AI12: CUMPLE | AJ12: NO TIENE | AK12: 45636 | AL12: CONSORCIO JACA 2024 | AM12: SEGUROS DEL ESTADO | AN12: 60-44-101014293 | AO12: 34215164 | AP12: 45639 | AQ12: 45381 | AR12: CUMPLE CON 3 MESES A PARTIR DE SU PRESENTACION | AS12: CUMPLE | AT12: CUMPLE | AU12: N/A | AV12: CUMPLE | AW12: N/A | BD12: N/A | BE12: CUMPLE | BF12: ELOFERENTE CUMPLE CON LA TOTALIDAD DE REQUISITOS SOLICITADOS Y VERIFICADOS POR PARTE DEL COMPONENTE JURÍDICO. EN CONSECUENCIA, SE ENCUENTRA HABILITADO DESDE EL COMPONENTE JURÍDICO.
F13: N/A | M13: CUMPLE | N13: 2 | O13: CUMPLE (90%) | R13: JAVIER MARTINEZ BURITICA | S13: CUMPLE | T13: CUMPLE | U13: 7.529.115 de Armenia-Quindio | V13: CUMPLE | W13: N/A | X13: N/A | Y13: VERIFICADOS POR LA ENTIDAD | AE13: N/A | AF13: CUMPLE | AG13: CUMPLE | AH13: CUMPLE | AI13: CUMPLE | AJ13: NO TIENE | AK13: 45636 | AW13: N/A | BD13: N/A
A14: 8 | B14: JORGE VARGAS OROZCO | C14: CUMPLE | D14: N/A | E14: N/A | F14: N/A | M14: N/A | V14: CUMPLE | W14: N/A | X14: N/A | Y14: VERIFICADOS POR LA ENTIDAD | AD14: N/A | AE14: N/A | AF14: CUMPLE | AG14: CUMPLE | AH14: CUMPLE | AI14: CUMPLE | AJ14: NO TIENE | AK14: 45639 | AL14: JORGE VARGAS OROZCO | AM14: SEGUROS DEL ESTADO | AN14: 60-44-101014291 | AO14: 34215164 | AP14: 45639 | AQ14: 45381 | AR14: CUMPLE CON 3 MESES A PARTIR DE SU PRESENTACION | AS14: CUMPLE | AT14: CUMPLE | AU14: N/A | AV14: CUMPLE | AW14: N/A | BD14: N/A | BE14: CUMPLE | BF14: ELOFERENTE CUMPLE CON LA TOTALIDAD DE REQUISITOS SOLICITADOS Y VERIFICADOS POR PARTE DEL COMPONENTE JURÍDICO. EN CONSECUENCIA, SE ENCUENTRA HABILITADO DESDE EL COMPONENTE JURÍDICO.

Sheet C. FINANCIERA
A1: ANEXO 1 EVALUACION FINANCIERA PRELIMINAR
A2: SELECCIÓN ABREVIADA DE MENOR CUANTÍA No. SAMC-038-2024
A3: MANTENIMIENTO Y/O MEJORAMIENTO DE LA INSTITUCIÓN EDUCATIVA INSTITUTO MONTENEGRO Y LA INSTITUCIÓN EDUCATIVA GENERAL SANTANDER EN SU SEDE PRINCIPAL, SEDE LA ISABELA Y SEDE OBANDO”.
E5: 1.54 | G5: 0.64 | I5: 2.21 | K5: 0.06 | M5: 0.03
A6: OFERENTE | C6: INFORMACIÓN RUP | D6: VALOR | E6: INDICADOR | O6: HABILITADO/NO HABILITADO
E7: LIQUIDEZ (IL) | G7: ENDEUDAMIENTO (NE) | I7: COBERTURA DE INTERESES (RCI) | K7: RENTABILIDAD DEL PATRIMONIO (RP) | M7: RENTABILIDAD DEL ACTIVO (RSA)
E8: Indicador | F8: Part. | G8: Indicador | H8: Part. | I8: Indicador | J8: Part. | K8: Indicador | L8: Part. | M8: Indicador
A9: JAIME ALBERTO ANGEL LONDOÑO | B9: JAIME ALBERTO ANGEL LONDOÑO 100% | C9: Activo Corriente | D9: 129682341 | E9: =D9/D11 -> 24.795859 | F9: =E9*100% -> 24.795859 | G9: =D12/D10 -> 0.023763833 | H9: =G9*100% -> 0.023763833 | I9: =D14/D15 -> 238.05262 | J9: =I9*100% -> 238.05262 | K9: =D14/D13 -> 0.36081115 | L9: =K9*100% -> 0.36081115 | M9: =D14/D10 -> 0.3522369 | N9: =M9*100% -> 0.3522369 | O9: HABILITADO
C10: Total Activo | D10: 220082341
C11: Pasivo Corriente | D11: 5230000
C12: Total Pasivo | D12: 5230000 | R12: Fecha expedición: 18/11/2024 - 08:29:55
C13: Patrimonio | D13: 214852341
C14: Utilidad/pérdida Operacional | D14: 77521121
C15: Gasto de Intereses | D15: 325647
B16: TOTAL INDICADOR PROPONENTE | E16: =((D9*100%))/((D11*100%)) -> 24.795859 | G16: =((D12*100%))/((D10*100%)) -> 0.023763833 | I16: =((D14*100%))/((D15*100%)) -> 238.05262 | K16: =((D14*100%))/((D13*100%)) -> 0.36081115 | M16: =((D14*100%))/((D10*100%)) -> 0.3522369
A17: MARIA AMÉRICA GARCÍA PRIETO | B17: MARIA AMÉRICA GARCÍA PRIETO 100% | C17: Activo Corriente | D17: 272720478 | E17: =D17/D19 -> 27.272048 | F17: =E17*100% -> 27.272048 | G17: =D20/D18 -> 0.27813788 | H17: =G17*100% -> 0.27813788 | I17: =D22/D23 -> 19.154142 | J17: =I17*100% -> 19.154142 | K17: =D22/D21 -> 0.17025465 | L17: =K17*100% -> 0.17025465 | M17: =D22/D18 -> 0.12290038 | N17: =M17*100% -> 0.12290038 | O17: HABILITADO
C18: Total Activo | D18: 503347478
C19: Pasivo Corriente | D19: 10000000
C20: Total Pasivo | D20: 140000000
C21: Patrimonio | D21: 363347478
C22: Utilidad/pérdida Operacional | D22: 61861596
C23: Gasto de Intereses | D23: 3229672
B24: TOTAL INDICADOR PROPONENTE | E24: =((D17*100%))/((D19*100%)) -> 27.272048 | G24: =((D20*100%))/((D18*100%)) -> 0.27813788 | I24: =+J17 -> 19.154142 | K24: =((D22*100%))/((D21*100%)) -> 0.17025465 | M24: =((D22*100%))/((D18*100%)) -> 0.12290038
A25: INCORES CIVILES SAS | B25: INCORES CIVILES SAS 100% | C25: Activo Corriente | D25: 5956182880 | E25: =D25/D27 -> 28.246482 | F25: =E25*100% -> 28.246482 | G25: =D28/D26 -> 0.57221325 | H25: =G25*100% -> 0.57221325 | I25: =D30/D31 -> #DIV/0! | J25: =I25*100% -> #DIV/0! | K25: =D30/D29 -> 0.62182449 | L25: =K25*100% -> 0.62182449 | M25: =D30/D26 -> 0.26600828 | N25: =M25*100% -> 0.26600828 | O25: HABILITADO
C26: Total Activo | D26: 5957732880
C27: Pasivo Corriente | D27: 210864594
C28: Total Pasivo | D28: 3409093666 | R28: Fecha expedición: 17/10/2024 - 14:32:37
C29: Patrimonio | D29: 2548639214
C30: Utilidad/pérdida Operacional | D30: 1584806271
C31: Gasto de Intereses | D31: 0
B32: TOTAL INDICADOR PROPONENTE | E32: =((D25*100%))/((D27*100%)) -> 28.246482 | G32: =((D28*100%))/((D26*100%)) -> 0.57221325 | I32: INDERTERMINADO | K32: =((D30*100%))/((D29*100%)) -> 0.62182449 | M32: =((D30*100%))/((D26*100%)) -> 0.26600828
A33: SANCAR INGENIEROS SAS | B33: SANCAR INGENIEROS SAS 100% | C33: Activo Corriente | D33: 576206163 | E33: =D33/D35 -> #DIV/0! | F33: =E33*100% -> #DIV/0! | G33: =D35/D33 -> 0 | H33: =G33*100% -> 0 | I33: =D38/D39 -> 61567.343 | J33: =I33*100% -> 61567.343 | K33: =D38/D37 -> 0.33644063 | L33: =K33*100% -> 0.33644063 | M33: =D38/D33 -> 0.27353473 | N33: =M33*100% -> 0.27353473 | O33: HABILITADO
C34: Total Activo | D34: 643026163
C35: Pasivo Corriente | D35: 0
C36: Total Pasivo | D36: 174556000 | R36: Fecha expedición: 15/11/2024 - 12:00:16
C37: Patrimonio | D37: 468470163
C38: Utilidad/pérdida Operacional | D38: 157612399
C39: Gasto de Intereses | D39: 2560
B40: TOTAL INDICADOR PROPONENTE | E40: INDETERMINADO | G40: =((D36*100%))/((D34*100%)) -> 0.27146018 | I40: =+J33 -> 61567.343 | K40: =((D38*100%))/((D37*100%)) -> 0.33644063 | M40: 0.25
A41: MARLON SALAZAR ARBOLEDA | B41: MARLON SALAZAR ARBOLEDA 100% | C41: Activo Corriente | D41: 134066105 | E41: =D41/D43 -> 30.6087 | F41: =E41*100% -> 30.6087 | G41: =D44/D42 -> 0.031769966 | H41: =G41*100% -> 0.031769966 | I41: =D46/D47 -> 73522.51 | J41: =I41*100% -> 73522.51 | K41: =D46/D45 -> 0.26973386 | L41: =K41*100% -> 0.26973386 | M41: 0.26 | N41: =M41*100% -> 0.26 | O41: HABILITADO
C42: Total Activo | D42: 250551105
C43: Pasivo Corriente | D43: 4380000
C44: Total Pasivo | D44: 7960000
C45: Patrimonio | D45: 242591105
C46: Utilidad/pérdida Operacional | D46: 65435034
C47: Gasto de Intereses | D47: 890
B48: TOTAL INDICADOR PROPONENTE | E48: =((D41*100%))/((D43*100%)) -> 30.6087 | G48: =((D44*100%))/((D42*100%)) -> 0.031769966 | I48: =+J41 -> 73522.51 | K48: =((D46*100%))/((D45*100%)) -> 0.26973386 | M48: =((D46*100%))/((D42*100%)) -> 0.26116442
A49: CONSORCIO INGENIERÍA HORIZONTAL 2025 | B49: GRUPO TRUMEJ SAS 10% | C49: Activo Corriente | D49: 50000000 | E49: =D49/D51 -> #DIV/0! | F49: =E49*10% -> #DIV/0! | G49: =D52/D50 -> 0 | H49: =G49*10% -> 0 | I49: =D54/D55 -> #DIV/0! | J49: =I49*10% -> #DIV/0! | K49: =D54/D53 -> 0 | L49: =K49*10% -> 0 | M49: =D54/D50 -> 0 | N49: =M49*10% -> 0 | O49: HABILITADO
C50: Total Activo | D50: 115000000
C51: Pasivo Corriente | D51: 0
C52: Total Pasivo | D52: 0
C53: Patrimonio | D53: 115000000
C54: Utilidad/pérdida Operacional | D54: 0
C55: Gasto de Intereses | D55: 0
B56: VYT CONSTRUCCIONES SAS 90% | C56: Activo Corriente | D56: 326880609 | E56: =D56/D58 -> 3.4298794 | F56: =E56*90% -> 3.0868914 | G56: =D59/D57 -> 0.24768826 | H56: =G56*90% -> 0.22291943 | I56: =D61/D62 -> 7.4431444 | J56: =I56*90% -> 6.69883 | K56: =D61/D60 -> 0.10337785 | L56: =K56*90% -> 0.093040064 | M56: =D61/D57 -> 0.077772369 | N56: =M56*90% -> 0.069995132
C57: Total Activo | D57: 396302109
C58: Pasivo Corriente | D58: 95303821
C59: Total Pasivo | D59: 98159380
C60: Patrimonio | D60: 298142729
C61: Utilidad/pérdida Operacional | D61: 30821354
C62: Gasto de Intereses | D62: 4140905
B63: TOTAL INDICADOR PROPONENTE | E63: =((D49*10%)+(D56*90%))/((D51*10%)+(D58*90%)) -> 3.4881725 | G63: =((D52*10%)+(D59*90%))/((D50*10%)+(D57*90%)) -> 0.23995162 | I63: =((D54*10%)+(D61*90%))/((D55*10%)+(D62*90%)) -> 7.4431444 | K63: =((D54*10%)+(D61*90%))/((D53*10%)+(D60*90%)) -> 0.09912937 | M63: =((D54*10%)+(D61*90%))/((D50*10%)+(D57*90%)) -> 0.075343118
A64: CONSORCIO JACA 2024 | B64: JAIRO IVÁN CASTILLO 10% | C64: Activo Corriente | D64: 593875568 | E64: =D64/D66 -> 2.4024434 | F64: =E64*10% -> 0.24024434 | G64: =D67/D65 -> 0.58321093 | H64: =G64*10% -> 0.058321093 | I64: =D69/D70 -> 26.503985 | J64: =I64*10% -> 2.6503985 | K64: =D69/D68 -> 0.36356182 | L64: =K64*10% -> 0.036356182 | M64: =D69/D65 -> 0.15152859 | N64: =M64*10% -> 0.015152859 | O64: HABILITADO
C65: Total Activo | D65: 1369239568
C66: Pasivo Corriente | D66: 247196484
C67: Total Pasivo | D67: 798555480
C68: Patrimonio | D68: 570684088
C69: Utilidad/pérdida Operacional | D69: 207478946
C70: Gasto de Intereses | D70: 7828217
B71: JAVIER MARTÍNEZ BURITICA 90% | C71: Activo Corriente | D71: 8349000 | E71: =D71/D73 -> 2.3406224 | F71: =E71*90% -> 2.1065601 | G71: =D74/D72 -> 0.11801489 | H71: =G71*90% -> 0.1062134 | I71: =D76/D77 -> #DIV/0! | J71: =I71*90% -> #DIV/0! | K71: =D76/D75 -> 0.34656388 | L71: =K71*90% -> 0.31190749 | M71: =D76/D72 -> 0.30566419 | N71: =M71*90% -> 0.27509777
C72: Total Activo | D72: 30225000
C73: Pasivo Corriente | D73: 3567000
C74: Total Pasivo | D74: 3567000
C75: Patrimonio | D75: 26658000
C76: Utilidad/pérdida Operacional | D76: 9238700
C77: Gasto de Intereses | D77: 0
B78: TOTAL INDICADOR PROPONENTE | E78: =((D64*10%)+(D71*90%))/((D66*10%)+(D73*90%)) -> 2.3953376 | G78: =((D67*10%)+(D74*90%))/((D65*10%)+(D72*90%)) -> 0.50610882 | I78: =((D69*10%)+(D76*90%))/((D70*10%)+(D77*90%)) -> 37.125599 | K78: =((D69*10%)+(D76*90%))/((D68*10%)+(D75*90%)) -> 0.3585308 | M78: =((D69*10%)+(D76*90%))/((D65*10%)+(D72*90%)) -> 0.1770752
A79: JORGE VARGAS OROZCO | B79: JORGE VARGAS OROZCO 100% | C79: Activo Corriente | D79: 149646610 | E79: =D79/D81 -> 61.11018 | F79: =E79*100% -> 61.11018 | G79: =D82/D80 -> 0.026602056 | H79: =G79*100% -> 0.026602056 | I79: =D84/D85 -> 52.449736 | J79: =I79*100% -> 52.449736 | K79: =D84/D83 -> 0.24221248 | L79: =K79*100% -> 0.24221248 | M79: =D84/D80 -> 0.23576913 | N79: =M79*100% -> 0.23576913 | O79: HABILITADO
C80: Total Activo | D80: 369002610
C81: Pasivo Corriente | D81: 2448800
C82: Total Pasivo | D82: 9816228
C83: Patrimonio | D83: 359186382
C84: Utilidad/pérdida Operacional | D84: 86999426
C85: Gasto de Intereses | D85: 1658720
B86: TOTAL INDICADOR PROPONENTE | E86: =((D79*100%))/((D81*100%)) -> 61.11018 | G86: =((D82*100%))/((D80*100%)) -> 0.026602056 | I86: =+J79 -> 52.449736 | K86: =((D84*100%))/((D83*100%)) -> 0.24221248 | M86: =((D84*100%))/((D80*100%)) -> 0.23576913

Sheet C. RESIDUAL
A1: ANEXO CAPACIDAD RESIDUAL
A2: SELECCIÓN ABREVIADA DE MENOR CUANTÍA No. SAMC-038-2024
A3: MANTENIMIENTO Y/O MEJORAMIENTO DE LA INSTITUCIÓN EDUCATIVA INSTITUTO MONTENEGRO Y LA INSTITUCIÓN EDUCATIVA GENERAL SANTANDER EN SU SEDE PRINCIPAL, SEDE LA ISABELA Y SEDE OBANDO”.
A4: Orden de entrega Nro. | B4: PROPONENTE U OFERENTE (Persona Natural / Persona Juridica o Consorcio) | C4: INFORMACION DE CONTRATOS EN EJECUCION PARA CALCULAR LA CAPACIDAD RESIDUAL / CAPACIDAD TECNICA E INFORMACION FINANCIERA CERTIFICADA POR EL CONTADOR | E4: ESTADO (Habilitado/ No Habilitado) | F4: OBSERVACIONES:
C5: Capacidad Residual del Proceso de Contratacion (CRPC) | D5: CAPACIDAD RESIDUAL DEL PROPONENTE (CRP)
A6: 1 | B6: JAIME ALBERTO ANGEL LONDOÑO | C6: 3.4215164e+08 | D6: 3.6824707e+09 | E6: HABILITADO
A7: 2 | B7: MARIA AMERICA GARCÍA PRIETO | C7: 3.4215164e+08 | E7: NO HABILITADO | F7: Debe subsanar aportando certificado de antecedentes disciplinarios vigentes de la contadora SONIA ARBELAEZ DE ARBELAEZTP 7663-T. Asi mismo debe subsanar aportando los siguientes formatos: 1) Formato contratos en ejecucion 2) Capacidad Tecnica 3)Formato de Experiencia (Valor total contratado en $COP) Lo anterior de conformidad al numeral 4.8 CAPACIDAD RESIDUAL DEL PROPONENTE, del pliego de condiciones definitivo.
A8: 3 | B8: INCORES CIVILES SAS | C8: 3.4215164e+08 | D8: 2.2427246e+10 | E8: HABILITADO
A9: 4 | B9: SANCAR INGENIEROS SAS | C9: 3.4215164e+08 | D9: 1150522065 | E9: HABILITADO
A10: 5 | B10: MARLON SALAZAR ARBOLEDA | C10: 3.4215164e+08 | D10: 9.5820857e+08 | E10: HABILITADO
A11: 6 | B11: CONSORCIO INGENIERÍA HORIZONTAL 2025 | C11: 3.4215164e+08 | D11: 3.6641222e+09 | E11: HABILITADO
A12: 7 | B12: CONSORCIO JACA 2024 | C12: 3.4215164e+08 | D12: 5.5567149e+09 | E12: HABILITADO
A13: 8 | B13: JORGE VARGAS OROZCO | C13: 3.4215164e+08 | D13: 1.7509961e+09 | E13: HABILITADO

Sheet Ofertas
B1: INFORME PRELIMINAR DE OFERTA PROCESO CONTRACTUAL: SELECCIÓN ABREVIADA DE MENOR CUANTÍA No. SAMC-038 DE 2024
A2: LISTA DE OFERTAS
A3: ITEMS | B3: Oferente | D3: valor presupuesto oficial | E3: Valor oferta económica
A4: 1 | B4: JAIME ALBERTO ANGEL LONDOÑO | D4: 3.4215164e+08 | E4: 3.1734572e+08
A5: 2 | B5: MARIA AMERICA GARCIA PRIETO | E5: 3.2689176e+08
A6: 3 | B6: INCORES CIVILES SAS | E6: 3.2360446e+08
A7: 4 | B7: SANCAR INGENIEROS SAS | E7: 3.2354458e+08
A8: 5 | B8: MARLON SALAZAR ARBOLEDA | E8: =[2]CONSOLIDADO!O8 -> 324885489
A9: 6 | B9: CONSORCIO INGENIERIA HORIZONTAL 2025 | E9: 3.1790327e+08
A10: 7 | B10: CONSORCIO JACA 2024 | E10: 3.2100806e+08
A11: 8 | B11: JORGE VARGAS OROZCO | E11: =[2]CONSOLIDADO!O11 -> 3.2541368e+08

Sheet E. TECNICA P1
D1: EVALUACION TECNICA
D2: SAMC 038 DE 2024 - MANTENIMIENTO Y/O MEJORAMIENTO DE LA INSTITUCIÓN EDUCATIVA INSTITUTO MONTENEGRO Y LA INSTITUCIÓN EDUCATIVA GENERAL SANTANDER EN SU SEDE PRINCIPAL, SEDE LA ISABELA Y SEDE OBANDO.
W5: CRITERIO | X5: PERSONA
W6: CUMPLE | X6: NATURAL
W7: NO CUMPLE | X7: JURIDICA
A8: CRITERIOS GENERALES | K8: VALORES OFICIALES
A9: PROPONENTE : | C9: NOMBRE | E9: JAIME ALBERTO ANGEL LONDOÑO | K9: PRESUPUESTO OFICIAL | Q9: 3.4215164e+08 | U9: CUMPLE | W9: CUMPLE | X9: NATURAL
C10: P. NATURAL | E10: P. JURIDICA | G10: PROP. PLURAL | K10: SMMLV 2024 | Q10: 1300000 | U10: NO CUMPLE | W10: NO CUMPLE | X10: JURIDICA
C11: X | K11: PRES. OFICIAL EN SMMLV 2024 | Q11: =+Q9/Q10 -> 263.19357 | U11: NO APLICA
A12: INTEGRANTES: | C12: NO APLICA | K12: FECHA DE CIERRE | Q12: 45639 | W12: NOMBRE
A13: REPRESENTANTE LEGAL: | C13: NO APLICA | W13: =+A24 -> JAIME ALBERTO ANGEL LONDOÑO
A14: AVAL | C14: NO APLICA TODA VEZ QUE EL REPRESENTANTE LEGAL CUMPLE CON LA PROFESIÓN DE INGENIERO CIVIL Y/O ARQUITECTO
A15: COPIA TARJETA PROFESIONAL: | C15: CUMPLE
A16: MATRICULA VIGENTE: | C16: CUMPLE
A17: EXPERIENCIA GENERAL : P NATURAL .Para el caso de la experiencia general para las personas naturales plenamente capaces deberán acreditar el título profesional de INGENIERÍA CIVIL, Y/O ARQUITECTO, con experiencia profesional de DOS (2) AÑOS contada a partir de la expedición de la tarjeta y/o matrícula profesional del respectivo profesional, copia de la matrícula profesional y certificado de vigencia expedida por la autoridad competente máxima de SEIS (06) MESES, contados a partir de la fecha de cierre del presente proceso de selección. P JURIDICA Para el caso de experiencia general de las personas jurídica la experiencia general será de DOS (02) AÑOS, la cual se contará a partir de la fecha de constitución registrada en el Certificado de Existencia y Representación Legal expedido por la Cámara de Comercio y que dentro de su actividad social y comercial comprenda ACTIVIDADES RELACIONADAS CON LA CONSTRUCCIÓN DE INFRAESTRUCTURA Y/O DE OBRAS CIVILES. Tratándose de personas jurídicas, el representante legal o quien avala su oferta, deberá acreditar ser profesional en INGENIERÍA CIVIL, Y/O ARQUITECTURA, con experiencia profesional de DOS (2) AÑOS contada a partir de la expedición de la tarjeta y/o matrícula profesional del respectivo profesional, copia de la matrícula profesional y certificado de vigencia expedida por la autoridad competente máxima de SEIS (06) MESES, contados a partir de la fecha de cierre del presente proceso de selección. P PLURAL Para el caso de Consorcios y/o Uniones temporales, si uno o varios de los integrantes son personas naturales, estos deberán de acreditar título profesional de INGENIERÍA CIVIL, Y/O ARQUITECTO , con experiencia profesional de DOS (2) AÑOS contada a partir de la expedición de la tarjeta y/o matricula profesional del respectivo profesional, copia de la matricula profesional y certificado de vigencia expedida por la autoridad competente máxima de SEIS (06) MESES, contados a partir de la fecha de cierre del presente proceso de selección. Para el caso de Consorcios y/o Uniones temporales, si uno o varios de los integrantes son personas jurídicas deberá acreditar como mínimo DOS (02) AÑOS de constitución y deberá de cumplir con los mismos requisitos señalados en el literal denominado “Experiencia general para personas jurídicas”. Para el caso de CONSORCIOS Y/O UNIONES TEMPORALES, al menos uno de los integrantes deberá acreditar como mínimo DOS (02) AÑOS de experiencia general, sin embargo, deberá de verificar los anteriores numerales para efectos de determinar cómo acreditará la condición de experiencia general (Experiencia general para personas jurídicas y Experiencia general y/o profesional para personas naturales). | W17: =+A25 -> 0
A18: P. JURÍDICA | C18: N/A | G18: AÑOS | H18: CUMPLE
A19: P. NATURAL/ REP. LEGAL/AVAL | C19: =2024-2005 -> 19 | G19: AÑOS | H19: CUMPLE | W19: =+A26 -> 0
A20: COPIA TARJETA PROFESIONAL: | C20: CUMPLE | W20: =+A27 -> 0
A21: MATRICULA VIGENTE: | C21: CUMPLE
A22: CERTIFICADO DE VIGENCIA PROFESIONAL | C22: CUMPLE
A23: NOMBRE | D23: PROPONENTE | E23: % PARTICIPACION | G23: CEDULA - CERTIFICADO | H23: MATRICULA - OBJETO SOCIAL | I23: AÑOS DE EXPERIENCIA
A24: JAIME ALBERTO ANGEL LONDOÑO | D24: NATURAL | E24: 1 | G24: CUMPLE | H24: CUMPLE | I24: CUMPLE | W24: CONTRATO 1 | Z24: CUMPLE - FORMATO 7B
W25: CONTRATO 2 | Z25: NO CUMPLE - FORMATO 7B | AP25: j
W26: CONTRATO 3
W27: CONTRATO 4
W28: CONTRATO 5
A30: EXPERIENCIA ESPECIFICA: El proponente deberá acreditar en máximo tres (03) contratos de obra, cuyo objeto o alcance del objeto, tenga relación con la “CONSTRUCCIÓN Y/O RECONSTRUCCIÓN Y/O AMPLIACIÓN Y/O TERMINACIÓN Y/O REHABILITACIÓN Y/O ADECUACIÓN Y/O MEJORAMIENTO Y/O MANTENIMIENTO DE INFRAESTRUCTURAS EDUCATIVAS cuya sumatoria sea mayor o igual al cien por ciento (100%) del valor del presente proceso de selección en Salarios Mínimos Mensuales Legales Vigentes para el presente año, es decir, 263,19 SMMLV. Todas las certificaciones aportadas para acreditar la experiencia requerida deberán estar debidamente registradas en el RUP y clasificadas en uno de los siguientes códigos: CÓDIGO UNSPSC SEGMENTO FAMILIA CLASE NOMBRE DEL PRODUCTO 72 10 15 00 Servicios de apoyo para la construcción 72 10 33 00 Servicio de mantenimiento y reparación de Infraestructura 95 12 19 00 Edificios y estructuras educacionales y de administración | W30: CONTRATO 6
A31: VALIDACION EXPERIENCIA ESPECIFICA | W31: SUBCONTRATO 1
A32: INFORMACION BASE | E32: CONTRATO 1 | W32: SUBCONTRATO 2
A33: INTEGRANTE QUE APORTA EXPERIENCIA | E33: JAIME ALBERTO ANGEL LONDOÑO | Q33: CUMPLE
A34: OBJETO Y/O ALCANCE | E34: OBRA CIVIL PARA LA CONSTRUCCION DE LAS PLANTAS PILOTO DE ALIMENTOS DE LA UNIVERSIDAD DEL QUINDIO | W34: SUBCONTRATO 3
A35: CUMPLE/ NO CUMPLE | E35: CUMPLE
A36: % PARTICIPACION EN EL CONTRATO | E36: 0.7 | W36: SUBCONTRATO 4
A37: EQUIVALENCIA DE EXPERIENCIA | E37: 0.7
A38: VALOR DEL CONTRATO ($) | E38: 3.3709987e+09 | W38: SUBCONTRATO 5
A39: AÑO DE TERMINACION | E39: 2020 | W39: SUBCONTRATO 6
A40: VALOR DEL SMMLV EN EL AÑO DE TERMINACION | E40: =+IF(ISNUMBER(E39),LOOKUP(E39,$AB$64:$AB$111,$AC$64:$AC$111),"") -> 877803
A41: VALOR DEL CONTRATO EN SMMLV | E41: =+IF(ISBLANK(E39),0,E38/E40)-0.01 -> 3840.2579 | W41: CRITERIO FINAL
A42: VALOR DEL CONTRATO EN SMMLV AFECTADO POR %PARTICIPACION | E42: =E41*E37 -> 2688.1805 | W42: CRITERIO FINAL
A43: CONSECUTIVO RUP | E43: 13
A44: VALOR EN SMMLV RUP | E44: 3840.26 | V44: =+IF(#REF!="CUMPLE",1,"NC") -> #REF! | W44: =+IF(#REF!="CUMPLE",1,0) -> #REF! | X44: =+IF(V44=W44,1,0) -> #REF! | Z44: CR 1 | AA44: =+IF(#REF!>#REF!,"CUMPLE"," NO CUMPLE ") -> #REF! | AD44: =+IF(#REF!>#REF!,"CUMPLE"," NO CUMPLE ") -> #REF! | AG44: =+IF(#REF!>#REF!,"CUMPLE"," NO CUMPLE ") -> #REF! | AJ44: =+IF(#REF!>#REF!,"CUMPLE"," NO CUMPLE ") -> #REF! | AM44: =+IF(#REF!>#REF!,"CUMPLE"," NO CUMPLE ") -> #REF!
A45: VALOR DEL CONTRATO EN SMMLV RUP AFECTADO POR %PARTICIPACION | E45: =E44*E37 -> 2688.182 | W45: CRITERIO FINAL
A46: VALOR CERTIFICADO ≥263,19 SMMLV | E46: CUMPLE
A47: CLASIFICACION UNSPSC | C47: 72101500 | E47: CUMPLE | V47: =+IF(#REF!="CUMPLE",1,0) -> #REF!
C48: 72103300
C49: 95121900 | V49: C. VAL | W49: CONEXIONES REQ | X49: FINAL | AA49: FINAL
A50: CUMPLE/ NO CUMPLE | E50: CUMPLE
A51: CAPACIDAD OPERATIVA | W51: 6 | X51: 1.5 | Z51: C5 | AA51: =+IF(#REF!="CUMPLE",1,0) -> #REF!
A52: RESIDENTE DE OBRA | W52: 6 | X52: 1.5 | Z52: C5 | AA52: =+IF(#REF!="CUMPLE",1,0) -> #REF!
A53: NOMBRE | E53: JAIME ALBERTO ANGEL LONDOÑO | Q53: CUMPLE | Z53: C6 | AA53: =+IF(#REF!="CUMPLE",1,0) -> #REF!
A54: PROFESION Profesional en Ingeniería Civil o Arquitectura. AÑOS DE EXPERIENCIA GENERAL: 3 AÑOS | E54: CUMPLE
A55: FOTOCOPIA DE LA CEDULA | E55: CUMPLE | V55: C. VAL | W55: LONG REQ | X55: FINAL | Z55: TOTAL | AA55: =SUM(AA51:AB53) -> #REF!
A56: FOTOCOPIA DE MATRICULA Y COPNIA | E56: CUMPLE | V56: =+IF(#REF!="CUMPLE",1,"NC") -> #REF! | W56: =+IF(#REF!="CUMPLE",1,0) -> #REF! | X56: =+IF(V56=W56,1,0) -> #REF!
A57: CARTA DE INTENCION | E57: CUMPLE
A58: EXPERIENCIA: El profesional propuesto para el cargo deberá acreditar experiencia de haber participado o prestado sus servicios como Residente de Obra y/o Residente de Interventoría y/o Contratista y/o Director de Obra y/o Director de Interventoría, en mínimo dos (02) contratos cuyo objeto y/o alcances se relacione con “CONSTRUCCIÓN Y/O RECONSTRUCCIÓN Y/O AMPLIACIÓN Y/O TERMINACIÓN Y/O REHABILITACIÓN Y/O ADECUACIÓN Y/O MEJORAMIENTO Y/O MANTENIMIENTO DE INFRAESTRUCTURAS EDUCATIVAS”.
A59: CONTRATOS | E59: CONTRATO 1 | H59: CONTRATO 2 | Q59: OBSERVACIONES
A60: CONTRATANTE | E60: UNIVERSIDAD DEL QUINDIO | H60: ALCALDIA MUNICIPAL LA TEBAIDA | Q60: CUMPLE
A61: OBJETO | E61: OBRAA CIVIL PARA LA CONSTRUCCION DE LAS PLANTAS PILOTO DE ALIMENTOS DE LA UNIVERSIDAD DEL QUINDIO | H61: MEJORAMIENTO LA FACHADA DE LA INSTITUCION EDUCATIVA LUIS ARANGO CARDONA EN CUMPLIMIENTO DEL PLAN DE DESARROLLO MUNICIPAL LA TEBAIDA DIFERENTE 2020-2023
A62: CARGO | E62: CONTRATISTA | H62: CONTRATISTA
A63: EXPERIENCIA VALIDA | E63: CUMPLE | H63: CUMPLE
W64: =+IF(#REF!="CUMPLE",1,"NC") -> #REF! | X64: =IF(ISNUMBER(#REF!),#REF!,"") | Y64: =+IF(W64=1,X64,"") -> #REF!
A65: PERSONAL MÍNIMO REQUERIDO RESTANTE
A66: DESCRIPCIÓN | E66: CUMPLE/NO CUMPLE | H66: OBSERVACION
A67: Carta de compromiso bajo la gravedad de juramento en la que manifieste que contará con el equipo de trabajo durante la ejecución del contrato, en todo caso, los requisitos individuales del equipo de trabajo solo será verificado al contratista por parte de quien ejerza control, vigilancia y seguimiento al contrato. | E67: CUMPLE | H67: Proponente adjunta carta de compromiso donde manifiesta bajo gravedad de juramento que de ser adjudicado el proceso de la referencia, se compromete a vincular la totalidad del personal mínimo requerido para el normal desarrollo y/o ejecución del contrato.
B69: OBSERVACIONES | W69: =+LOOKUP(Y69,#REF!,#REF!) -> #REF! | Y69: Promoción de Servicios Nacionales o con Trato Nacional
B71: PROPONENTE: | E71: =E9 -> JAIME ALBERTO ANGEL LONDOÑO
B72: EXPERIENCIA GENERAL | E72: CUMPLE
B73: EXPERIENCIA ESPECIFICA | E73: CUMPLE | AB73: 1988 | AC73: 25637
AB74: 1989 | AC74: 32560
B75: CAPACIDAD OPERATIVA | E75: CUMPLE | AB75: 1989 | AC75: 32560
AB76: 1990 | AC76: 41025
AB77: 1991 | AC77: 51720
AB78: 1992 | AC78: 65190
AB79: 1993 | AC79: 81510
AB80: 1994 | AC80: 98700
AB81: 1995 | AC81: 118934
AB82: 1996 | AC82: 142125
AB83: 1997 | AC83: 172005
AB84: 1998 | AC84: 203826
AB85: 1999 | AC85: 236460
AB86: 2000 | AC86: 260100
AB87: 2001 | AC87: 286000
... AB111: 2024 | AC111: 1300000

Sheet E. TECNICA P2
D1: EVALUACION TECNICA
D2: SAMC 038 DE 2024 - MANTENIMIENTO Y/O MEJORAMIENTO DE LA INSTITUCIÓN EDUCATIVA INSTITUTO MONTENEGRO Y LA INSTITUCIÓN EDUCATIVA GENERAL SANTANDER EN SU SEDE PRINCIPAL, SEDE LA ISABELA Y SEDE OBANDO.
W5: CRITERIO | X5: PERSONA
W6: CUMPLE | X6: NATURAL
W7: NO CUMPLE | X7: JURIDICA
A8: CRITERIOS GENERALES | K8: VALORES OFICIALES
A9: PROPONENTE : | C9: NOMBRE | E9: MARIA AMERICA GARCIA PRIETO | K9: PRESUPUESTO OFICIAL | Q9: 3.4215164e+08 | U9: CUMPLE | W9: CUMPLE | X9: NATURAL
C10: P. NATURAL | E10: P. JURIDICA | G10: PROP. PLURAL | K10: SMMLV 2024 | Q10: 1300000 | U10: NO CUMPLE | W10: NO CUMPLE | X10: JURIDICA
C11: X | K11: PRES. OFICIAL EN SMMLV 2024 | Q11: =+Q9/Q10 -> 263.19357 | U11: NO APLICA
A12: INTEGRANTES: | C12: NO APLICA | K12: FECHA DE CIERRE | Q12: 45639 | W12: NOMBRE
A13: REPRESENTANTE LEGAL: | C13: NO APLICA | W13: =+A24 -> MARIA AMERICA GARCIA PRIETO
A14: AVAL | C14: NO APLICA TODA VEZ QUE EL REPRESENTANTE LEGAL CUMPLE CON LA PROFESIÓN DE INGENIERO CIVIL Y/O ARQUITECTO
A15: COPIA TARJETA PROFESIONAL: | C15: CUMPLE
A16: MATRICULA VIGENTE: | C16: CUMPLE
A17: EXPERIENCIA GENERAL : P NATURAL .Para el caso de la experiencia general para las personas naturales plenamente capaces deberán acreditar el título profesional de INGENIERÍA CIVIL, Y/O ARQUITECTO, con experiencia profesional de DOS (2) AÑOS contada a partir de la expedición de la tarjeta y/o matrícula profesional del respectivo profesional, copia de la matrícula profesional y certificado de vigencia expedida por la autoridad competente máxima de SEIS (06) MESES, contados a partir de la fecha de cierre del presente proceso de selección. P JURIDICA Para el caso de experiencia general de las personas jurídica la experiencia general será de DOS (02) AÑOS, la cual se contará a partir de la fecha de constitución registrada en el Certificado de Existencia y Representación Legal expedido por la Cámara de Comercio y que dentro de su actividad social y comercial comprenda ACTIVIDADES RELACIONADAS CON LA CONSTRUCCIÓN DE INFRAESTRUCTURA Y/O DE OBRAS CIVILES. Tratándose de personas jurídicas, el representante legal o quien avala su oferta, deberá acreditar ser profesional en INGENIERÍA CIVIL, Y/O ARQUITECTURA, con experiencia profesional de DOS (2) AÑOS contada a partir de la expedición de la tarjeta y/o matrícula profesional del respectivo profesional, copia de la matrícula profesional y certificado de vigencia expedida por la autoridad competente máxima de SEIS (06) MESES, contados a partir de la fecha de cierre del presente proceso de selección. P PLURAL Para el caso de Consorcios y/o Uniones temporales, si uno o varios de los integrantes son personas naturales, estos deberán de acreditar título profesional de INGENIERÍA CIVIL, Y/O ARQUITECTO , con experiencia profesional de DOS (2) AÑOS contada a partir de la expedición de la tarjeta y/o matricula profesional del respectivo profesional, copia de la matricula profesional y certificado de vigencia expedida por la autoridad competente máxima de SEIS (06) MESES, contados a partir de la fecha de cierre del presente proceso de selección. Para el caso de Consorcios y/o Uniones temporales, si uno o varios de los integrantes son personas jurídicas deberá acreditar como mínimo DOS (02) AÑOS de constitución y deberá de cumplir con los mismos requisitos señalados en el literal denominado “Experiencia general para personas jurídicas”. Para el caso de CONSORCIOS Y/O UNIONES TEMPORALES, al menos uno de los integrantes deberá acreditar como mínimo DOS (02) AÑOS de experiencia general, sin embargo, deberá de verificar los anteriores numerales para efectos de determinar cómo acreditará la condición de experiencia general (Experiencia general para personas jurídicas y Experiencia general y/o profesional para personas naturales). | W17: =+A25 -> 0
A18: P. JURÍDICA | C18: N/A | G18: AÑOS | H18: CUMPLE
A19: P. NATURAL/ REP. LEGAL/AVAL | C19: =2024-1986 -> 38 | G19: AÑOS | H19: CUMPLE | W19: =+A26 -> 0
A20: COPIA TARJETA PROFESIONAL: | C20: CUMPLE | W20: =+A27 -> 0
A21: MATRICULA VIGENTE: | C21: CUMPLE
A22: CERTIFICADO DE VIGENCIA PROFESIONAL | C22: CUMPLE
A23: NOMBRE | D23: PROPONENTE | E23: % PARTICIPACION | G23: CEDULA - CERTIFICADO | H23: MATRICULA - OBJETO SOCIAL | I23: AÑOS DE EXPERIENCIA
A24: MARIA AMERICA GARCIA PRIETO | D24: NATURAL | E24: 1 | G24: CUMPLE | H24: CUMPLE | I24: CUMPLE | W24: CONTRATO 1 | Z24: CUMPLE - FORMATO 7B
W25: CONTRATO 2 | Z25: NO CUMPLE - FORMATO 7B | AP25: j
W26: CONTRATO 3
W27: CONTRATO 4
W28: CONTRATO 5
A30: EXPERIENCIA ESPECIFICA: El proponente deberá acreditar en máximo tres (03) contratos de obra, cuyo objeto o alcance del objeto, tenga relación con la “CONSTRUCCIÓN Y/O RECONSTRUCCIÓN Y/O AMPLIACIÓN Y/O TERMINACIÓN Y/O REHABILITACIÓN Y/O ADECUACIÓN Y/O MEJORAMIENTO Y/O MANTENIMIENTO DE INFRAESTRUCTURAS EDUCATIVAS cuya sumatoria sea mayor o igual al cien por ciento (100%) del valor del presente proceso de selección en Salarios Mínimos Mensuales Legales Vigentes para el presente año, es decir, 263,19 SMMLV. Todas las certificaciones aportadas para acreditar la experiencia requerida deberán estar debidamente registradas en el RUP y clasificadas en uno de los siguientes códigos: CÓDIGO UNSPSC SEGMENTO FAMILIA CLASE NOMBRE DEL PRODUCTO 72 10 15 00 Servicios de apoyo para la construcción 72 10 33 00 Servicio de mantenimiento y reparación de Infraestructura 95 12 19 00 Edificios y estructuras educacionales y de administración | W30: CONTRATO 6
A31: VALIDACION EXPERIENCIA ESPECIFICA | W31: SUBCONTRATO 1
A32: INFORMACION BASE | E32: CONTRATO 1 | W32: SUBCONTRATO 2
A33: INTEGRANTE QUE APORTA EXPERIENCIA | E33: MARIA AMERICA GARCIA PRIETO | Q33: CUMPLE
A34: OBJETO Y/O ALCANCE | E34: RECONSTRUCCION CON ADECUACION A LANSR-98 DE LAS ESCUELAS LUISGRANADA MEJIA, LA PRADERA NARAJAL, SAGRADA FAMILIA Y LA PALMITA SECTOR RURAL DE LOS MPIOS DE PIJAO, ARMENIA, QUIMBAYA Y LA TEBAIDA | W34: SUBCONTRATO 3
A35: CUMPLE/ NO CUMPLE | E35: CUMPLE
A36: % PARTICIPACION EN EL CONTRATO | E36: 1 | W36: SUBCONTRATO 4
A37: EQUIVALENCIA DE EXPERIENCIA | E37: 1
A38: VALOR DEL CONTRATO ($) | E38: 476621860 | W38: SUBCONTRATO 5
A39: AÑO DE TERMINACION | E39: 2001 | W39: SUBCONTRATO 6
A40: VALOR DEL SMMLV EN EL AÑO DE TERMINACION | E40: =+IF(ISNUMBER(E39),LOOKUP(E39,$AB$64:$AB$111,$AC$64:$AC$111),"") -> 286000
A41: VALOR DEL CONTRATO EN SMMLV | E41: =+IF(ISBLANK(E39),0,E38/E40)-0.01 -> 1666.5 | W41: CRITERIO FINAL
A42: VALOR DEL CONTRATO EN SMMLV AFECTADO POR %PARTICIPACION | E42: =E41*E37 -> 1666.5 | W42: CRITERIO FINAL
A43: CONSECUTIVO RUP | E43: 42
A44: VALOR EN SMMLV RUP | E44: 1666.51 | V44: =+IF(#REF!="CUMPLE",1,"NC") -> #REF! | W44: =+IF(#REF!="CUMPLE",1,0) -> #REF! | X44: =+IF(V44=W44,1,0) -> #REF! | Z44: CR 1 | AA44: =+IF(#REF!>#REF!,"CUMPLE"," NO CUMPLE ") -> #REF! | AD44: =+IF(#REF!>#REF!,"CUMPLE"," NO CUMPLE ") -> #REF! | AG44: =+IF(#REF!>#REF!,"CUMPLE"," NO CUMPLE ") -> #REF! | AJ44: =+IF(#REF!>#REF!,"CUMPLE"," NO CUMPLE ") -> #REF! | AM44: =+IF(#REF!>#REF!,"CUMPLE"," NO CUMPLE ") -> #REF!
A45: VALOR DEL CONTRATO EN SMMLV RUP AFECTADO POR %PARTICIPACION | E45: =E44*E37 -> 1666.51 | W45: CRITERIO FINAL
A46: VALOR CERTIFICADO ≥263,19 SMMLV | E46: CUMPLE
A47: CLASIFICACION UNSPSC | C47: 72101500 | E47: CUMPLE | V47: =+IF(#REF!="CUMPLE",1,0) -> #REF!
C48: 72103300
C49: 95121900 | V49: C. VAL | W49: CONEXIONES REQ | X49: FINAL | AA49: FINAL
A50: CUMPLE/ NO CUMPLE | E50: CUMPLE
A51: CAPACIDAD OPERATIVA | W51: 6 | X51: 1.5 | Z51: C5 | AA51: =+IF(#REF!="CUMPLE",1,0) -> #REF!
A52: RESIDENTE DE OBRA | W52: 6 | X52: 1.5 | Z52: C5 | AA52: =+IF(#REF!="CUMPLE",1,0) -> #REF!
A53: NOMBRE | E53: MARIA AMERICA GARCIA PRIETO | Q53: CUMPLE | Z53: C6 | AA53: =+IF(#REF!="CUMPLE",1,0) -> #REF!
A54: PROFESION Profesional en Ingeniería Civil o Arquitectura. AÑOS DE EXPERIENCIA GENERAL: 3 AÑOS | E54: CUMPLE
A55: FOTOCOPIA DE LA CEDULA | E55: CUMPLE | V55: C. VAL | W55: LONG REQ | X55: FINAL | Z55: TOTAL | AA55: =SUM(AA51:AB53) -> #REF!
A56: FOTOCOPIA DE MATRICULA Y COPNIA | E56: CUMPLE | V56: =+IF(#REF!="CUMPLE",1,"NC") -> #REF! | W56: =+IF(#REF!="CUMPLE",1,0) -> #REF! | X56: =+IF(V56=W56,1,0) -> #REF!
A57: CARTA DE INTENCION | E57: CUMPLE
A58: EXPERIENCIA: El profesional propuesto para el cargo deberá acreditar experiencia de haber participado o prestado sus servicios como Residente de Obra y/o Residente de Interventoría y/o Contratista y/o Director de Obra y/o Director de Interventoría, en mínimo dos (02) contratos cuyo objeto y/o alcances se relacione con “CONSTRUCCIÓN Y/O RECONSTRUCCIÓN Y/O AMPLIACIÓN Y/O TERMINACIÓN Y/O REHABILITACIÓN Y/O ADECUACIÓN Y/O MEJORAMIENTO Y/O MANTENIMIENTO DE INFRAESTRUCTURAS EDUCATIVAS”.
A59: CONTRATOS | E59: CONTRATO 1 | H59: CONTRATO 2 | K59: CONTRATO 3 | Q59: OBSERVACIONES
A60: CONTRATANTE | E60: FEDERACION NACIONAL DE CAFETEROS DE COLOMBIA | H60: ALCALDIA MUNICIPAL DE CALARCA | K60: FEDERACION NACIONAL DE CAFETEROS DE COLOMBIA | Q60: CUMPLE
A61: OBJETO | E61: CONSTRCUCCION DE LA ESCUELA SAN JUAN DE CAROLINA | H61: REFORZAMIENTO ESTRUCTURAL DE LOS BLOQUES ADMINISTRATIVO, CAFETERIA, SALA DE PROFESORES, LABORATORIO Y AREAS DE CIRCULACION DE LA INSTITUCION EDUCATIVAINSTITUTO CALARCA. | K61: RECONSTRUCCION CON ADECUACION A LA NSR-98 DE LAS ESCUELAS LUIS GRANADA MEJIA, LA PRADERA, NARANJAL, SAGRADA FAMILIA Y LA PLAMITA
A62: CARGO | E62: CONTRATISTA | H62: CONTRATISTA | K62: CONTRATISTA
A63: EXPERIENCIA VALIDA | E63: CUMPLE | H63: CUMPLE | K63: CUMPLE
W64: =+IF(#REF!="CUMPLE",1,"NC") -> #REF! | X64: =IF(ISNUMBER(#REF!),#REF!,"") | Y64: =+IF(W64=1,X64,"") -> #REF!
A65: PERSONAL MÍNIMO REQUERIDO RESTANTE
A66: DESCRIPCIÓN | E66: CUMPLE/NO CUMPLE | H66: OBSERVACION
A67: Carta de compromiso bajo la gravedad de juramento en la que manifieste que contará con el equipo de trabajo durante la ejecución del contrato, en todo caso, los requisitos individuales del equipo de trabajo solo será verificado al contratista por parte de quien ejerza control, vigilancia y seguimiento al contrato. | E67: CUMPLE | H67: Proponente adjunta carta de compromiso donde manifiesta bajo gravedad de juramento que de ser adjudicado el proceso de la referencia, se compromete a vincular la totalidad del personal mínimo requerido para el normal desarrollo y/o ejecución del contrato.
B69: OBSERVACIONES | W69: =+LOOKUP(Y69,#REF!,#REF!) -> #REF! | Y69: Promoción de Servicios Nacionales o con Trato Nacional
B71: PROPONENTE: | E71: =E9 -> MARIA AMERICA GARCIA PRIETO
B72: EXPERIENCIA GENERAL | E72: CUMPLE
B73: EXPERIENCIA ESPECIFICA | E73: CUMPLE | AB73: 1988 | AC73: 25637
AB74: 1989 | AC74: 32560
B75: CAPACIDAD OPERATIVA | E75: CUMPLE | AB75: 1989 | AC75: 32560
AB76: 1990 | AC76: 41025
AB77: 1991 | AC77: 51720
AB78: 1992 | AC78: 65190
AB79: 1993 | AC79: 81510
AB80: 1994 | AC80: 98700
AB81: 1995 | AC81: 118934
AB82: 1996 | AC82: 142125
AB83: 1997 | AC83: 172005
AB84: 1998 | AC84: 203826
AB85: 1999 | AC85: 236460
AB86: 2000 | AC86: 260100
AB87: 2001 | AC87: 286000
... AB111: 2024 | AC111: 1300000

Sheet E. TECNICA P3
D1: EVALUACION TECNICA
D2: SAMC 038 DE 2024 - MANTENIMIENTO Y/O MEJORAMIENTO DE LA INSTITUCIÓN EDUCATIVA INSTITUTO MONTENEGRO Y LA INSTITUCIÓN EDUCATIVA GENERAL SANTANDER EN SU SEDE PRINCIPAL, SEDE LA ISABELA Y SEDE OBANDO.
W5: CRITERIO | X5: PERSONA
W6: CUMPLE | X6: NATURAL
W7: NO CUMPLE | X7: JURIDICA
A8: CRITERIOS GENERALES | K8: VALORES OFICIALES
A9: PROPONENTE : | C9: NOMBRE | E9: INCORES CIVILES S.A.S | K9: PRESUPUESTO OFICIAL | Q9: 3.4215164e+08 | U9: CUMPLE | W9: CUMPLE | X9: NATURAL
C10: P. NATURAL | E10: P. JURIDICA | G10: PROP. PLURAL | K10: SMMLV 2024 | Q10: 1300000 | U10: NO CUMPLE | W10: NO CUMPLE | X10: JURIDICA
E11: X | K11: PRES. OFICIAL EN SMMLV 2024 | Q11: =+Q9/Q10 -> 263.19357 | U11: NO APLICA
A12: INTEGRANTES: | C12: LUISA FERNANDA TORRES GARCIA | K12: FECHA DE CIERRE | Q12: 45639 | W12: NOMBRE
A13: REPRESENTANTE LEGAL: | C13: LUISA FERNANDA TORRES GARCIA | W13: =+A24 -> INCORES CIVILES S.A.S
A14: AVAL | C14: FIRMO CARTA DE DE PRESENTACION DE OFERTA
A15: COPIA TARJETA PROFESIONAL: | C15: CUMPLE
A16: MATRICULA VIGENTE: | C16: CUMPLE
A17: EXPERIENCIA GENERAL : P NATURAL .Para el caso de la experiencia general para las personas naturales plenamente capaces deberán acreditar el título profesional de INGENIERÍA CIVIL, Y/O ARQUITECTO, con experiencia profesional de DOS (2) AÑOS contada a partir de la expedición de la tarjeta y/o matrícula profesional del respectivo profesional, copia de la matrícula profesional y certificado de vigencia expedida por la autoridad competente máxima de SEIS (06) MESES, contados a partir de la fecha de cierre del presente proceso de selección. P JURIDICA Para el caso de experiencia general de las personas jurídica la experiencia general será de DOS (02) AÑOS, la cual se contará a partir de la fecha de constitución registrada en el Certificado de Existencia y Representación Legal expedido por la Cámara de Comercio y que dentro de su actividad social y comercial comprenda ACTIVIDADES RELACIONADAS CON LA CONSTRUCCIÓN DE INFRAESTRUCTURA Y/O DE OBRAS CIVILES. Tratándose de personas jurídicas, el representante legal o quien avala su oferta, deberá acreditar ser profesional en INGENIERÍA CIVIL, Y/O ARQUITECTURA, con experiencia profesional de DOS (2) AÑOS contada a partir de la expedición de la tarjeta y/o matrícula profesional del respectivo profesional, copia de la matrícula profesional y certificado de vigencia expedida por la autoridad competente máxima de SEIS (06) MESES, contados a partir de la fecha de cierre del presente proceso de selección. P PLURAL Para el caso de Consorcios y/o Uniones temporales, si uno o varios de los integrantes son personas naturales, estos deberán de acreditar título profesional de INGENIERÍA CIVIL, Y/O ARQUITECTO , con experiencia profesional de DOS (2) AÑOS contada a partir de la expedición de la tarjeta y/o matricula profesional del respectivo profesional, copia de la matricula profesional y certificado de vigencia expedida por la autoridad competente máxima de SEIS (06) MESES, contados a partir de la fecha de cierre del presente proceso de selección. Para el caso de Consorcios y/o Uniones temporales, si uno o varios de los integrantes son personas jurídicas deberá acreditar como mínimo DOS (02) AÑOS de constitución y deberá de cumplir con los mismos requisitos señalados en el literal denominado “Experiencia general para personas jurídicas”. Para el caso de CONSORCIOS Y/O UNIONES TEMPORALES, al menos uno de los integrantes deberá acreditar como mínimo DOS (02) AÑOS de experiencia general, sin embargo, deberá de verificar los anteriores numerales para efectos de determinar cómo acreditará la condición de experiencia general (Experiencia general para personas jurídicas y Experiencia general y/o profesional para personas naturales). | W17: =+A25 -> 0
A18: P. JURÍDICA | C18: =2024-2019 -> 5 | G18: AÑOS | H18: CUMPLE
A19: P. NATURAL/ REP. LEGAL/AVAL | C19: 12 | G19: AÑOS | H19: CUMPLE | W19: =+A26 -> 0
A20: COPIA TARJETA PROFESIONAL: | C20: CUMPLE | W20: =+A27 -> 0
A21: MATRICULA VIGENTE: | C21: CUMPLE
A22: CERTIFICADO DE VIGENCIA PROFESIONAL | C22: CUMPLE
A23: NOMBRE | D23: PROPONENTE | E23: % PARTICIPACION | G23: CEDULA - CERTIFICADO | H23: MATRICULA - OBJETO SOCIAL | I23: AÑOS DE EXPERIENCIA
A24: INCORES CIVILES S.A.S | D24: JURIDICA | E24: 1 | G24: CUMPLE | H24: CUMPLE | I24: CUMPLE | W24: CONTRATO 1 | Z24: CUMPLE - FORMATO 7B
W25: CONTRATO 2 | Z25: NO CUMPLE - FORMATO 7B | AP25: j
W26: CONTRATO 3
W27: CONTRATO 4
W28: CONTRATO 5
A30: EXPERIENCIA ESPECIFICA: El proponente deberá acreditar en máximo tres (03) contratos de obra, cuyo objeto o alcance del objeto, tenga relación con la “CONSTRUCCIÓN Y/O RECONSTRUCCIÓN Y/O AMPLIACIÓN Y/O TERMINACIÓN Y/O REHABILITACIÓN Y/O ADECUACIÓN Y/O MEJORAMIENTO Y/O MANTENIMIENTO DE INFRAESTRUCTURAS EDUCATIVAS cuya sumatoria sea mayor o igual al cien por ciento (100%) del valor del presente proceso de selección en Salarios Mínimos Mensuales Legales Vigentes para el presente año, es decir, 263,19 SMMLV. Todas las certificaciones aportadas para acreditar la experiencia requerida deberán estar debidamente registradas en el RUP y clasificadas en uno de los siguientes códigos: CÓDIGO UNSPSC SEGMENTO FAMILIA CLASE NOMBRE DEL PRODUCTO 72 10 15 00 Servicios de apoyo para la construcción 72 10 33 00 Servicio de mantenimiento y reparación de Infraestructura 95 12 19 00 Edificios y estructuras educacionales y de administración | W30: CONTRATO 6
A31: VALIDACION EXPERIENCIA ESPECIFICA | W31: SUBCONTRATO 1
A32: INFORMACION BASE | E32: CONTRATO 1 | H32: CONTRATO 2 | K32: CONTRATO 3 | W32: SUBCONTRATO 2
A33: INTEGRANTE QUE APORTA EXPERIENCIA | E33: INCORES CIVILES S.A.S | H33: INCORES CIVILES S.A.S | K33: INCORES CIVILES S.A.S | Q33: CUMPLE
A34: OBJETO Y/O ALCANCE | E34: ADECUACION Y MANTENIMIENTO DE RESTAURANTES ESCOLARES EN DIFERENTES IE DEL MUNICIPIO DE ARMENIA | H34: CONSTRUCCION DEL RESTAURANTE ESCOLAR DE LA INSTITUCION EDUCATIVA HERMOGENES MAZA-CASD DE LA CIUDAD DE ARMENA | K34: CONSTRUCCION DE CUBIERTAS EN ESPACIOS DEPORTIVOS EN LAS INSTITUCIONES EDUCATIVAS OFICIALES DELK MUNICIPIO DE ARMENIA | W34: SUBCONTRATO 3
A35: CUMPLE/ NO CUMPLE | E35: CUMPLE | H35: CUMPLE | K35: CUMPLE
A36: % PARTICIPACION EN EL CONTRATO | E36: 0.7 | H36: 0.55 | K36: 0.7 | W36: SUBCONTRATO 4
A37: EQUIVALENCIA DE EXPERIENCIA | E37: 0.7 | H37: 0.55 | K37: 0.7
A38: VALOR DEL CONTRATO ($) | E38: 9.4511093e+08 | H38: 7.6309181e+08 | K38: 2.6737233e+09 | W38: SUBCONTRATO 5
A39: AÑO DE TERMINACION | E39: 2020 | H39: 2020 | K39: 2018 | W39: SUBCONTRATO 6
A40: VALOR DEL SMMLV EN EL AÑO DE TERMINACION | E40: =+IF(ISNUMBER(E39),LOOKUP(E39,$AB$64:$AB$111,$AC$64:$AC$111),"") -> 877803 | H40: =+IF(ISNUMBER(H39),LOOKUP(H39,$AB$64:$AB$111,$AC$64:$AC$111),"") -> 877803 | K40: =+IF(ISNUMBER(K39),LOOKUP(K39,$AB$64:$AB$111,$AC$64:$AC$111),"") -> 781242
A41: VALOR DEL CONTRATO EN SMMLV | E41: =+IF(ISBLANK(E39),0,E38/E40)-0.01 -> 1076.6677 | H41: =+IF(ISBLANK(H39),0,H38/H40)-0.01 -> 869.31013 | K41: =+IF(ISBLANK(K39),0,K38/K40)-0.01 -> 3422.3909 | W41: CRITERIO FINAL
A42: VALOR DEL CONTRATO EN SMMLV AFECTADO POR %PARTICIPACION | E42: =E41*E37 -> 753.6674 | H42: =H41*H37 -> 478.12057 | K42: =K41*K37 -> 2395.6736 | W42: CRITERIO FINAL
A43: CONSECUTIVO RUP | E43: 13 | H43: 138 | K43: 53
A44: VALOR EN SMMLV RUP | E44: 1076.68 | H44: 869.32 | K44: 869.32 | V44: =+IF(#REF!="CUMPLE",1,"NC") -> #REF! | W44: =+IF(#REF!="CUMPLE",1,0) -> #REF! | X44: =+IF(V44=W44,1,0) -> #REF! | Z44: CR 1 | AA44: =+IF(#REF!>#REF!,"CUMPLE"," NO CUMPLE ") -> #REF! | AD44: =+IF(#REF!>#REF!,"CUMPLE"," NO CUMPLE ") -> #REF! | AG44: =+IF(#REF!>#REF!,"CUMPLE"," NO CUMPLE ") -> #REF! | AJ44: =+IF(#REF!>#REF!,"CUMPLE"," NO CUMPLE ") -> #REF! | AM44: =+IF(#REF!>#REF!,"CUMPLE"," NO CUMPLE ") -> #REF!
A45: VALOR DEL CONTRATO EN SMMLV RUP AFECTADO POR %PARTICIPACION | E45: =E44*E37 -> 753.676 | H45: =H44*H37 -> 478.126 | K45: =K44*K37 -> 608.524 | W45: CRITERIO FINAL
A46: VALOR CERTIFICADO ≥263,19 SMMLV | E46: CUMPLE | H46: CUMPLE | K46: CUMPLE
A47: CLASIFICACION UNSPSC | C47: 72101500 | E47: CUMPLE | H47: CUMPLE | K47: CUMPLE | V47: =+IF(#REF!="CUMPLE",1,0) -> #REF!
C48: 72103300
C49: 95121900 | V49: C. VAL | W49: CONEXIONES REQ | X49: FINAL | AA49: FINAL
A50: CUMPLE/ NO CUMPLE | E50: CUMPLE | H50: CUMPLE | K50: CUMPLE
A51: CAPACIDAD OPERATIVA | W51: 6 | X51: 1.5 | Z51: C5 | AA51: =+IF(#REF!="CUMPLE",1,0) -> #REF!
A52: RESIDENTE DE OBRA | W52: 6 | X52: 1.5 | Z52: C5 | AA52: =+IF(#REF!="CUMPLE",1,0) -> #REF!
A53: NOMBRE | E53: EDWIN OSWALDO LEGUIZAMON OCHICA | Q53: CUMPLE | Z53: C6 | AA53: =+IF(#REF!="CUMPLE",1,0) -> #REF!
A54: PROFESION Profesional en Ingeniería Civil o Arquitectura. AÑOS DE EXPERIENCIA GENERAL: 3 AÑOS | E54: CUMPLE
A55: FOTOCOPIA DE LA CEDULA | E55: CUMPLE | V55: C. VAL | W55: LONG REQ | X55: FINAL | Z55: TOTAL | AA55: =SUM(AA51:AB53) -> #REF!
A56: FOTOCOPIA DE MATRICULA Y COPNIA | E56: CUMPLE | V56: =+IF(#REF!="CUMPLE",1,"NC") -> #REF! | W56: =+IF(#REF!="CUMPLE",1,0) -> #REF! | X56: =+IF(V56=W56,1,0) -> #REF!
A57: CARTA DE INTENCION | E57: CUMPLE
A58: EXPERIENCIA: El profesional propuesto para el cargo deberá acreditar experiencia de haber participado o prestado sus servicios como Residente de Obra y/o Residente de Interventoría y/o Contratista y/o Director de Obra y/o Director de Interventoría, en mínimo dos (02) contratos cuyo objeto y/o alcances se relacione con “CONSTRUCCIÓN Y/O RECONSTRUCCIÓN Y/O AMPLIACIÓN Y/O TERMINACIÓN Y/O REHABILITACIÓN Y/O ADECUACIÓN Y/O MEJORAMIENTO Y/O MANTENIMIENTO DE INFRAESTRUCTURAS EDUCATIVAS”.
A59: CONTRATOS | E59: CONTRATO 1 | H59: CONTRATO 2 | Q59: OBSERVACIONES
A60: CONTRATANTE | E60: ALCALDIA DE ARMENIA | H60: PROMOTORA DE VIVIENDA Y DESARROLLO DEL QUINDIO "PROVIQUINDIO" | Q60: CUMPLE
A61: OBJETO | E61: REPOTENCIACION ESTRUCUTRAL BLOQUE 2 DE LA I.E CIUDADELA DEL SUR DEL MUNCIPIO DE ARMENIA | H61: MEJORAMIENTO Y MANTENIMIENTO DE LA INSTITUCION EDUCATIVA RAFAEL URBE URIBE SEDE PRINCIPA E INSTITUCION EDUCATIVA JHON F KENNEDY SEDE PRINCIPAL DEL MUNICIPIO DE CALARCA
A62: CARGO | E62: CONTRATISTA | H62: CONTRATISTA
A63: EXPERIENCIA VALIDA | E63: CUMPLE | H63: CUMPLE
W64: =+IF(#REF!="CUMPLE",1,"NC") -> #REF! | X64: =IF(ISNUMBER(#REF!),#REF!,"") | Y64: =+IF(W64=1,X64,"") -> #REF!
A65: PERSONAL MÍNIMO REQUERIDO RESTANTE
A66: DESCRIPCIÓN | E66: CUMPLE/NO CUMPLE | H66: OBSERVACION
A67: Carta de compromiso bajo la gravedad de juramento en la que manifieste que contará con el equipo de trabajo durante la ejecución del contrato, en todo caso, los requisitos individuales del equipo de trabajo solo será verificado al contratista por parte de quien ejerza control, vigilancia y seguimiento al contrato. | E67: CUMPLE | H67: Proponente adjunta carta de compromiso donde manifiesta bajo gravedad de juramento que de ser adjudicado el proceso de la referencia, se compromete a vincular la totalidad del personal mínimo requerido para el normal desarrollo y/o ejecución del contrato.
B69: OBSERVACIONES | W69: =+LOOKUP(Y69,#REF!,#REF!) -> #REF! | Y69: Promoción de Servicios Nacionales o con Trato Nacional
B71: PROPONENTE: | E71: =E9 -> INCORES CIVILES S.A.S
B72: EXPERIENCIA GENERAL | E72: CUMPLE
B73: EXPERIENCIA ESPECIFICA | E73: CUMPLE | AB73: 1988 | AC73: 25637
AB74: 1989 | AC74: 32560
B75: CAPACIDAD OPERATIVA | E75: CUMPLE | AB75: 1989 | AC75: 32560
AB76: 1990 | AC76: 41025
AB77: 1991 | AC77: 51720
AB78: 1992 | AC78: 65190
AB79: 1993 | AC79: 81510
AB80: 1994 | AC80: 98700
AB81: 1995 | AC81: 118934
AB82: 1996 | AC82: 142125
AB83: 1997 | AC83: 172005
AB84: 1998 | AC84: 203826
AB85: 1999 | AC85: 236460
AB86: 2000 | AC86: 260100
AB87: 2001 | AC87: 286000
... AB111: 2024 | AC111: 1300000

Sheet P3
C1: PUNTAJE
C2: SAMC 038 DE 2024 - MANTENIMIENTO Y/O MEJORAMIENTO DE LA INSTITUCIÓN EDUCATIVA INSTITUTO MONTENEGRO Y LA INSTITUCIÓN EDUCATIVA GENERAL SANTANDER EN SU SEDE PRINCIPAL, SEDE LA ISABELA Y SEDE OBANDO
A8: PROPONENTE : | C8: NOMBRE | E8: INCORES CIVILES S.A.S
C9: P. NATURAL | E9: P. JURIDICA | G9: PROP. PLURAL
E10: X
A11: CRITERIO DE CALIDAD | J11: PUNTAJE | Z11: 6 | AA11: =+IF(#REF!=#REF!,IF(#REF!="CUMPLE",#REF!,0),"") -> #REF! | AC11: =+IF(#REF!=#REF!,IF(#REF!="CUMPLE",#REF!,0),"") -> #REF! | AE11: =+IF(#REF!=#REF!,IF(#REF!="CUMPLE",#REF!,0),"") -> #REF! | AG11: =+IF(#REF!=#REF!,IF(#REF!="CUMPLE",#REF!,0),"") -> #REF! | AI11: =+IF(#REF!=#REF!,IF(#REF!="CUMPLE",#REF!,0),"") -> #REF!
A12: El proponente Presenta FORMATO 8 – CALIDAD DEL SERVICIO donde se compromete a instalar por cuenta 1 ciclo parqueaderos de 8 bicicletas cada uno. | J12: 20 | Y12: SUMA | AA12: =+SUM(AA11:AB11) -> #REF! | AC12: =+SUM(AC11:AD11) -> #REF! | AE12: =+SUM(AE11:AF11) -> #REF! | AG12: =+SUM(AG11:AH11) -> #REF! | AI12: =+SUM(AI11:AJ11) -> #REF!
AA13: INTEGRANTES | AB13: AVAL 50%
A14: APOYO A LA INDUSTRIA NACIONAL | J14: PUNTAJE | AA14: =+#REF! -> #REF! | AB14: =+IF(#REF!>=50%,1,0) -> #REF! | AF14: C. VAL | AG14: Lps acreditados | AH14: FINAL
A15: El proponente presenta FORMATO 7 – PROMOCIÓN DE SERVICIOS NACIONALES O CON TRATO NACIONAL donde manifiesta bajo la gravedad del juramento que en caso de resultar adjudicatario para la ejecución del objeto contractual destinará un porcentaje de empleados o contratistas por prestación de servicios colombianos, de al menos el cuarenta por ciento 40 del total del personal requerido asociados al cumplimiento del Contrato | J15: 10 | AA15: =+#REF! -> #REF! | AB15: =+IF(#REF!>=50%,1,0) -> #REF! | AF15: =+IF(#REF!="CUMPLE",1,"NC") -> #REF! | AG15: =+IF(#REF!="CUMPLE ",1,0) -> #REF! | AH15: =+IF(AF15=AG15,1,0) -> #REF!
A17: PUNTAJE ADICIONAL ARTÍCULO 2.2.1.2.4.2.15 DEL DECRETO 1082 DE 2015, ADICIONADO POR EL DECRETO 1860 DE 2021, EMPRENDIMIENTOS Y EMPRESAS DE MUJERES EN EL SISTEMA DE COMPRAS PÚBLICAS | J17: PUNTAJE | AA17: =+#REF! -> #REF! | AB17: =+IF(#REF!>=50%,1,0) -> #REF! | AF17: =+IF(#REF!="CUMPLE",1,"NC") -> #REF! | AG17: =+IF(#REF!="CUMPLE ",1,0) -> #REF! | AH17: =+IF(AF17=AG17,1,0) -> #REF!
A18: El proponente Presenta FORMATO – ACREDITACIÓN DE EMPRENDIMIENTO Y EMPRESA DE MUJERES donde manifiesta bajo la gravedad de juramento que más del cincuenta por ciento (50%) de los empleos del nivel directivo de la persona jurídica sean ejercidos por mujeres y éstas hayan estado vinculadas laboralmente a la empresa durante al menos el último año anterior a la fecha de cierre del Proceso de Selección en el mismo cargo u otro del mismo nivel. | J18: 0,25 | AF18: =+IF(#REF!="CUMPLE",1,"NC") -> #REF! | AG18: =+IF(#REF!="CUMPLE ",1,0) -> #REF! | AH18: =+IF(AF18=AG18,1,0) -> #REF!
A20: TOTAL | J20: =+J12+J15+J18 -> 30.25 | AA20: =+IF(#REF!="CUMPLE",1,"NC") -> #REF! | AB20: =IF(ISNUMBER(#REF!),#REF!,"") | AC20: =+IF(AA20=1,AB20,"") -> #REF!
AF21: 1988 | AG21: 25637
AF22: 1989 | AG22: 32560
AF23: 1990 | AG23: 41025
AF24: 1991 | AG24: 51720
AB25: 1998 | AC25: 203826
AB26: 1999 | AC26: 236460
AB27: 2000 | AC27: 260100
AF28: 1992 | AG28: 65190
AF29: 1993 | AG29: 81510
AF30: 1994 | AG30: 98700
AF31: 1995 | AG31: 118934
AF32: 1996 | AG32: 142125
AF34: 1998 | AG34: 203826
AF35: 1999 | AG35: 236460
AF36: 2000 | AG36: 260100
AF37: 2001 | AG37: 286000
AF38: 2002 | AG38: 309000
AF39: 2003 | AG39: 332000
AF40: 2004 | AG40: 358000
... AF58: 2022 | AG58: 1000000

Sheet E. TECNICA P4
D1: EVALUACION TECNICA
D2: SAMC 038 DE 2024 - MANTENIMIENTO Y/O MEJORAMIENTO DE LA INSTITUCIÓN EDUCATIVA INSTITUTO MONTENEGRO Y LA INSTITUCIÓN EDUCATIVA GENERAL SANTANDER EN SU SEDE PRINCIPAL, SEDE LA ISABELA Y SEDE OBANDO.
W5: CRITERIO | X5: PERSONA
W6: CUMPLE | X6: NATURAL
W7: NO CUMPLE | X7: JURIDICA
A8: CRITERIOS GENERALES | K8: VALORES OFICIALES
A9: PROPONENTE : | C9: NOMBRE | E9: SANCAR INGENIEROS SAS | K9: PRESUPUESTO OFICIAL | Q9: 3.4215164e+08 | U9: CUMPLE | W9: CUMPLE | X9: NATURAL
C10: P. NATURAL | E10: P. JURIDICA | G10: PROP. PLURAL | K10: SMMLV 2024 | Q10: 1300000 | U10: NO CUMPLE | W10: NO CUMPLE | X10: JURIDICA
E11: X | K11: PRES. OFICIAL EN SMMLV 2024 | Q11: =+Q9/Q10 -> 263.19357 | U11: NO APLICA
A12: INTEGRANTES: | C12: NO APLICA | K12: FECHA DE CIERRE | Q12: 45639 | W12: NOMBRE
A13: REPRESENTANTE LEGAL: | C13: JUAN CARLOS SANCHEZ GALVEZ | W13: =+A24 -> SANCAR INGENIEROS SAS
A14: AVAL | C14: NO APLICA
A15: COPIA TARJETA PROFESIONAL: | C15: CUMPLE
A16: MATRICULA VIGENTE: | C16: CUMPLE
A17: EXPERIENCIA GENERAL : P NATURAL .Para el caso de la experiencia general para las personas naturales plenamente capaces deberán acreditar el título profesional de INGENIERÍA CIVIL, Y/O ARQUITECTO, con experiencia profesional de DOS (2) AÑOS contada a partir de la expedición de la tarjeta y/o matrícula profesional del respectivo profesional, copia de la matrícula profesional y certificado de vigencia expedida por la autoridad competente máxima de SEIS (06) MESES, contados a partir de la fecha de cierre del presente proceso de selección. P JURIDICA Para el caso de experiencia general de las personas jurídica la experiencia general será de DOS (02) AÑOS, la cual se contará a partir de la fecha de constitución registrada en el Certificado de Existencia y Representación Legal expedido por la Cámara de Comercio y que dentro de su actividad social y comercial comprenda ACTIVIDADES RELACIONADAS CON LA CONSTRUCCIÓN DE INFRAESTRUCTURA Y/O DE OBRAS CIVILES. Tratándose de personas jurídicas, el representante legal o quien avala su oferta, deberá acreditar ser profesional en INGENIERÍA CIVIL, Y/O ARQUITECTURA, con experiencia profesional de DOS (2) AÑOS contada a partir de la expedición de la tarjeta y/o matrícula profesional del respectivo profesional, copia de la matrícula profesional y certificado de vigencia expedida por la autoridad competente máxima de SEIS (06) MESES, contados a partir de la fecha de cierre del presente proceso de selección. P PLURAL Para el caso de Consorcios y/o Uniones temporales, si uno o varios de los integrantes son personas naturales, estos deberán de acreditar título profesional de INGENIERÍA CIVIL, Y/O ARQUITECTO , con experiencia profesional de DOS (2) AÑOS contada a partir de la expedición de la tarjeta y/o matricula profesional del respectivo profesional, copia de la matricula profesional y certificado de vigencia expedida por la autoridad competente máxima de SEIS (06) MESES, contados a partir de la fecha de cierre del presente proceso de selección. Para el caso de Consorcios y/o Uniones temporales, si uno o varios de los integrantes son personas jurídicas deberá acreditar como mínimo DOS (02) AÑOS de constitución y deberá de cumplir con los mismos requisitos señalados en el literal denominado “Experiencia general para personas jurídicas”. Para el caso de CONSORCIOS Y/O UNIONES TEMPORALES, al menos uno de los integrantes deberá acreditar como mínimo DOS (02) AÑOS de experiencia general, sin embargo, deberá de verificar los anteriores numerales para efectos de determinar cómo acreditará la condición de experiencia general (Experiencia general para personas jurídicas y Experiencia general y/o profesional para personas naturales). | W17: =+A25 -> 0
A18: P. JURÍDICA | C18: 10 | G18: AÑOS | H18: CUMPLE
A19: P. NATURAL/ REP. LEGAL/AVAL | C19: 33 | G19: AÑOS | H19: CUMPLE | W19: =+A26 -> 0
A20: COPIA TARJETA PROFESIONAL: | C20: CUMPLE | W20: =+A27 -> 0
A21: MATRICULA VIGENTE: | C21: CUMPLE
A22: CERTIFICADO DE VIGENCIA PROFESIONAL | C22: CUMPLE
A23: NOMBRE | D23: PROPONENTE | E23: % PARTICIPACION | G23: CEDULA - CERTIFICADO | H23: MATRICULA - OBJETO SOCIAL | I23: AÑOS DE EXPERIENCIA
A24: SANCAR INGENIEROS SAS | D24: JURIDICA | E24: 1 | G24: CUMPLE | H24: CUMPLE | I24: CUMPLE | W24: CONTRATO 1 | Z24: CUMPLE - FORMATO 7B
W25: CONTRATO 2 | Z25: NO CUMPLE - FORMATO 7B | AP25: j
W26: CONTRATO 3
W27: CONTRATO 4
W28: CONTRATO 5
A30: EXPERIENCIA ESPECIFICA: El proponente deberá acreditar en máximo tres (03) contratos de obra, cuyo objeto o alcance del objeto, tenga relación con la “CONSTRUCCIÓN Y/O RECONSTRUCCIÓN Y/O AMPLIACIÓN Y/O TERMINACIÓN Y/O REHABILITACIÓN Y/O ADECUACIÓN Y/O MEJORAMIENTO Y/O MANTENIMIENTO DE INFRAESTRUCTURAS EDUCATIVAS cuya sumatoria sea mayor o igual al cien por ciento (100%) del valor del presente proceso de selección en Salarios Mínimos Mensuales Legales Vigentes para el presente año, es decir, 263,19 SMMLV. Todas las certificaciones aportadas para acreditar la experiencia requerida deberán estar debidamente registradas en el RUP y clasificadas en uno de los siguientes códigos: CÓDIGO UNSPSC SEGMENTO FAMILIA CLASE NOMBRE DEL PRODUCTO 72 10 15 00 Servicios de apoyo para la construcción 72 10 33 00 Servicio de mantenimiento y reparación de Infraestructura 95 12 19 00 Edificios y estructuras educacionales y de administración | W30: CONTRATO 6
A31: VALIDACION EXPERIENCIA ESPECIFICA | W31: SUBCONTRATO 1
A32: INFORMACION BASE | E32: CONTRATO 1 | H32: CONTRATO 2 | K32: CONTRATO 3 | W32: SUBCONTRATO 2
A33: INTEGRANTE QUE APORTA EXPERIENCIA | E33: JUAN CARLOS SANCHEZ GALVEZ | H33: JUAN CARLOS SANCHEZ GALVEZ | K33: JUAN CARLOS SANCHEZ GALVEZ | Q33: CUMPLE
A34: OBJETO Y/O ALCANCE | E34: CONSTRUCCION DE DOS AULAS EN LA ESCUELA LUIS BERNARDO RIVERA DEL MUNICIPIO DE LA TEBAIDA | H34: REPARACIONES LOCATIVAS EN LAS ESCUELAS LA POPA Y LA IRLANDA DEL MUNICIPIO DE LA TEBAIDA | K34: OBRAS VARIAS EN LA ESCUELA SAN JUAN DE CAROLINA | W34: SUBCONTRATO 3
A35: CUMPLE/ NO CUMPLE | E35: CUMPLE | H35: CUMPLE | K35: CUMPLE
A36: % PARTICIPACION EN EL CONTRATO | E36: 1 | H36: 1 | K36: 1 | W36: SUBCONTRATO 4
A37: EQUIVALENCIA DE EXPERIENCIA | E37: 1 | H37: 1 | K37: 1
A38: VALOR DEL CONTRATO ($) | E38: 17741840 | H38: 6290187.5 | K38: 7514568.2 | W38: SUBCONTRATO 5
A39: AÑO DE TERMINACION | E39: 1996 | H39: 1996 | K39: 1992 | W39: SUBCONTRATO 6
A40: VALOR DEL SMMLV EN EL AÑO DE TERMINACION | E40: =+IF(ISNUMBER(E39),LOOKUP(E39,$AB$64:$AB$111,$AC$64:$AC$111),"") -> 142125 | H40: =+IF(ISNUMBER(H39),LOOKUP(H39,$AB$64:$AB$111,$AC$64:$AC$111),"") -> 142125 | K40: =+IF(ISNUMBER(K39),LOOKUP(K39,$AB$64:$AB$111,$AC$64:$AC$111),"") -> 65190
A41: VALOR DEL CONTRATO EN SMMLV | E41: =+IF(ISBLANK(E39),0,E38/E40) -> 124.83265 | H41: =+IF(ISBLANK(H39),0,H38/H40) -> 44.258135 | K41: =+IF(ISBLANK(K39),0,K38/K40) -> 115.27179 | W41: CRITERIO FINAL
A42: VALOR DEL CONTRATO EN SMMLV AFECTADO POR %PARTICIPACION | E42: =E41*E37 -> 124.83265 | H42: =H41*H37 -> 44.258135 | K42: =K41*K37 -> 115.27179 | W42: CRITERIO FINAL
A43: CONSECUTIVO RUP | E43: 7 | H43: 16 | K43: 10
A44: VALOR EN SMMLV RUP | E44: 124.83 | H44: 44.26 | K44: 115.27 | V44: =+IF(#REF!="CUMPLE",1,"NC") -> #REF! | W44: =+IF(#REF!="CUMPLE",1,0) -> #REF! | X44: =+IF(V44=W44,1,0) -> #REF! | Z44: CR 1 | AA44: =+IF(#REF!>#REF!,"CUMPLE"," NO CUMPLE ") -> #REF! | AD44: =+IF(#REF!>#REF!,"CUMPLE"," NO CUMPLE ") -> #REF! | AG44: =+IF(#REF!>#REF!,"CUMPLE"," NO CUMPLE ") -> #REF! | AJ44: =+IF(#REF!>#REF!,"CUMPLE"," NO CUMPLE ") -> #REF! | AM44: =+IF(#REF!>#REF!,"CUMPLE"," NO CUMPLE ") -> #REF!
A45: VALOR DEL CONTRATO EN SMMLV RUP AFECTADO POR %PARTICIPACION | E45: =E44*E37 -> 124.83 | H45: =H44*H37 -> 44.26 | K45: =K44*K37 -> 115.27 | W45: CRITERIO FINAL
A46: VALOR CERTIFICADO ≥263,19 SMMLV | E46: CUMPLE
A47: CLASIFICACION UNSPSC | C47: 72101500 | E47: CUMPLE | H47: CUMPLE | K47: CUMPLE | V47: =+IF(#REF!="CUMPLE",1,0) -> #REF!
C48: 72103300
C49: 95121900 | V49: C. VAL | W49: CONEXIONES REQ | X49: FINAL | AA49: FINAL
A50: CUMPLE/ NO CUMPLE | E50: CUMPLE
A51: CAPACIDAD OPERATIVA | W51: 6 | X51: 1.5 | Z51: C5 | AA51: =+IF(#REF!="CUMPLE",1,0) -> #REF!
A52: RESIDENTE DE OBRA | W52: 6 | X52: 1.5 | Z52: C5 | AA52: =+IF(#REF!="CUMPLE",1,0) -> #REF!
A53: NOMBRE | E53: RICHARD LEANDRO BUSTAMANTE | Q53: CUMPLE | Z53: C6 | AA53: =+IF(#REF!="CUMPLE",1,0) -> #REF!
A54: PROFESION Profesional en Ingeniería Civil o Arquitectura. AÑOS DE EXPERIENCIA GENERAL: 3 AÑOS | E54: CUMPLE
A55: FOTOCOPIA DE LA CEDULA | E55: CUMPLE | V55: C. VAL | W55: LONG REQ | X55: FINAL | Z55: TOTAL | AA55: =SUM(AA51:AB53) -> #REF!
A56: FOTOCOPIA DE MATRICULA Y COPNIA | E56: CUMPLE | V56: =+IF(#REF!="CUMPLE",1,"NC") -> #REF! | W56: =+IF(#REF!="CUMPLE",1,0) -> #REF! | X56: =+IF(V56=W56,1,0) -> #REF!
A57: CARTA DE INTENCION | E57: CUMPLE
A58: EXPERIENCIA: El profesional propuesto para el cargo deberá acreditar experiencia de haber participado o prestado sus servicios como Residente de Obra y/o Residente de Interventoría y/o Contratista y/o Director de Obra y/o Director de Interventoría, en mínimo dos (02) contratos cuyo objeto y/o alcances se relacione con “CONSTRUCCIÓN Y/O RECONSTRUCCIÓN Y/O AMPLIACIÓN Y/O TERMINACIÓN Y/O REHABILITACIÓN Y/O ADECUACIÓN Y/O MEJORAMIENTO Y/O MANTENIMIENTO DE INFRAESTRUCTURAS EDUCATIVAS”.
A59: CONTRATOS | E59: CONTRATO 1 | H59: CONTRATO 2 | Q59: OBSERVACIONES
A60: CONTRATANTE | E60: EMPRESA PARA EL DESARROLLO TERRITORIAL - PROYECTA | H60: EMPRESA PARA EL DESARROLLO TERRITORIAL - PROYECTA | Q60: CUMPLE
A61: OBJETO | E61: MANTENIMIENTO Y MEJORAMIENTO DE INSTITUCIONES EDUCATIVAS EN EL MUNICIPIO DE MONTENEGRO | H61: MANTENIMIENTO DE LAS INSTITUCIONES EDUCATIVAS DEL MUNICIPIO DE MONTENEGRO QUINDÍO
A62: CARGO | E62: CONTRATISTA | H62: CONTRATISTA
A63: EXPERIENCIA VALIDA | E63: CUMPLE | H63: CUMPLE
W64: =+IF(#REF!="CUMPLE",1,"NC") -> #REF! | X64: =IF(ISNUMBER(#REF!),#REF!,"") | Y64: =+IF(W64=1,X64,"") -> #REF!
A65: PERSONAL MÍNIMO REQUERIDO RESTANTE
A66: DESCRIPCIÓN | E66: CUMPLE/NO CUMPLE | H66: OBSERVACION
A67: Carta de compromiso bajo la gravedad de juramento en la que manifieste que contará con el equipo de trabajo durante la ejecución del contrato, en todo caso, los requisitos individuales del equipo de trabajo solo será verificado al contratista por parte de quien ejerza control, vigilancia y seguimiento al contrato. | E67: CUMPLE | H67: Proponente adjunta carta de compromiso donde manifiesta bajo gravedad de juramento que de ser adjudicado el proceso de la referencia, se compromete a vincular la totalidad del personal mínimo requerido para el normal desarrollo y/o ejecución del contrato.
B69: OBSERVACIONES | W69: =+LOOKUP(Y69,#REF!,#REF!) -> #REF! | Y69: Promoción de Servicios Nacionales o con Trato Nacional
B71: PROPONENTE: | E71: =E9 -> SANCAR INGENIEROS SAS
B72: EXPERIENCIA GENERAL | E72: CUMPLE
B73: EXPERIENCIA ESPECIFICA | E73: CUMPLE | AB73: 1988 | AC73: 25637
AB74: 1989 | AC74: 32560
B75: CAPACIDAD OPERATIVA | E75: CUMPLE | AB75: 1989 | AC75: 32560
AB76: 1990 | AC76: 41025
AB77: 1991 | AC77: 51720
AB78: 1992 | AC78: 65190
AB79: 1993 | AC79: 81510
AB80: 1994 | AC80: 98700
AB81: 1995 | AC81: 118934
AB82: 1996 | AC82: 142125
AB83: 1997 | AC83: 172005
AB84: 1998 | AC84: 203826
AB85: 1999 | AC85: 236460
AB86: 2000 | AC86: 260100
AB87: 2001 | AC87: 286000
... AB111: 2024 | AC111: 1300000

Sheet P4
C1: PUNTAJE
C2: SAMC 038 DE 2024 - MANTENIMIENTO Y/O MEJORAMIENTO DE LA INSTITUCIÓN EDUCATIVA INSTITUTO MONTENEGRO Y LA INSTITUCIÓN EDUCATIVA GENERAL SANTANDER EN SU SEDE PRINCIPAL, SEDE LA ISABELA Y SEDE OBANDO
A8: PROPONENTE : | C8: NOMBRE | E8: SANCAR INGENIEROS SAS
C9: P. NATURAL | E9: P. JURIDICA | G9: PROP. PLURAL
E10: X
A11: CRITERIO DE CALIDAD | J11: PUNTAJE | Z11: 6 | AA11: =+IF(#REF!=#REF!,IF(#REF!="CUMPLE",#REF!,0),"") -> #REF! | AC11: =+IF(#REF!=#REF!,IF(#REF!="CUMPLE",#REF!,0),"") -> #REF! | AE11: =+IF(#REF!=#REF!,IF(#REF!="CUMPLE",#REF!,0),"") -> #REF! | AG11: =+IF(#REF!=#REF!,IF(#REF!="CUMPLE",#REF!,0),"") -> #REF! | AI11: =+IF(#REF!=#REF!,IF(#REF!="CUMPLE",#REF!,0),"") -> #REF!
A12: El proponente Presenta FORMATO 8 – CALIDAD DEL SERVICIO donde se compromete a instalar por cuenta 1 ciclo parqueaderos de 8 bicicletas cada uno. | J12: 20 | Y12: SUMA | AA12: =+SUM(AA11:AB11) -> #REF! | AC12: =+SUM(AC11:AD11) -> #REF! | AE12: =+SUM(AE11:AF11) -> #REF! | AG12: =+SUM(AG11:AH11) -> #REF! | AI12: =+SUM(AI11:AJ11) -> #REF!
AA13: INTEGRANTES | AB13: AVAL 50%
A14: APOYO A LA INDUSTRIA NACIONAL | J14: PUNTAJE | AA14: =+#REF! -> #REF! | AB14: =+IF(#REF!>=50%,1,0) -> #REF! | AF14: C. VAL | AG14: Lps acreditados | AH14: FINAL
A15: El proponente presenta FORMATO – PROMOCIÓN DE SERVICIOS NACIONALES O CON TRATO NACIONAL donde manifiesta bajo la gravedad del juramento que en caso de resultar adjudicatario para la ejecución del objeto contractual destinará un porcentaje de empleados o contratistas por prestación de servicios colombianos, de al menos el cuarenta por ciento 40 del total del personal requerido asociados al cumplimiento del Contrato | J15: 10 | AA15: =+#REF! -> #REF! | AB15: =+IF(#REF!>=50%,1,0) -> #REF! | AF15: =+IF(#REF!="CUMPLE",1,"NC") -> #REF! | AG15: =+IF(#REF!="CUMPLE ",1,0) -> #REF! | AH15: =+IF(AF15=AG15,1,0) -> #REF!
A17: PUNTAJE ADICIONAL ARTÍCULO 2.2.1.2.4.2.15 DEL DECRETO 1082 DE 2015, ADICIONADO POR EL DECRETO 1860 DE 2021, EMPRENDIMIENTOS Y EMPRESAS DE MUJERES EN EL SISTEMA DE COMPRAS PÚBLICAS | J17: PUNTAJE | AA17: =+#REF! -> #REF! | AB17: =+IF(#REF!>=50%,1,0) -> #REF! | AF17: =+IF(#REF!="CUMPLE",1,"NC") -> #REF! | AG17: =+IF(#REF!="CUMPLE ",1,0) -> #REF! | AH17: =+IF(AF17=AG17,1,0) -> #REF!
A18: El proponente presenta FORMATO 12A – ACREDITACIÓN DE EMPRENDIMIENTO Y EMPRESA DE MUJERES donde manifiesta bajo la gravedad de juramento que más del cincuenta por ciento (50%) de las acciones, partes de interés o cuotas de participación de la persona jurídica pertenecen a mujeres y los derechos de propiedad han pertenecido a estas durante al menos el último año anterior a la fecha de cierre del Proceso de Contratación. | J18: 0,25 | AF18: =+IF(#REF!="CUMPLE",1,"NC") -> #REF! | AG18: =+IF(#REF!="CUMPLE ",1,0) -> #REF! | AH18: =+IF(AF18=AG18,1,0) -> #REF!
A20: TOTAL | J20: =+J12+J15+J18 -> 30.25 | AA20: =+IF(#REF!="CUMPLE",1,"NC") -> #REF! | AB20: =IF(ISNUMBER(#REF!),#REF!,"") | AC20: =+IF(AA20=1,AB20,"") -> #REF!
AF21: 1988 | AG21: 25637
AF22: 1989 | AG22: 32560
AF23: 1990 | AG23: 41025
AF24: 1991 | AG24: 51720
AB25: 1998 | AC25: 203826
AB26: 1999 | AC26: 236460
AB27: 2000 | AC27: 260100
AF28: 1992 | AG28: 65190
AF29: 1993 | AG29: 81510
AF30: 1994 | AG30: 98700
AF31: 1995 | AG31: 118934
AF32: 1996 | AG32: 142125
AF34: 1998 | AG34: 203826
AF35: 1999 | AG35: 236460
AF36: 2000 | AG36: 260100
AF37: 2001 | AG37: 286000
AF38: 2002 | AG38: 309000
AF39: 2003 | AG39: 332000
AF40: 2004 | AG40: 358000
... AF58: 2022 | AG58: 1000000

Sheet E. TECNICA P5
D1: EVALUACION TECNICA
D2: SAMC 038 DE 2024 - MANTENIMIENTO Y/O MEJORAMIENTO DE LA INSTITUCIÓN EDUCATIVA INSTITUTO MONTENEGRO Y LA INSTITUCIÓN EDUCATIVA GENERAL SANTANDER EN SU SEDE PRINCIPAL, SEDE LA ISABELA Y SEDE OBANDO.
W5: CRITERIO | X5: PERSONA
W6: CUMPLE | X6: NATURAL
W7: NO CUMPLE | X7: JURIDICA
A8: CRITERIOS GENERALES | K8: VALORES OFICIALES
A9: PROPONENTE : | C9: NOMBRE | E9: MARLON SALAZAR ARBOLEDA | K9: PRESUPUESTO OFICIAL | Q9: 3.4215164e+08 | U9: CUMPLE | W9: CUMPLE | X9: NATURAL
C10: P. NATURAL | E10: P. JURIDICA | G10: PROP. PLURAL | K10: SMMLV 2024 | Q10: 1300000 | U10: NO CUMPLE | W10: NO CUMPLE | X10: JURIDICA
C11: X | K11: PRES. OFICIAL EN SMMLV 2024 | Q11: =+Q9/Q10 -> 263.19357 | U11: NO APLICA
A12: INTEGRANTES: | C12: MARLON SALAZAR ARBOLEDA | K12: FECHA DE CIERRE | Q12: 45639 | W12: NOMBRE
A13: REPRESENTANTE LEGAL: | C13: MARLON SALAZAR ARBOLEDA | W13: =+A24 -> MARLON SALAZAR ARBOLEDA
A14: AVAL | C14: NO APLICA TODA VEZ QUE EL REPRESENTANTE LEGAL CUMPLE CON LA PROFESIÓN DE INGENIERO CIVIL Y/O ARQUITECTO
A15: COPIA TARJETA PROFESIONAL: | C15: CUMPLE
A16: MATRICULA VIGENTE: | C16: CUMPLE
A17: EXPERIENCIA GENERAL : P NATURAL .Para el caso de la experiencia general para las personas naturales plenamente capaces deberán acreditar el título profesional de INGENIERÍA CIVIL, Y/O ARQUITECTO, con experiencia profesional de DOS (2) AÑOS contada a partir de la expedición de la tarjeta y/o matrícula profesional del respectivo profesional, copia de la matrícula profesional y certificado de vigencia expedida por la autoridad competente máxima de SEIS (06) MESES, contados a partir de la fecha de cierre del presente proceso de selección. P JURIDICA Para el caso de experiencia general de las personas jurídica la experiencia general será de DOS (02) AÑOS, la cual se contará a partir de la fecha de constitución registrada en el Certificado de Existencia y Representación Legal expedido por la Cámara de Comercio y que dentro de su actividad social y comercial comprenda ACTIVIDADES RELACIONADAS CON LA CONSTRUCCIÓN DE INFRAESTRUCTURA Y/O DE OBRAS CIVILES. Tratándose de personas jurídicas, el representante legal o quien avala su oferta, deberá acreditar ser profesional en INGENIERÍA CIVIL, Y/O ARQUITECTURA, con experiencia profesional de DOS (2) AÑOS contada a partir de la expedición de la tarjeta y/o matrícula profesional del respectivo profesional, copia de la matrícula profesional y certificado de vigencia expedida por la autoridad competente máxima de SEIS (06) MESES, contados a partir de la fecha de cierre del presente proceso de selección. P PLURAL Para el caso de Consorcios y/o Uniones temporales, si uno o varios de los integrantes son personas naturales, estos deberán de acreditar título profesional de INGENIERÍA CIVIL, Y/O ARQUITECTO , con experiencia profesional de DOS (2) AÑOS contada a partir de la expedición de la tarjeta y/o matricula profesional del respectivo profesional, copia de la matricula profesional y certificado de vigencia expedida por la autoridad competente máxima de SEIS (06) MESES, contados a partir de la fecha de cierre del presente proceso de selección. Para el caso de Consorcios y/o Uniones temporales, si uno o varios de los integrantes son personas jurídicas deberá acreditar como mínimo DOS (02) AÑOS de constitución y deberá de cumplir con los mismos requisitos señalados en el literal denominado “Experiencia general para personas jurídicas”. Para el caso de CONSORCIOS Y/O UNIONES TEMPORALES, al menos uno de los integrantes deberá acreditar como mínimo DOS (02) AÑOS de experiencia general, sin embargo, deberá de verificar los anteriores numerales para efectos de determinar cómo acreditará la condición de experiencia general (Experiencia general para personas jurídicas y Experiencia general y/o profesional para personas naturales). | W17: =+A25 -> 0
A18: P. JURÍDICA | C18: NO APLICA | G18: AÑOS
A19: P. NATURAL/ REP. LEGAL/AVAL | C19: 12 | G19: AÑOS | H19: CUMPLE | W19: =+A26 -> 0
A20: COPIA TARJETA PROFESIONAL: | C20: CUMPLE | W20: =+A27 -> 0
A21: MATRICULA VIGENTE: | C21: CUMPLE
A22: CERTIFICADO DE VIGENCIA PROFESIONAL | C22: CUMPLE
A23: NOMBRE | D23: PROPONENTE | E23: % PARTICIPACION | G23: CEDULA - CERTIFICADO | H23: MATRICULA - OBJETO SOCIAL | I23: AÑOS DE EXPERIENCIA
A24: =C12 -> MARLON SALAZAR ARBOLEDA | D24: NATURAL | E24: 1 | G24: CUMPLE | H24: CUMPLE | I24: CUMPLE | W24: CONTRATO 1 | Z24: CUMPLE - FORMATO 7B
W25: CONTRATO 2 | Z25: NO CUMPLE - FORMATO 7B | AP25: j
W26: CONTRATO 3
W27: CONTRATO 4
W28: CONTRATO 5
A30: EXPERIENCIA ESPECIFICA: El proponente deberá acreditar en máximo tres (03) contratos de obra, cuyo objeto o alcance del objeto, tenga relación con la “CONSTRUCCIÓN Y/O RECONSTRUCCIÓN Y/O AMPLIACIÓN Y/O TERMINACIÓN Y/O REHABILITACIÓN Y/O ADECUACIÓN Y/O MEJORAMIENTO Y/O MANTENIMIENTO DE INFRAESTRUCTURAS EDUCATIVAS cuya sumatoria sea mayor o igual al cien por ciento (100%) del valor del presente proceso de selección en Salarios Mínimos Mensuales Legales Vigentes para el presente año, es decir, 263,19 SMMLV. Todas las certificaciones aportadas para acreditar la experiencia requerida deberán estar debidamente registradas en el RUP y clasificadas en uno de los siguientes códigos: CÓDIGO UNSPSC SEGMENTO FAMILIA CLASE NOMBRE DEL PRODUCTO 72 10 15 00 Servicios de apoyo para la construcción 72 10 33 00 Servicio de mantenimiento y reparación de Infraestructura 95 12 19 00 Edificios y estructuras educacionales y de administración | W30: CONTRATO 6
A31: VALIDACION EXPERIENCIA ESPECIFICA | W31: SUBCONTRATO 1
A32: INFORMACION BASE | E32: CONTRATO 1 | W32: SUBCONTRATO 2
A33: INTEGRANTE QUE APORTA EXPERIENCIA | E33: MARLON SALAZAR ARBOLEDA | Q33: CUMPLE
A34: OBJETO Y/O ALCANCE | E34: REALIZAR MANTENIMIENTO Y ADECUACIONES EN LAS INSTITUCIONES EDUCATIVAS OFICIALES UBICADAS DENTRO DE LA COMUNA 10 DEL MUNICIPIO DE ARMENIA | W34: SUBCONTRATO 3
A35: CUMPLE/ NO CUMPLE | E35: CUMPLE
A36: % PARTICIPACION EN EL CONTRATO | E36: 0.5 | W36: SUBCONTRATO 4
A37: EQUIVALENCIA DE EXPERIENCIA | E37: 0.5
A38: VALOR DEL CONTRATO ($) | E38: 1.5447653e+09 | W38: SUBCONTRATO 5
A39: AÑO DE TERMINACION | E39: 2018 | W39: SUBCONTRATO 6
A40: VALOR DEL SMMLV EN EL AÑO DE TERMINACION | E40: =+IF(ISNUMBER(E39),LOOKUP(E39,$AB$64:$AB$111,$AC$64:$AC$111),"") -> 781242
A41: VALOR DEL CONTRATO EN SMMLV | E41: =+IF(ISBLANK(E39),0,E38/E40)-0.01 -> 1977.3099 | W41: CRITERIO FINAL
A42: VALOR DEL CONTRATO EN SMMLV AFECTADO POR %PARTICIPACION | E42: =E41*E37 -> 988.65493 | W42: CRITERIO FINAL
A43: CONSECUTIVO RUP | E43: 10
A44: VALOR EN SMMLV RUP | E44: 1977.31 | V44: =+IF(#REF!="CUMPLE",1,"NC") -> #REF! | W44: =+IF(#REF!="CUMPLE",1,0) -> #REF! | X44: =+IF(V44=W44,1,0) -> #REF! | Z44: CR 1 | AA44: =+IF(#REF!>#REF!,"CUMPLE"," NO CUMPLE ") -> #REF! | AD44: =+IF(#REF!>#REF!,"CUMPLE"," NO CUMPLE ") -> #REF! | AG44: =+IF(#REF!>#REF!,"CUMPLE"," NO CUMPLE ") -> #REF! | AJ44: =+IF(#REF!>#REF!,"CUMPLE"," NO CUMPLE ") -> #REF! | AM44: =+IF(#REF!>#REF!,"CUMPLE"," NO CUMPLE ") -> #REF!
A45: VALOR DEL CONTRATO EN SMMLV RUP AFECTADO POR %PARTICIPACION | E45: =E44*E37 -> 988.655 | W45: CRITERIO FINAL
A46: VALOR CERTIFICADO ≥263,19 SMMLV | E46: CUMPLE
A47: CLASIFICACION UNSPSC | C47: 72101500 | E47: CUMPLE | V47: =+IF(#REF!="CUMPLE",1,0) -> #REF!
C48: 72103300
C49: 95121900 | V49: C. VAL | W49: CONEXIONES REQ | X49: FINAL | AA49: FINAL
A50: CUMPLE/ NO CUMPLE | E50: CUMPLE
A51: CAPACIDAD OPERATIVA | W51: 6 | X51: 1.5 | Z51: C5 | AA51: =+IF(#REF!="CUMPLE",1,0) -> #REF!
A52: RESIDENTE DE OBRA | W52: 6 | X52: 1.5 | Z52: C5 | AA52: =+IF(#REF!="CUMPLE",1,0) -> #REF!
A53: NOMBRE | E53: =A24 -> MARLON SALAZAR ARBOLEDA | Q53: CUMPLE | Z53: C6 | AA53: =+IF(#REF!="CUMPLE",1,0) -> #REF!
A54: PROFESION Profesional en Ingeniería Civil o Arquitectura. AÑOS DE EXPERIENCIA GENERAL: 3 AÑOS | E54: CUMPLE
A55: FOTOCOPIA DE LA CEDULA | E55: CUMPLE | V55: C. VAL | W55: LONG REQ | X55: FINAL | Z55: TOTAL | AA55: =SUM(AA51:AB53) -> #REF!
A56: FOTOCOPIA DE MATRICULA Y COPNIA | E56: CUMPLE | V56: =+IF(#REF!="CUMPLE",1,"NC") -> #REF! | W56: =+IF(#REF!="CUMPLE",1,0) -> #REF! | X56: =+IF(V56=W56,1,0) -> #REF!
A57: CARTA DE INTENCION | E57: CUMPLE
A58: EXPERIENCIA: El profesional propuesto para el cargo deberá acreditar experiencia de haber participado o prestado sus servicios como Residente de Obra y/o Residente de Interventoría y/o Contratista y/o Director de Obra y/o Director de Interventoría, en mínimo dos (02) contratos cuyo objeto y/o alcances se relacione con “CONSTRUCCIÓN Y/O RECONSTRUCCIÓN Y/O AMPLIACIÓN Y/O TERMINACIÓN Y/O REHABILITACIÓN Y/O ADECUACIÓN Y/O MEJORAMIENTO Y/O MANTENIMIENTO DE INFRAESTRUCTURAS EDUCATIVAS”.
A59: CONTRATOS | E59: CONTRATO 1 | H59: CONTRATO 2 | Q59: OBSERVACIONES
A60: CONTRATANTE | E60: ALCALDIA MUNICIPAL DE ARMENIA | H60: ALCALDIA MUNICIPAL DE ARMENIA | Q60: CUMPLE
A61: OBJETO | E61: REALIZAR MANTENIMIENTO Y DECUACIONES EN LAS INSTITUCIONES EDUCATIVAS OFICIALES UBICADAS DENTRO DE LA COMUNA 10 DEL MUNICIPIO DE ARMENIA | H61: REMODELACION Y/O MANTENIMIENTO DE LAS INSTALACIONES DE POLICIA CAI SAN DIEGO, CAI CONSTITUCION, CAI EL BOSQUE, CAI GRANADA, CAI FUNDADORES, CAI SAN JOSE,CAI SANTANDER, CAI LOS NARANJOS REALIZAR MANTENIMIENTO Y ADECUACIONES EN LAS INSTITUCIONES EDUCATIVAS OFICIALES UBICADAS DENTROS DE LAS COMUNAS 1 Y 11 DEL MUNICIPIO DE ARMENIA
A62: CARGO | E62: CONTRATISTA (INTEGRANTE CONSORCIO) | H62: CONTRATISTA (INTEGRANTE CONSORCIO)
A63: EXPERIENCIA VALIDA | E63: CUMPLE | H63: CUMPLE
W64: =+IF(#REF!="CUMPLE",1,"NC") -> #REF! | X64: =IF(ISNUMBER(#REF!),#REF!,"") | Y64: =+IF(W64=1,X64,"") -> #REF!
A65: PERSONAL MÍNIMO REQUERIDO RESTANTE
A66: DESCRIPCIÓN | E66: CUMPLE/NO CUMPLE | H66: OBSERVACION
A67: Carta de compromiso bajo la gravedad de juramento en la que manifieste que contará con el equipo de trabajo durante la ejecución del contrato, en todo caso, los requisitos individuales del equipo de trabajo solo será verificado al contratista por parte de quien ejerza control, vigilancia y seguimiento al contrato. | E67: CUMPLE | H67: Proponente adjunta carta de compromiso donde manifiesta bajo gravedad de juramento que en caso de resultar adjudicatario del proceso de selección, contará con los profesionales requeridos tal y como lo requiere la entidad en el pliego de condiciones.
B69: OBSERVACIONES | W69: =+LOOKUP(Y69,#REF!,#REF!) -> #REF! | Y69: Promoción de Servicios Nacionales o con Trato Nacional
B71: PROPONENTE: | E71: =E9 -> MARLON SALAZAR ARBOLEDA
B72: EXPERIENCIA GENERAL | E72: CUMPLE
B73: EXPERIENCIA ESPECIFICA | E73: CUMPLE | AB73: 1988 | AC73: 25637
AB74: 1989 | AC74: 32560
B75: CAPACIDAD OPERATIVA | E75: CUMPLE | AB75: 1989 | AC75: 32560
AB76: 1990 | AC76: 41025
AB77: 1991 | AC77: 51720
AB78: 1992 | AC78: 65190
AB79: 1993 | AC79: 81510
AB80: 1994 | AC80: 98700
AB81: 1995 | AC81: 118934
AB82: 1996 | AC82: 142125
AB83: 1997 | AC83: 172005
AB84: 1998 | AC84: 203826
AB85: 1999 | AC85: 236460
AB86: 2000 | AC86: 260100
AB87: 2001 | AC87: 286000
... AB111: 2024 | AC111: 1300000

Sheet P5
C1: PUNTAJE
C2: SAMC 038 DE 2024 - MANTENIMIENTO Y/O MEJORAMIENTO DE LA INSTITUCIÓN EDUCATIVA INSTITUTO MONTENEGRO Y LA INSTITUCIÓN EDUCATIVA GENERAL SANTANDER EN SU SEDE PRINCIPAL, SEDE LA ISABELA Y SEDE OBANDO
A8: PROPONENTE : | C8: NOMBRE | E8: MARLON SALAZAR ARBOLEDA
C9: P. NATURAL | E9: P. JURIDICA | G9: PROP. PLURAL
C10: X
A11: CRITERIO DE CALIDAD | J11: PUNTAJE | Z11: 6 | AA11: =+IF(#REF!=#REF!,IF(#REF!="CUMPLE",#REF!,0),"") -> #REF! | AC11: =+IF(#REF!=#REF!,IF(#REF!="CUMPLE",#REF!,0),"") -> #REF! | AE11: =+IF(#REF!=#REF!,IF(#REF!="CUMPLE",#REF!,0),"") -> #REF! | AG11: =+IF(#REF!=#REF!,IF(#REF!="CUMPLE",#REF!,0),"") -> #REF! | AI11: =+IF(#REF!=#REF!,IF(#REF!="CUMPLE",#REF!,0),"") -> #REF!
A12: El proponente Presenta FORMATO 8 – CALIDAD donde se compromete a instalar por cuenta 1 ciclo parqueaderos de 8 bicicletas cada uno. | J12: 20 | Y12: SUMA | AA12: =+SUM(AA11:AB11) -> #REF! | AC12: =+SUM(AC11:AD11) -> #REF! | AE12: =+SUM(AE11:AF11) -> #REF! | AG12: =+SUM(AG11:AH11) -> #REF! | AI12: =+SUM(AI11:AJ11) -> #REF!
AA13: INTEGRANTES | AB13: AVAL 50%
A14: APOYO A LA INDUSTRIA NACIONAL | J14: PUNTAJE | AA14: =+#REF! -> #REF! | AB14: =+IF(#REF!>=50%,1,0) -> #REF! | AF14: C. VAL | AG14: Lps acreditados | AH14: FINAL
A15: El proponente presenta FORMATO – PROMOCIÓN DE SERVICIOS NACIONALES O CON TRATO NACIONAL donde manifiesta bajo la gravedad del juramento que en caso de resultar adjudicatario para la ejecución del objeto contractual destinará un porcentaje de empleados o contratistas por prestación de servicios colombianos, de al menos el cincuenta por ciento 50 del total del personal requerido asociados al cumplimiento del Contrato | J15: 10 | AA15: =+#REF! -> #REF! | AB15: =+IF(#REF!>=50%,1,0) -> #REF! | AF15: =+IF(#REF!="CUMPLE",1,"NC") -> #REF! | AG15: =+IF(#REF!="CUMPLE ",1,0) -> #REF! | AH15: =+IF(AF15=AG15,1,0) -> #REF!
A17: PUNTAJE ADICIONAL ARTÍCULO 2.2.1.2.4.2.15 DEL DECRETO 1082 DE 2015, ADICIONADO POR EL DECRETO 1860 DE 2021, EMPRENDIMIENTOS Y EMPRESAS DE MUJERES EN EL SISTEMA DE COMPRAS PÚBLICAS | J17: PUNTAJE | AA17: =+#REF! -> #REF! | AB17: =+IF(#REF!>=50%,1,0) -> #REF! | AF17: =+IF(#REF!="CUMPLE",1,"NC") -> #REF! | AG17: =+IF(#REF!="CUMPLE ",1,0) -> #REF! | AH17: =+IF(AF17=AG17,1,0) -> #REF!
A18: El proponente NO ACREDITA EMPRENDIMIENTO NI EMPRESA DE MUJERES | J18: 0 | AF18: =+IF(#REF!="CUMPLE",1,"NC") -> #REF! | AG18: =+IF(#REF!="CUMPLE ",1,0) -> #REF! | AH18: =+IF(AF18=AG18,1,0) -> #REF!
A20: TOTAL | J20: =+J12+J15+J18 -> 30 | AA20: =+IF(#REF!="CUMPLE",1,"NC") -> #REF! | AB20: =IF(ISNUMBER(#REF!),#REF!,"") | AC20: =+IF(AA20=1,AB20,"") -> #REF!
AF21: 1988 | AG21: 25637
AF22: 1989 | AG22: 32560
AF23: 1990 | AG23: 41025
AF24: 1991 | AG24: 51720
AB25: 1998 | AC25: 203826
AB26: 1999 | AC26: 236460
AB27: 2000 | AC27: 260100
AF28: 1992 | AG28: 65190
AF29: 1993 | AG29: 81510
AF30: 1994 | AG30: 98700
AF31: 1995 | AG31: 118934
AF32: 1996 | AG32: 142125
AF34: 1998 | AG34: 203826
AF35: 1999 | AG35: 236460
AF36: 2000 | AG36: 260100
AF37: 2001 | AG37: 286000
AF38: 2002 | AG38: 309000
AF39: 2003 | AG39: 332000
AF40: 2004 | AG40: 358000
... AF58: 2022 | AG58: 1000000

Sheet E. TECNICA P6
D1: EVALUACION TECNICA
D2: SAMC 038 DE 2024 - MANTENIMIENTO Y/O MEJORAMIENTO DE LA INSTITUCIÓN EDUCATIVA INSTITUTO MONTENEGRO Y LA INSTITUCIÓN EDUCATIVA GENERAL SANTANDER EN SU SEDE PRINCIPAL, SEDE LA ISABELA Y SEDE OBANDO.
W5: CRITERIO | X5: PERSONA
W6: CUMPLE | X6: NATURAL
W7: NO CUMPLE | X7: JURIDICA
A8: CRITERIOS GENERALES | K8: VALORES OFICIALES
A9: PROPONENTE : | C9: NOMBRE | E9: CONSORCIO INGENIERIA HORIZONTAL 2025 | K9: PRESUPUESTO OFICIAL | Q9: 3.4215164e+08 | U9: CUMPLE | W9: CUMPLE | X9: NATURAL
C10: P. NATURAL | E10: P. JURIDICA | G10: PROP. PLURAL | K10: SMMLV 2024 | Q10: 1300000 | U10: NO CUMPLE | W10: NO CUMPLE | X10: JURIDICA
G11: X | K11: PRES. OFICIAL EN SMMLV 2024 | Q11: =+Q9/Q10 -> 263.19357 | U11: NO APLICA
A12: INTEGRANTES: | C12: GRUPO TRUMEJ SAS Y VYT CONSTRUCCIONES SAS | K12: FECHA DE CIERRE | Q12: 45639 | W12: NOMBRE
A13: REPRESENTANTE LEGAL: | C13: JAIME ANDRES VILLANUEVA ARISTIZABAL | W13: =+A25 -> GRUPO TRUMEJ SAS
A14: AVAL | C14: NO APLICA TODA VEZ QUE EL REPRESENTANTE LEGAL CUMPLE CON LA PROFESIÓN DE INGENIERO CIVIL Y/O ARQUITECTO
A15: COPIA TARJETA PROFESIONAL: | C15: CUMPLE
A16: MATRICULA VIGENTE: | C16: CUMPLE
A17: EXPERIENCIA GENERAL : P NATURAL .Para el caso de la experiencia general para las personas naturales plenamente capaces deberán acreditar el título profesional de INGENIERÍA CIVIL, Y/O ARQUITECTO, con experiencia profesional de DOS (2) AÑOS contada a partir de la expedición de la tarjeta y/o matrícula profesional del respectivo profesional, copia de la matrícula profesional y certificado de vigencia expedida por la autoridad competente máxima de SEIS (06) MESES, contados a partir de la fecha de cierre del presente proceso de selección. P JURIDICA Para el caso de experiencia general de las personas jurídica la experiencia general será de DOS (02) AÑOS, la cual se contará a partir de la fecha de constitución registrada en el Certificado de Existencia y Representación Legal expedido por la Cámara de Comercio y que dentro de su actividad social y comercial comprenda ACTIVIDADES RELACIONADAS CON LA CONSTRUCCIÓN DE INFRAESTRUCTURA Y/O DE OBRAS CIVILES. Tratándose de personas jurídicas, el representante legal o quien avala su oferta, deberá acreditar ser profesional en INGENIERÍA CIVIL, Y/O ARQUITECTURA, con experiencia profesional de DOS (2) AÑOS contada a partir de la expedición de la tarjeta y/o matrícula profesional del respectivo profesional, copia de la matrícula profesional y certificado de vigencia expedida por la autoridad competente máxima de SEIS (06) MESES, contados a partir de la fecha de cierre del presente proceso de selección. P PLURAL Para el caso de Consorcios y/o Uniones temporales, si uno o varios de los integrantes son personas naturales, estos deberán de acreditar título profesional de INGENIERÍA CIVIL, Y/O ARQUITECTO , con experiencia profesional de DOS (2) AÑOS contada a partir de la expedición de la tarjeta y/o matricula profesional del respectivo profesional, copia de la matricula profesional y certificado de vigencia expedida por la autoridad competente máxima de SEIS (06) MESES, contados a partir de la fecha de cierre del presente proceso de selección. Para el caso de Consorcios y/o Uniones temporales, si uno o varios de los integrantes son personas jurídicas deberá acreditar como mínimo DOS (02) AÑOS de constitución y deberá de cumplir con los mismos requisitos señalados en el literal denominado “Experiencia general para personas jurídicas”. Para el caso de CONSORCIOS Y/O UNIONES TEMPORALES, al menos uno de los integrantes deberá acreditar como mínimo DOS (02) AÑOS de experiencia general, sin embargo, deberá de verificar los anteriores numerales para efectos de determinar cómo acreditará la condición de experiencia general (Experiencia general para personas jurídicas y Experiencia general y/o profesional para personas naturales). | W17: =+A26 -> VYT CONSTRUCCIONES SAS
A18: P. JURÍDICA | C18: 4 | G18: AÑOS | H18: CUMPLE
A19: P. JURÍDICA | C19: 5 | G19: AÑOS | H19: CUMPLE
A20: P. NATURAL/ REP. LEGAL/AVAL | C20: 18 | G20: AÑOS | H20: CUMPLE | W20: =+A27 -> 0
A21: COPIA TARJETA PROFESIONAL: | C21: CUMPLE | W21: =+A28 -> 0
A22: MATRICULA VIGENTE: | C22: CUMPLE
A23: CERTIFICADO DE VIGENCIA PROFESIONAL | C23: CUMPLE
A24: NOMBRE | D24: PROPONENTE | E24: % PARTICIPACION | G24: CEDULA - CERTIFICADO | H24: MATRICULA - OBJETO SOCIAL | I24: AÑOS DE EXPERIENCIA
A25: GRUPO TRUMEJ SAS | D25: JURIDICA | E25: 0.1 | G25: CUMPLE | H25: CUMPLE | I25: CUMPLE | W25: CONTRATO 1 | Z25: CUMPLE - FORMATO 7B
A26: VYT CONSTRUCCIONES SAS | D26: JURIDICA | E26: 0.9 | G26: CUMPLE | H26: CUMPLE | I26: CUMPLE | W26: CONTRATO 2 | Z26: NO CUMPLE - FORMATO 7B | AP26: j
W27: CONTRATO 3
W28: CONTRATO 4
W29: CONTRATO 5
A31: EXPERIENCIA ESPECIFICA: El proponente deberá acreditar en máximo tres (03) contratos de obra, cuyo objeto o alcance del objeto, tenga relación con la “CONSTRUCCIÓN Y/O RECONSTRUCCIÓN Y/O AMPLIACIÓN Y/O TERMINACIÓN Y/O REHABILITACIÓN Y/O ADECUACIÓN Y/O MEJORAMIENTO Y/O MANTENIMIENTO DE INFRAESTRUCTURAS EDUCATIVAS cuya sumatoria sea mayor o igual al cien por ciento (100%) del valor del presente proceso de selección en Salarios Mínimos Mensuales Legales Vigentes para el presente año, es decir, 263,19 SMMLV. Todas las certificaciones aportadas para acreditar la experiencia requerida deberán estar debidamente registradas en el RUP y clasificadas en uno de los siguientes códigos: CÓDIGO UNSPSC SEGMENTO FAMILIA CLASE NOMBRE DEL PRODUCTO 72 10 15 00 Servicios de apoyo para la construcción 72 10 33 00 Servicio de mantenimiento y reparación de Infraestructura 95 12 19 00 Edificios y estructuras educacionales y de administración | W31: CONTRATO 6
A32: VALIDACION EXPERIENCIA ESPECIFICA | W32: SUBCONTRATO 1
A33: INFORMACION BASE | E33: CONTRATO 1 | H33: CONTRATO 2 | K33: CONTRATO 3 | W33: SUBCONTRATO 2
A34: INTEGRANTE QUE APORTA EXPERIENCIA | E34: VYT CONSTRUCCIONES SAS | H34: VYT CONSTRUCCIONES SAS | Q34: NO CUMPLE
A35: OBJETO Y/O ALCANCE | E35: CONTRATO DE OBRA A TODO COSTO DEL MANTENIMIENTO PREVENTIVO Y CORRECTIVO Y / O ADECUACION Y / O MEJORAS LOCATIVAS DE LAS INSTALACIONES UBICADAS EN EL COLEGIO NUESTRA SEÑORA DE FATIMA EN PEREIRA DE LA DIRECCION DE BIENESTAR SOCIAL DE LA POLICIA NACIONAL A PRECIOS UNITARIOS FIJOS SIN FORMULA DE REAJUSTE. | H35: ADECUACION SALONES COMUNALES BARRIOS CONCORDIA Y SAN LUIS DEL MUNICIPIO DE BUCARAMANGA | W35: SUBCONTRATO 3
A36: CUMPLE/ NO CUMPLE | E36: CUMPLE | H36: NO CUMPLE
A37: % PARTICIPACION EN EL CONTRATO | E37: 1 | H37: 0.5 | W37: SUBCONTRATO 4
A38: EQUIVALENCIA DE EXPERIENCIA | E38: 1 | H38: 0.5
A39: VALOR DEL CONTRATO ($) | E39: 403100202 | H39: 2309205189 | W39: SUBCONTRATO 5
A40: AÑO DE TERMINACION | E40: 2019 | H40: 2023 | W40: SUBCONTRATO 6
A41: VALOR DEL SMMLV EN EL AÑO DE TERMINACION | E41: =+IF(ISNUMBER(E40),LOOKUP(E40,$AB$66:$AB$113,$AC$66:$AC$113),"") -> 828116 | H41: =+IF(ISNUMBER(H40),LOOKUP(H40,$AB$66:$AB$113,$AC$66:$AC$113),"") -> 1160000
A42: VALOR DEL CONTRATO EN SMMLV | E42: =+IF(ISBLANK(E40),0,E39/E41)-0.01 -> 486.7578 | H42: =+IF(ISBLANK(H40),0,H39/H41) -> 1990.6941 | W42: CRITERIO FINAL
A43: VALOR DEL CONTRATO EN SMMLV AFECTADO POR %PARTICIPACION | E43: =E42*E38 -> 486.7578 | H43: =H42*H38 -> 995.34706 | W43: CRITERIO FINAL
A44: CONSECUTIVO RUP | E44: 1 | H44: 8
A45: VALOR EN SMMLV RUP | E45: 486.76 | H45: 1990.69 | V45: =+IF(#REF!="CUMPLE",1,"NC") -> #REF! | W45: =+IF(#REF!="CUMPLE",1,0) -> #REF! | X45: =+IF(V45=W45,1,0) -> #REF! | Z45: CR 1 | AA45: =+IF(#REF!>#REF!,"CUMPLE"," NO CUMPLE ") -> #REF! | AD45: =+IF(#REF!>#REF!,"CUMPLE"," NO CUMPLE ") -> #REF! | AG45: =+IF(#REF!>#REF!,"CUMPLE"," NO CUMPLE ") -> #REF! | AJ45: =+IF(#REF!>#REF!,"CUMPLE"," NO CUMPLE ") -> #REF! | AM45: =+IF(#REF!>#REF!,"CUMPLE"," NO CUMPLE ") -> #REF!
A46: VALOR DEL CONTRATO EN SMMLV RUP AFECTADO POR %PARTICIPACION | E46: =E45*E38 -> 486.76 | H46: =H45*H38 -> 995.345 | W46: CRITERIO FINAL
A47: VALOR CERTIFICADO ≥263,19 SMMLV | E47: CUMPLE | H47: CUMPLE
A48: CLASIFICACION UNSPSC | C48: 72101500 | E48: CUMPLE | H48: CUMPLE | V48: =+IF(#REF!="CUMPLE",1,0) -> #REF!
C49: 72103300
C50: 95121900 | V50: C. VAL | W50: CONEXIONES REQ | X50: FINAL | AA50: FINAL
A51: CUMPLE/ NO CUMPLE | E51: NO CUMPLE | H51: NO CUMPLE
A52: OBSERVACIONES | E52: El certificado aportado incumple con la NOTA 2 del numeral "4.4. CRITERIOS PARA ACREDITAR LA EXPERIENCIA" del pliego de condiciones | H52: No se evidencia relación con CONSTRUCCIÓN Y/O RECONSTRUCCIÓN Y/O AMPLIACIÓN Y/O TERMINACIÓN Y/O REHABILITACIÓN Y/O ADECUACIÓN Y/O MEJORAMIENTO Y/O MANTENIMIENTO DE INFRAESTRUCTURAS EDUCATIVAS
A53: CAPACIDAD OPERATIVA | W53: 6 | X53: 1.5 | Z53: C5 | AA53: =+IF(#REF!="CUMPLE",1,0) -> #REF!
A54: RESIDENTE DE OBRA | W54: 6 | X54: 1.5 | Z54: C5 | AA54: =+IF(#REF!="CUMPLE",1,0) -> #REF!
A55: NOMBRE | E55: JAIME ANDRES VILLANUEVA ARISTIZABAL | Q55: NO CUMPLE | Z55: C6 | AA55: =+IF(#REF!="CUMPLE",1,0) -> #REF!
A56: PROFESION Profesional en Ingeniería Civil o Arquitectura. AÑOS DE EXPERIENCIA GENERAL: 3 AÑOS | E56: CUMPLE
A57: FOTOCOPIA DE LA CEDULA | E57: CUMPLE | V57: C. VAL | W57: LONG REQ | X57: FINAL | Z57: TOTAL | AA57: =SUM(AA53:AB55) -> #REF!
A58: FOTOCOPIA DE MATRICULA Y COPNIA | E58: CUMPLE | V58: =+IF(#REF!="CUMPLE",1,"NC") -> #REF! | W58: =+IF(#REF!="CUMPLE",1,0) -> #REF! | X58: =+IF(V58=W58,1,0) -> #REF!
A59: CARTA DE INTENCION | E59: NO CUMPLE
A60: EXPERIENCIA: El profesional propuesto para el cargo deberá acreditar experiencia de haber participado o prestado sus servicios como Residente de Obra y/o Residente de Interventoría y/o Contratista y/o Director de Obra y/o Director de Interventoría, en mínimo dos (02) contratos cuyo objeto y/o alcances se relacione con “CONSTRUCCIÓN Y/O RECONSTRUCCIÓN Y/O AMPLIACIÓN Y/O TERMINACIÓN Y/O REHABILITACIÓN Y/O ADECUACIÓN Y/O MEJORAMIENTO Y/O MANTENIMIENTO DE INFRAESTRUCTURAS EDUCATIVAS”.
A61: CONTRATOS | E61: CONTRATO 1 | H61: CONTRATO 2 | Q61: OBSERVACIONES
A62: CONTRATANTE | E62: CONYCO PROYECTOS Y DESARROLLOS SAS | Q62: NO CUMPLE
A63: OBJETO | E63: INTERVENTORÍA AL CONTRATO DE MANTENIMIENTO Y CONSTRUCCIÓN DE CASAS FISCALES DE LOS MUNICIPIOS DE PALMIRA, JAMUNDÍ Y YUMBO
A64: CARGO | E64: RESIDENTE DE INTERVENTORÍA
A65: EXPERIENCIA VALIDA | E65: NO CUMPLE
W66: =+IF(#REF!="CUMPLE",1,"NC") -> #REF! | X66: =IF(ISNUMBER(#REF!),#REF!,"") | Y66: =+IF(W66=1,X66,"") -> #REF!
A67: PERSONAL MÍNIMO REQUERIDO RESTANTE
A68: DESCRIPCIÓN | E68: CUMPLE/NO CUMPLE | H68: OBSERVACION
A69: Carta de compromiso bajo la gravedad de juramento en la que manifieste que contará con el equipo de trabajo durante la ejecución del contrato, en todo caso, los requisitos individuales del equipo de trabajo solo será verificado al contratista por parte de quien ejerza control, vigilancia y seguimiento al contrato. | E69: NO CUMPLE | H69: El proponente no adjunta carta de compromiso
B71: OBSERVACIONES | W71: =+LOOKUP(Y71,#REF!,#REF!) -> #REF! | Y71: Promoción de Servicios Nacionales o con Trato Nacional
B73: PROPONENTE: | E73: =E9 -> CONSORCIO INGENIERIA HORIZONTAL 2025
B74: EXPERIENCIA GENERAL | E74: CUMPLE
B75: EXPERIENCIA ESPECIFICA | E75: NO CUMPLE El proponente no subsanó. | AB75: 1988 | AC75: 25637
AB76: 1989 | AC76: 32560
B77: CAPACIDAD OPERATIVA | E77: NO CUMPLE El proponente no subsanó. | AB77: 1989 | AC77: 32560
AB78: 1990 | AC78: 41025
AB79: 1991 | AC79: 51720
AB80: 1992 | AC80: 65190
AB81: 1993 | AC81: 81510
AB82: 1994 | AC82: 98700
AB83: 1995 | AC83: 118934
AB84: 1996 | AC84: 142125
AB85: 1997 | AC85: 172005
AB86: 1998 | AC86: 203826
AB87: 1999 | AC87: 236460
AB88: 2000 | AC88: 260100
AB89: 2001 | AC89: 286000
... AB113: 2024 | AC113: 1300000

Sheet E. TECNICA P7
D1: EVALUACION TECNICA
D2: SAMC 038 DE 2024 - MANTENIMIENTO Y/O MEJORAMIENTO DE LA INSTITUCIÓN EDUCATIVA INSTITUTO MONTENEGRO Y LA INSTITUCIÓN EDUCATIVA GENERAL SANTANDER EN SU SEDE PRINCIPAL, SEDE LA ISABELA Y SEDE OBANDO.
W5: CRITERIO | X5: PERSONA
W6: CUMPLE | X6: NATURAL
W7: NO CUMPLE | X7: JURIDICA
A8: CRITERIOS GENERALES | K8: VALORES OFICIALES
A9: PROPONENTE : | C9: NOMBRE | E9: CONSORCIO JACA 2024 | K9: PRESUPUESTO OFICIAL | Q9: 3.4215164e+08 | U9: CUMPLE | W9: CUMPLE | X9: NATURAL
C10: P. NATURAL | E10: P. JURIDICA | G10: PROP. PLURAL | K10: SMMLV 2024 | Q10: 1300000 | U10: NO CUMPLE | W10: NO CUMPLE | X10: JURIDICA
G11: X | K11: PRES. OFICIAL EN SMMLV 2024 | Q11: =+Q9/Q10 -> 263.19357 | U11: NO APLICA
A12: INTEGRANTES: | C12: JAIRO IVAN CASTILLO CASTILLO Y JAVIER MARTINEZ BURITICA | K12: FECHA DE CIERRE | Q12: 45639 | W12: NOMBRE
A13: REPRESENTANTE LEGAL: | C13: JAIRO IVAN CASTILLO CASTILLO | W13: =+A25 -> JAIRO IVAN CASTILLO CASTILLO
A14: AVAL | C14: NO APLICA
A15: COPIA TARJETA PROFESIONAL: | C15: CUMPLE
A16: MATRICULA VIGENTE: | C16: CUMPLE
A17: OBSERVACIONES | C17: El proponente subsanó en debida forma.
A18: EXPERIENCIA GENERAL : P NATURAL .Para el caso de la experiencia general para las personas naturales plenamente capaces deberán acreditar el título profesional de INGENIERÍA CIVIL, Y/O ARQUITECTO, con experiencia profesional de DOS (2) AÑOS contada a partir de la expedición de la tarjeta y/o matrícula profesional del respectivo profesional, copia de la matrícula profesional y certificado de vigencia expedida por la autoridad competente máxima de SEIS (06) MESES, contados a partir de la fecha de cierre del presente proceso de selección. P JURIDICA Para el caso de experiencia general de las personas jurídica la experiencia general será de DOS (02) AÑOS, la cual se contará a partir de la fecha de constitución registrada en el Certificado de Existencia y Representación Legal expedido por la Cámara de Comercio y que dentro de su actividad social y comercial comprenda ACTIVIDADES RELACIONADAS CON LA CONSTRUCCIÓN DE INFRAESTRUCTURA Y/O DE OBRAS CIVILES. Tratándose de personas jurídicas, el representante legal o quien avala su oferta, deberá acreditar ser profesional en INGENIERÍA CIVIL, Y/O ARQUITECTURA, con experiencia profesional de DOS (2) AÑOS contada a partir de la expedición de la tarjeta y/o matrícula profesional del respectivo profesional, copia de la matrícula profesional y certificado de vigencia expedida por la autoridad competente máxima de SEIS (06) MESES, contados a partir de la fecha de cierre del presente proceso de selección. P PLURAL Para el caso de Consorcios y/o Uniones temporales, si uno o varios de los integrantes son personas naturales, estos deberán de acreditar título profesional de INGENIERÍA CIVIL, Y/O ARQUITECTO , con experiencia profesional de DOS (2) AÑOS contada a partir de la expedición de la tarjeta y/o matricula profesional del respectivo profesional, copia de la matricula profesional y certificado de vigencia expedida por la autoridad competente máxima de SEIS (06) MESES, contados a partir de la fecha de cierre del presente proceso de selección. Para el caso de Consorcios y/o Uniones temporales, si uno o varios de los integrantes son personas jurídicas deberá acreditar como mínimo DOS (02) AÑOS de constitución y deberá de cumplir con los mismos requisitos señalados en el literal denominado “Experiencia general para personas jurídicas”. Para el caso de CONSORCIOS Y/O UNIONES TEMPORALES, al menos uno de los integrantes deberá acreditar como mínimo DOS (02) AÑOS de experiencia general, sin embargo, deberá de verificar los anteriores numerales para efectos de determinar cómo acreditará la condición de experiencia general (Experiencia general para personas jurídicas y Experiencia general y/o profesional para personas naturales). | W18: =+A26 -> JAVIER MARTINEZ BURITICA
A19: P. NATURAL | C19: 40 | G19: AÑOS | H19: CUMPLE
A20: REP. LEGAL | C20: 18 | G20: AÑOS | H20: CUMPLE | W20: =+A27 -> 0
A21: COPIA TARJETA PROFESIONAL: | C21: CUMPLE | W21: =+A28 -> 0
A22: MATRICULA VIGENTE: | C22: CUMPLE
A23: CERTIFICADO DE VIGENCIA PROFESIONAL | C23: CUMPLE
A24: NOMBRE | D24: PROPONENTE | E24: % PARTICIPACION | G24: CEDULA - CERTIFICADO | H24: MATRICULA - OBJETO SOCIAL | I24: AÑOS DE EXPERIENCIA
A25: JAIRO IVAN CASTILLO CASTILLO | D25: NATURAL | E25: 0.1 | G25: CUMPLE | H25: CUMPLE | I25: CUMPLE | W25: CONTRATO 1 | Z25: CUMPLE - FORMATO 7B
A26: JAVIER MARTINEZ BURITICA | D26: NATURAL | E26: 0.9 | G26: CUMPLE | H26: CUMPLE | I26: CUMPLE | W26: CONTRATO 2 | Z26: NO CUMPLE - FORMATO 7B | AP26: j
W27: CONTRATO 3
W28: CONTRATO 4
W29: CONTRATO 5
A31: EXPERIENCIA ESPECIFICA: El proponente deberá acreditar en máximo tres (03) contratos de obra, cuyo objeto o alcance del objeto, tenga relación con la “CONSTRUCCIÓN Y/O RECONSTRUCCIÓN Y/O AMPLIACIÓN Y/O TERMINACIÓN Y/O REHABILITACIÓN Y/O ADECUACIÓN Y/O MEJORAMIENTO Y/O MANTENIMIENTO DE INFRAESTRUCTURAS EDUCATIVAS cuya sumatoria sea mayor o igual al cien por ciento (100%) del valor del presente proceso de selección en Salarios Mínimos Mensuales Legales Vigentes para el presente año, es decir, 263,19 SMMLV. Todas las certificaciones aportadas para acreditar la experiencia requerida deberán estar debidamente registradas en el RUP y clasificadas en uno de los siguientes códigos: CÓDIGO UNSPSC SEGMENTO FAMILIA CLASE NOMBRE DEL PRODUCTO 72 10 15 00 Servicios de apoyo para la construcción 72 10 33 00 Servicio de mantenimiento y reparación de Infraestructura 95 12 19 00 Edificios y estructuras educacionales y de administración | W31: CONTRATO 6
A32: VALIDACION EXPERIENCIA ESPECIFICA | W32: SUBCONTRATO 1
A33: INFORMACION BASE | E33: CONTRATO 1 | H33: CONTRATO 2 | K33: CONTRATO 3 | W33: SUBCONTRATO 2
A34: INTEGRANTE QUE APORTA EXPERIENCIA | E34: JAVIER MARTINEZ BURITICA | Q34: CUMPLE
A35: OBJETO Y/O ALCANCE | E35: CONSTRUCCIÓN DE LA PRIMERA ETAPA DEL NUEVO CENTRO EDUCATIVO DEL MUNICIPIO DE LA TEBAIDA QUINDÍO | W35: SUBCONTRATO 3
A36: CUMPLE/ NO CUMPLE | E36: CUMPLE
A37: % PARTICIPACION EN EL CONTRATO | E37: 0.5 | W37: SUBCONTRATO 4
A38: EQUIVALENCIA DE EXPERIENCIA | E38: 0.5
A39: VALOR DEL CONTRATO ($) | E39: 5.7231649e+08 | W39: SUBCONTRATO 5
A40: AÑO DE TERMINACION | E40: 2006 | W40: SUBCONTRATO 6
A41: VALOR DEL SMMLV EN EL AÑO DE TERMINACION | E41: =+IF(ISNUMBER(E40),LOOKUP(E40,$AB$65:$AB$112,$AC$65:$AC$112),"") -> 408000
A42: VALOR DEL CONTRATO EN SMMLV | E42: =+IF(ISBLANK(E40),0,E39/E41)-0.01 -> 1402.7265 | W42: CRITERIO FINAL
A43: VALOR DEL CONTRATO EN SMMLV AFECTADO POR %PARTICIPACION | E43: =E42*E38+0.01 -> 701.37325 | W43: CRITERIO FINAL
A44: CONSECUTIVO RUP | E44: 17
A45: VALOR EN SMMLV RUP | E45: 1402.73 | V45: =+IF(#REF!="CUMPLE",1,"NC") -> #REF! | W45: =+IF(#REF!="CUMPLE",1,0) -> #REF! | X45: =+IF(V45=W45,1,0) -> #REF! | Z45: CR 1 | AA45: =+IF(#REF!>#REF!,"CUMPLE"," NO CUMPLE ") -> #REF! | AD45: =+IF(#REF!>#REF!,"CUMPLE"," NO CUMPLE ") -> #REF! | AG45: =+IF(#REF!>#REF!,"CUMPLE"," NO CUMPLE ") -> #REF! | AJ45: =+IF(#REF!>#REF!,"CUMPLE"," NO CUMPLE ") -> #REF! | AM45: =+IF(#REF!>#REF!,"CUMPLE"," NO CUMPLE ") -> #REF!
A46: VALOR DEL CONTRATO EN SMMLV RUP AFECTADO POR %PARTICIPACION | E46: =E45*E38 -> 701.365 | W46: CRITERIO FINAL
A47: VALOR CERTIFICADO ≥263,19 SMMLV | E47: CUMPLE
A48: CLASIFICACION UNSPSC | C48: 72101500 | E48: CUMPLE | V48: =+IF(#REF!="CUMPLE",1,0) -> #REF!
C49: 72103300
C50: 95121900 | V50: C. VAL | W50: CONEXIONES REQ | X50: FINAL | AA50: FINAL
A51: CUMPLE/ NO CUMPLE | E51: CUMPLE
A52: CAPACIDAD OPERATIVA | W52: 6 | X52: 1.5 | Z52: C5 | AA52: =+IF(#REF!="CUMPLE",1,0) -> #REF!
A53: RESIDENTE DE OBRA | W53: 6 | X53: 1.5 | Z53: C5 | AA53: =+IF(#REF!="CUMPLE",1,0) -> #REF!
A54: NOMBRE | E54: JAVIER MARTINEZ BURITICA | Q54: CUMPLE | Z54: C6 | AA54: =+IF(#REF!="CUMPLE",1,0) -> #REF!
A55: PROFESION Profesional en Ingeniería Civil o Arquitectura. AÑOS DE EXPERIENCIA GENERAL: 3 AÑOS | E55: CUMPLE
A56: FOTOCOPIA DE LA CEDULA | E56: CUMPLE | V56: C. VAL | W56: LONG REQ | X56: FINAL | Z56: TOTAL | AA56: =SUM(AA52:AB54) -> #REF!
A57: FOTOCOPIA DE MATRICULA Y COPNIA | E57: CUMPLE | V57: =+IF(#REF!="CUMPLE",1,"NC") -> #REF! | W57: =+IF(#REF!="CUMPLE",1,0) -> #REF! | X57: =+IF(V57=W57,1,0) -> #REF!
A58: CARTA DE INTENCION | E58: CUMPLE
A59: EXPERIENCIA: El profesional propuesto para el cargo deberá acreditar experiencia de haber participado o prestado sus servicios como Residente de Obra y/o Residente de Interventoría y/o Contratista y/o Director de Obra y/o Director de Interventoría, en mínimo dos (02) contratos cuyo objeto y/o alcances se relacione con “CONSTRUCCIÓN Y/O RECONSTRUCCIÓN Y/O AMPLIACIÓN Y/O TERMINACIÓN Y/O REHABILITACIÓN Y/O ADECUACIÓN Y/O MEJORAMIENTO Y/O MANTENIMIENTO DE INFRAESTRUCTURAS EDUCATIVAS”.
A60: CONTRATOS | E60: CONTRATO 1 | H60: CONTRATO 2 | K60: CONTRATO 3 | N60: CONTRATO 4 | Q60: OBSERVACIONES
A61: CONTRATANTE | E61: ALCALDÍA DE GUADALAJARA DE BUGA | H61: FEDERACIÓN NACIONAL DE VIVIENDA POPULAR FENAVIP | K61: FONDO NACIONAL DE CAMINOS VECINALES REGIONAL META | N61: ALCALDÍA DE CARTAGO | Q61: CUMPLE
A62: OBJETO | E62: RECONSTRUCCIÓN ESCUELA RAFAEL URIBE | H62: REPARACIÓN Y ARREGLOS LOCATIVOS DE LOS COLEGIOS GENERAL SANTANDER, JHON F. KENNEDY Y ESTABILIZACIÓN DEL TALUD COLEGIOS EDUARDO NORRIS, Y LOS CENTROS DE SALUD DE LOS BARRIOS GAITÁN Y BALCONES | K62: MANTENIMIENTO DEL CAMINO: MESETA-ALTO CAFRE-LA FLORIDA (CONSTRUCCIÓN DEL PUENTE CAÑO LA LEGIOSA K9 + 300 Y PUENTE CAÑO LA CRISTALINA K10 + 300), MUNICIPIO DE MESETAS, DEPARTAMENTO DEL META | N62: CONSTRUCCIÓN DE SEIS (06) AULAS Y DOS BATERÍAS SANITARIAS EN LA INSTITUCIÓN EDUCATIVA COLEGIO NACIONAL ACADÉMICO EN EL MUNICIPIO DE CARTAGO (V)
A63: CARGO | E63: CONTRATISTA | H63: CONTRATISTA | K63: CONTRATISTA | N63: CONTRATISTA
A64: EXPERIENCIA VALIDA | E64: CUMPLE | H64: CUMPLE | K64: NO CUMPLE | N64: CUMPLE
W65: =+IF(#REF!="CUMPLE",1,"NC") -> #REF! | X65: =IF(ISNUMBER(#REF!),#REF!,"") | Y65: =+IF(W65=1,X65,"") -> #REF!
A66: PERSONAL MÍNIMO REQUERIDO RESTANTE
A67: DESCRIPCIÓN | E67: CUMPLE/NO CUMPLE | H67: OBSERVACION
A68: Carta de compromiso bajo la gravedad de juramento en la que manifieste que contará con el equipo de trabajo durante la ejecución del contrato, en todo caso, los requisitos individuales del equipo de trabajo solo será verificado al contratista por parte de quien ejerza control, vigilancia y seguimiento al contrato. | E68: CUMPLE | H68: Proponente adjunta carta de compromiso donde manifiesta bajo gravedad de juramento que de ser adjudicado el proceso de la referencia, se compromete a vincular la totalidad del personal mínimo requerido para el normal desarrollo y/o ejecución del contrato.
B70: OBSERVACIONES | W70: =+LOOKUP(Y70,#REF!,#REF!) -> #REF! | Y70: Promoción de Servicios Nacionales o con Trato Nacional
B72: PROPONENTE: | E72: =E9 -> CONSORCIO JACA 2024
B73: EXPERIENCIA GENERAL | E73: CUMPLE
B74: EXPERIENCIA ESPECIFICA | E74: CUMPLE | AB74: 1988 | AC74: 25637
AB75: 1989 | AC75: 32560
B76: CAPACIDAD OPERATIVA | E76: CUMPLE | AB76: 1989 | AC76: 32560
AB77: 1990 | AC77: 41025
AB78: 1991 | AC78: 51720
AB79: 1992 | AC79: 65190
AB80: 1993 | AC80: 81510
AB81: 1994 | AC81: 98700
AB82: 1995 | AC82: 118934
AB83: 1996 | AC83: 142125
AB84: 1997 | AC84: 172005
AB85: 1998 | AC85: 203826
AB86: 1999 | AC86: 236460
AB87: 2000 | AC87: 260100
AB88: 2001 | AC88: 286000
... AB112: 2024 | AC112: 1300000

Sheet P7
C1: PUNTAJE
C2: SAMC 038 DE 2024 - MANTENIMIENTO Y/O MEJORAMIENTO DE LA INSTITUCIÓN EDUCATIVA INSTITUTO MONTENEGRO Y LA INSTITUCIÓN EDUCATIVA GENERAL SANTANDER EN SU SEDE PRINCIPAL, SEDE LA ISABELA Y SEDE OBANDO
A8: PROPONENTE : | C8: NOMBRE | E8: CONSORCIO JACA 2024
C9: P. NATURAL | E9: P. JURIDICA | G9: PROP. PLURAL
G10: X
A11: CRITERIO DE CALIDAD | J11: PUNTAJE | Z11: 6 | AA11: =+IF(#REF!=#REF!,IF(#REF!="CUMPLE",#REF!,0),"") -> #REF! | AC11: =+IF(#REF!=#REF!,IF(#REF!="CUMPLE",#REF!,0),"") -> #REF! | AE11: =+IF(#REF!=#REF!,IF(#REF!="CUMPLE",#REF!,0),"") -> #REF! | AG11: =+IF(#REF!=#REF!,IF(#REF!="CUMPLE",#REF!,0),"") -> #REF! | AI11: =+IF(#REF!=#REF!,IF(#REF!="CUMPLE",#REF!,0),"") -> #REF!
A12: El proponente Presenta FORMATO 8 – CALIDAD donde se compromete a instalar por cuenta 1 ciclo parqueaderos de 8 bicicletas cada uno. | J12: 20 | Y12: SUMA | AA12: =+SUM(AA11:AB11) -> #REF! | AC12: =+SUM(AC11:AD11) -> #REF! | AE12: =+SUM(AE11:AF11) -> #REF! | AG12: =+SUM(AG11:AH11) -> #REF! | AI12: =+SUM(AI11:AJ11) -> #REF!
AA13: INTEGRANTES | AB13: AVAL 50%
A14: APOYO A LA INDUSTRIA NACIONAL | J14: PUNTAJE | AA14: =+#REF! -> #REF! | AB14: =+IF(#REF!>=50%,1,0) -> #REF! | AF14: C. VAL | AG14: Lps acreditados | AH14: FINAL
A15: El proponente presenta FORMATO – PROMOCIÓN DE SERVICIOS NACIONALES O CON TRATO NACIONAL donde manifiesta bajo la gravedad del juramento que en caso de resultar adjudicatario para la ejecución del objeto contractual destinará un porcentaje de empleados o contratistas por prestación de servicios colombianos, de al menos el cuarenta por ciento 40 del total del personal requerido asociados al cumplimiento del Contrato | J15: 10 | AA15: =+#REF! -> #REF! | AB15: =+IF(#REF!>=50%,1,0) -> #REF! | AF15: =+IF(#REF!="CUMPLE",1,"NC") -> #REF! | AG15: =+IF(#REF!="CUMPLE ",1,0) -> #REF! | AH15: =+IF(AF15=AG15,1,0) -> #REF!
A17: PUNTAJE ADICIONAL ARTÍCULO 2.2.1.2.4.2.15 DEL DECRETO 1082 DE 2015, ADICIONADO POR EL DECRETO 1860 DE 2021, EMPRENDIMIENTOS Y EMPRESAS DE MUJERES EN EL SISTEMA DE COMPRAS PÚBLICAS | J17: PUNTAJE | AA17: =+#REF! -> #REF! | AB17: =+IF(#REF!>=50%,1,0) -> #REF! | AF17: =+IF(#REF!="CUMPLE",1,"NC") -> #REF! | AG17: =+IF(#REF!="CUMPLE ",1,0) -> #REF! | AH17: =+IF(AF17=AG17,1,0) -> #REF!
A18: El proponente NO ACREDITA EMPRENDIMIENTO NI EMPRESA DE MUJERES | J18: 0 | AF18: =+IF(#REF!="CUMPLE",1,"NC") -> #REF! | AG18: =+IF(#REF!="CUMPLE ",1,0) -> #REF! | AH18: =+IF(AF18=AG18,1,0) -> #REF!
A20: TOTAL | J20: =+J12+J15+J18 -> 30 | AA20: =+IF(#REF!="CUMPLE",1,"NC") -> #REF! | AB20: =IF(ISNUMBER(#REF!),#REF!,"") | AC20: =+IF(AA20=1,AB20,"") -> #REF!
AF21: 1988 | AG21: 25637
AF22: 1989 | AG22: 32560
AF23: 1990 | AG23: 41025
AF24: 1991 | AG24: 51720
AB25: 1998 | AC25: 203826
AB26: 1999 | AC26: 236460
AB27: 2000 | AC27: 260100
AF28: 1992 | AG28: 65190
AF29: 1993 | AG29: 81510
AF30: 1994 | AG30: 98700
AF31: 1995 | AG31: 118934
AF32: 1996 | AG32: 142125
AF34: 1998 | AG34: 203826
AF35: 1999 | AG35: 236460
AF36: 2000 | AG36: 260100
AF37: 2001 | AG37: 286000
AF38: 2002 | AG38: 309000
AF39: 2003 | AG39: 332000
AF40: 2004 | AG40: 358000
... AF58: 2022 | AG58: 1000000

Sheet E. TECNICA  P8
D1: EVALUACION TECNICA
D2: SAMC 038 DE 2024 - MANTENIMIENTO Y/O MEJORAMIENTO DE LA INSTITUCIÓN EDUCATIVA INSTITUTO MONTENEGRO Y LA INSTITUCIÓN EDUCATIVA GENERAL SANTANDER EN SU SEDE PRINCIPAL, SEDE LA ISABELA Y SEDE OBANDO.
W5: CRITERIO | X5: PERSONA
W6: CUMPLE | X6: NATURAL
W7: NO CUMPLE | X7: JURIDICA
A8: CRITERIOS GENERALES | K8: VALORES OFICIALES
A9: PROPONENTE : | C9: NOMBRE | E9: JORGE VARGAS OROZCO | K9: PRESUPUESTO OFICIAL | Q9: 3.4215164e+08 | U9: CUMPLE | W9: CUMPLE | X9: NATURAL
C10: P. NATURAL | E10: P. JURIDICA | G10: PROP. PLURAL | K10: SMMLV 2024 | Q10: 1300000 | U10: NO CUMPLE | W10: NO CUMPLE | X10: JURIDICA
C11: X | K11: PRES. OFICIAL EN SMMLV 2024 | Q11: =+Q9/Q10 -> 263.19357 | U11: NO APLICA
A12: INTEGRANTES: | C12: JORGE VARGAS OROZCO | K12: FECHA DE CIERRE | Q12: 45639 | W12: NOMBRE
A13: REPRESENTANTE LEGAL: | C13: JORGE VARGAS OROZCO | W13: =+A24 -> JORGE VARGAS OROZCO
A14: AVAL | C14: NO APLICA TODA VEZ QUE EL REPRESENTANTE LEGAL CUMPLE CON LA PROFESIÓN DE INGENIERO CIVIL Y/O ARQUITECTO
A15: COPIA TARJETA PROFESIONAL: | C15: CUMPLE
A16: MATRICULA VIGENTE: | C16: CUMPLE
A17: EXPERIENCIA GENERAL : P NATURAL .Para el caso de la experiencia general para las personas naturales plenamente capaces deberán acreditar el título profesional de INGENIERÍA CIVIL, Y/O ARQUITECTO, con experiencia profesional de DOS (2) AÑOS contada a partir de la expedición de la tarjeta y/o matrícula profesional del respectivo profesional, copia de la matrícula profesional y certificado de vigencia expedida por la autoridad competente máxima de SEIS (06) MESES, contados a partir de la fecha de cierre del presente proceso de selección. P JURIDICA Para el caso de experiencia general de las personas jurídica la experiencia general será de DOS (02) AÑOS, la cual se contará a partir de la fecha de constitución registrada en el Certificado de Existencia y Representación Legal expedido por la Cámara de Comercio y que dentro de su actividad social y comercial comprenda ACTIVIDADES RELACIONADAS CON LA CONSTRUCCIÓN DE INFRAESTRUCTURA Y/O DE OBRAS CIVILES. Tratándose de personas jurídicas, el representante legal o quien avala su oferta, deberá acreditar ser profesional en INGENIERÍA CIVIL, Y/O ARQUITECTURA, con experiencia profesional de DOS (2) AÑOS contada a partir de la expedición de la tarjeta y/o matrícula profesional del respectivo profesional, copia de la matrícula profesional y certificado de vigencia expedida por la autoridad competente máxima de SEIS (06) MESES, contados a partir de la fecha de cierre del presente proceso de selección. P PLURAL Para el caso de Consorcios y/o Uniones temporales, si uno o varios de los integrantes son personas naturales, estos deberán de acreditar título profesional de INGENIERÍA CIVIL, Y/O ARQUITECTO , con experiencia profesional de DOS (2) AÑOS contada a partir de la expedición de la tarjeta y/o matricula profesional del respectivo profesional, copia de la matricula profesional y certificado de vigencia expedida por la autoridad competente máxima de SEIS (06) MESES, contados a partir de la fecha de cierre del presente proceso de selección. Para el caso de Consorcios y/o Uniones temporales, si uno o varios de los integrantes son personas jurídicas deberá acreditar como mínimo DOS (02) AÑOS de constitución y deberá de cumplir con los mismos requisitos señalados en el literal denominado “Experiencia general para personas jurídicas”. Para el caso de CONSORCIOS Y/O UNIONES TEMPORALES, al menos uno de los integrantes deberá acreditar como mínimo DOS (02) AÑOS de experiencia general, sin embargo, deberá de verificar los anteriores numerales para efectos de determinar cómo acreditará la condición de experiencia general (Experiencia general para personas jurídicas y Experiencia general y/o profesional para personas naturales). | W17: =+A25 -> 0
A18: P. JURÍDICA | C18: NO APLICA | G18: AÑOS
A19: P. NATURAL/ REP. LEGAL/AVAL | C19: 45 | G19: AÑOS | H19: CUMPLE | W19: =+A26 -> 0
A20: COPIA TARJETA PROFESIONAL: | C20: CUMPLE | W20: =+A27 -> 0
A21: MATRICULA VIGENTE: | C21: CUMPLE
A22: CERTIFICADO DE VIGENCIA PROFESIONAL | C22: CUMPLE
A23: NOMBRE | D23: PROPONENTE | E23: % PARTICIPACION | G23: CEDULA - CERTIFICADO | H23: MATRICULA - OBJETO SOCIAL | I23: AÑOS DE EXPERIENCIA
A24: =C12 -> JORGE VARGAS OROZCO | D24: NATURAL | E24: 1 | G24: CUMPLE | H24: CUMPLE | I24: CUMPLE | W24: CONTRATO 1 | Z24: CUMPLE - FORMATO 7B
W25: CONTRATO 2 | Z25: NO CUMPLE - FORMATO 7B | AP25: j
W26: CONTRATO 3
W27: CONTRATO 4
W28: CONTRATO 5
A30: EXPERIENCIA ESPECIFICA: El proponente deberá acreditar en máximo tres (03) contratos de obra, cuyo objeto o alcance del objeto, tenga relación con la “CONSTRUCCIÓN Y/O RECONSTRUCCIÓN Y/O AMPLIACIÓN Y/O TERMINACIÓN Y/O REHABILITACIÓN Y/O ADECUACIÓN Y/O MEJORAMIENTO Y/O MANTENIMIENTO DE INFRAESTRUCTURAS EDUCATIVAS cuya sumatoria sea mayor o igual al cien por ciento (100%) del valor del presente proceso de selección en Salarios Mínimos Mensuales Legales Vigentes para el presente año, es decir, 263,19 SMMLV. Todas las certificaciones aportadas para acreditar la experiencia requerida deberán estar debidamente registradas en el RUP y clasificadas en uno de los siguientes códigos: CÓDIGO UNSPSC SEGMENTO FAMILIA CLASE NOMBRE DEL PRODUCTO 72 10 15 00 Servicios de apoyo para la construcción 72 10 33 00 Servicio de mantenimiento y reparación de Infraestructura 95 12 19 00 Edificios y estructuras educacionales y de administración | W30: CONTRATO 6
A31: VALIDACION EXPERIENCIA ESPECIFICA | W31: SUBCONTRATO 1
A32: INFORMACION BASE | E32: CONTRATO 1 | W32: SUBCONTRATO 2
A33: INTEGRANTE QUE APORTA EXPERIENCIA | E33: =A24 -> JORGE VARGAS OROZCO | Q33: CUMPLE
A34: OBJETO Y/O ALCANCE | E34: MEJORAMIENTO Y MANTENIMIENTO DE LA INSTITUCION EDUCATIVA BAUDILIO MONTOYA E INSTITUCION EDUCATIVA EL ROBLEDO DE CALARCA DEL DEPARTAMENTO DE CALARCA | W34: SUBCONTRATO 3
A35: CUMPLE/ NO CUMPLE | E35: CUMPLE
A36: % PARTICIPACION EN EL CONTRATO | E36: 1 | W36: SUBCONTRATO 4
A37: EQUIVALENCIA DE EXPERIENCIA | E37: 1
A38: VALOR DEL CONTRATO ($) | E38: 3.8297843e+08 | W38: SUBCONTRATO 5
A39: AÑO DE TERMINACION | E39: 2015 | W39: SUBCONTRATO 6
A40: VALOR DEL SMMLV EN EL AÑO DE TERMINACION | E40: =+IF(ISNUMBER(E39),LOOKUP(E39,$AB$64:$AB$107,$AC$64:$AC$107),"") -> 644350
A41: VALOR DEL CONTRATO EN SMMLV | E41: =+IF(ISBLANK(E39),0,E38/E40) -> 594.36398 | W41: CRITERIO FINAL
A42: VALOR DEL CONTRATO EN SMMLV AFECTADO POR %PARTICIPACION | E42: =E41*E37 -> 594.36398 | W42: CRITERIO FINAL
A43: CONSECUTIVO RUP | E43: 54
A44: VALOR EN SMMLV RUP | E44: 594.36 | V44: =+IF(#REF!="CUMPLE",1,"NC") -> #REF! | W44: =+IF(#REF!="CUMPLE",1,0) -> #REF! | X44: =+IF(V44=W44,1,0) -> #REF! | Z44: CR 1 | AA44: =+IF(#REF!>#REF!,"CUMPLE"," NO CUMPLE ") -> #REF! | AD44: =+IF(#REF!>#REF!,"CUMPLE"," NO CUMPLE ") -> #REF! | AG44: =+IF(#REF!>#REF!,"CUMPLE"," NO CUMPLE ") -> #REF! | AJ44: =+IF(#REF!>#REF!,"CUMPLE"," NO CUMPLE ") -> #REF! | AM44: =+IF(#REF!>#REF!,"CUMPLE"," NO CUMPLE ") -> #REF!
A45: VALOR DEL CONTRATO EN SMMLV RUP AFECTADO POR %PARTICIPACION | E45: =E44*E37 -> 594.36 | W45: CRITERIO FINAL
A46: VALOR CERTIFICADO ≥263,19 SMMLV | E46: CUMPLE
A47: CLASIFICACION UNSPSC | C47: 72101500 | E47: CUMPLE | V47: =+IF(#REF!="CUMPLE",1,0) -> #REF!
C48: 72103300
C49: 95121900 | V49: C. VAL | W49: CONEXIONES REQ | X49: FINAL | AA49: FINAL
A50: CUMPLE/ NO CUMPLE | E50: CUMPLE
A51: CAPACIDAD OPERATIVA | W51: 6 | X51: 1.5 | Z51: C5 | AA51: =+IF(#REF!="CUMPLE",1,0) -> #REF!
A52: RESIDENTE DE OBRA | W52: 6 | X52: 1.5 | Z52: C5 | AA52: =+IF(#REF!="CUMPLE",1,0) -> #REF!
A53: NOMBRE | E53: =A24 -> JORGE VARGAS OROZCO | Q53: CUMPLE | Z53: C6 | AA53: =+IF(#REF!="CUMPLE",1,0) -> #REF!
A54: PROFESION Profesional en Ingeniería Civil o Arquitectura. AÑOS DE EXPERIENCIA GENERAL: 3 AÑOS | E54: CUMPLE
A55: FOTOCOPIA DE LA CEDULA | E55: CUMPLE | V55: C. VAL | W55: LONG REQ | X55: FINAL | Z55: TOTAL | AA55: =SUM(AA51:AB53) -> #REF!
A56: FOTOCOPIA DE MATRICULA Y COPNIA | E56: CUMPLE | V56: =+IF(#REF!="CUMPLE",1,"NC") -> #REF! | W56: =+IF(#REF!="CUMPLE",1,0) -> #REF! | X56: =+IF(V56=W56,1,0) -> #REF!
A57: CARTA DE INTENCION | E57: CUMPLE
A58: EXPERIENCIA: El profesional propuesto para el cargo deberá acreditar experiencia de haber participado o prestado sus servicios como Residente de Obra y/o Residente de Interventoría y/o Contratista y/o Director de Obra y/o Director de Interventoría, en mínimo dos (02) contratos cuyo objeto y/o alcances se relacione con “CONSTRUCCIÓN Y/O RECONSTRUCCIÓN Y/O AMPLIACIÓN Y/O TERMINACIÓN Y/O REHABILITACIÓN Y/O ADECUACIÓN Y/O MEJORAMIENTO Y/O MANTENIMIENTO DE INFRAESTRUCTURAS EDUCATIVAS”.
A59: CONTRATOS | E59: CONTRATO 1 | H59: CONTRATO 2 | Q59: OBSERVACIONES
A60: CONTRATANTE | E60: PROMOTORA DE VIVIENDA Y DESARROLLO DEL QUINDIO | H60: PROMOTORA DE VIVIENDA Y DESARROLLO DEL QUINDIO | Q60: CUMPLE
A61: OBJETO | E61: REAPRACIONES LOCATIVAS: CIUDADELA EDUCATIVA JOSE MARIA CORDOBA DEL MUNICIPIO DE CORDOBA | H61: MEJORAMIENTO DE LA INSTITUCION EDUCATIVA PEDACITO DE CIELO SEDE PRINCIPAL DEL MUNICIPIO DE LA TEBAIDA
A62: CARGO | E62: CONTRATISTA - DIRECTOR DE OBRA | H62: CONTRATISTA
A63: EXPERIENCIA VALIDA | E63: CUMPLE | H63: CUMPLE
W64: =+IF(#REF!="CUMPLE",1,"NC") -> #REF! | X64: =IF(ISNUMBER(#REF!),#REF!,"") | Y64: =+IF(W64=1,X64,"") -> #REF!
A65: PERSONAL MÍNIMO REQUERIDO RESTANTE
A66: DESCRIPCIÓN | E66: CUMPLE/NO CUMPLE | H66: OBSERVACION
A67: Carta de compromiso bajo la gravedad de juramento en la que manifieste que contará con el equipo de trabajo durante la ejecución del contrato, en todo caso, los requisitos individuales del equipo de trabajo solo será verificado al contratista por parte de quien ejerza control, vigilancia y seguimiento al contrato. | E67: CUMPLE | H67: Proponente adjunta carta de compromiso donde manifiesta bajo gravedad de juramento que en caso de resultar adjudicatario del proceso de selección, contará con los profesionales requeridos tal y como lo requiere la entidad en el pliego de condiciones.
B69: OBSERVACIONES | W69: =+LOOKUP(Y69,#REF!,#REF!) -> #REF! | Y69: Promoción de Servicios Nacionales o con Trato Nacional
B71: PROPONENTE: | E71: =E9 -> JORGE VARGAS OROZCO
B72: EXPERIENCIA GENERAL | E72: CUMPLE
B73: EXPERIENCIA ESPECIFICA | E73: CUMPLE | AB73: 1988 | AC73: 25637
AB74: 1989 | AC74: 32560
B75: CAPACIDAD OPERATIVA | E75: CUMPLE | AB75: 1989 | AC75: 32560
AB76: 1990 | AC76: 41025
AB77: 1991 | AC77: 51720
AB78: 1992 | AC78: 65190
AB79: 1993 | AC79: 81510
AB80: 1994 | AC80: 98700
AB81: 1995 | AC81: 118934
AB82: 1996 | AC82: 142125
AB83: 1997 | AC83: 172005
AB84: 1998 | AC84: 203826
AB85: 1999 | AC85: 236460
AB86: 2000 | AC86: 260100
AB87: 2001 | AC87: 286000
... AB111: 2024 | AC111: 1300000

Sheet  P8
C1: PUNTAJE
C2: SAMC 038 DE 2024 - MANTENIMIENTO Y/O MEJORAMIENTO DE LA INSTITUCIÓN EDUCATIVA INSTITUTO MONTENEGRO Y LA INSTITUCIÓN EDUCATIVA GENERAL SANTANDER EN SU SEDE PRINCIPAL, SEDE LA ISABELA Y SEDE OBANDO
A8: PROPONENTE : | C8: NOMBRE | E8: ='[2]E. TECNICA JORGE VARGAS P8'!E9 -> JORGE VARGAS OROZCO
C9: P. NATURAL | E9: P. JURIDICA | G9: PROP. PLURAL
C10: X
A11: CRITERIO DE CALIDAD | J11: PUNTAJE | Z11: 6 | AA11: =+IF(#REF!=#REF!,IF(#REF!="CUMPLE",#REF!,0),"") -> #REF! | AC11: =+IF(#REF!=#REF!,IF(#REF!="CUMPLE",#REF!,0),"") -> #REF! | AE11: =+IF(#REF!=#REF!,IF(#REF!="CUMPLE",#REF!,0),"") -> #REF! | AG11: =+IF(#REF!=#REF!,IF(#REF!="CUMPLE",#REF!,0),"") -> #REF! | AI11: =+IF(#REF!=#REF!,IF(#REF!="CUMPLE",#REF!,0),"") -> #REF!
A12: El proponente Presenta FORMATO 8 – CALIDAD donde se compromete a instalar por cuenta 1 ciclo parqueaderos de 8 bicicletas cada uno. | J12: 20 | Y12: SUMA | AA12: =+SUM(AA11:AB11) -> #REF! | AC12: =+SUM(AC11:AD11) -> #REF! | AE12: =+SUM(AE11:AF11) -> #REF! | AG12: =+SUM(AG11:AH11) -> #REF! | AI12: =+SUM(AI11:AJ11) -> #REF!
AA13: INTEGRANTES | AB13: AVAL 50%
A14: APOYO A LA INDUSTRIA NACIONAL | J14: PUNTAJE | AA14: =+#REF! -> #REF! | AB14: =+IF(#REF!>=50%,1,0) -> #REF! | AF14: C. VAL | AG14: Lps acreditados | AH14: FINAL
A15: El proponente presenta FORMATO – PROMOCIÓN DE SERVICIOS NACIONALES O CON TRATO NACIONAL donde manifiesta bajo la gravedad del juramento que en caso de resultar adjudicatario para la ejecución del objeto contractual destinará un porcentaje de empleados o contratistas por prestación de servicios colombianos, de al menos el cuarenta por ciento 40% del total del personal requerido asociados al cumplimiento del Contrato | J15: 10 | AA15: =+#REF! -> #REF! | AB15: =+IF(#REF!>=50%,1,0) -> #REF! | AF15: =+IF(#REF!="CUMPLE",1,"NC") -> #REF! | AG15: =+IF(#REF!="CUMPLE ",1,0) -> #REF! | AH15: =+IF(AF15=AG15,1,0) -> #REF!
A17: PUNTAJE ADICIONAL ARTÍCULO 2.2.1.2.4.2.15 DEL DECRETO 1082 DE 2015, ADICIONADO POR EL DECRETO 1860 DE 2021, EMPRENDIMIENTOS Y EMPRESAS DE MUJERES EN EL SISTEMA DE COMPRAS PÚBLICAS | J17: PUNTAJE | AA17: =+#REF! -> #REF! | AB17: =+IF(#REF!>=50%,1,0) -> #REF! | AF17: =+IF(#REF!="CUMPLE",1,"NC") -> #REF! | AG17: =+IF(#REF!="CUMPLE ",1,0) -> #REF! | AH17: =+IF(AF17=AG17,1,0) -> #REF!
A18: El proponente NO ACREDITA EMPRENDIMIENTO NI EMPRESA DE MUJERES | J18: 0 | AF18: =+IF(#REF!="CUMPLE",1,"NC") -> #REF! | AG18: =+IF(#REF!="CUMPLE ",1,0) -> #REF! | AH18: =+IF(AF18=AG18,1,0) -> #REF!
A20: TOTAL | J20: =+J12+J15+J18 -> 30 | AA20: =+IF(#REF!="CUMPLE",1,"NC") -> #REF! | AB20: =IF(ISNUMBER(#REF!),#REF!,"") | AC20: =+IF(AA20=1,AB20,"") -> #REF!
AF21: 1988 | AG21: 25637
AF22: 1989 | AG22: 32560
AF23: 1990 | AG23: 41025
AF24: 1991 | AG24: 51720
AB25: 1998 | AC25: 203826
AB26: 1999 | AC26: 236460
AB27: 2000 | AC27: 260100
AF28: 1992 | AG28: 65190
AF29: 1993 | AG29: 81510
AF30: 1994 | AG30: 98700
AF31: 1995 | AG31: 118934
AF32: 1996 | AG32: 142125
AF34: 1998 | AG34: 203826
AF35: 1999 | AG35: 236460
AF36: 2000 | AG36: 260100
AF37: 2001 | AG37: 286000
AF38: 2002 | AG38: 309000
AF39: 2003 | AG39: 332000
AF40: 2004 | AG40: 358000
... AF58: 2022 | AG58: 1000000

Sheet PRESUPUESTO
B1: CANTIDAD | C1: VALOR UNITARIO | D1: VALOR TOTAL
B2: 214 | C2: 11899 | D2: =C2*B2 -> 2546386
B3: 100 | C3: 6330 | D3: =C3*B3 -> 633000
D4: =SUM(D2:D3) -> 3179386
B5: 214 | C5: 69993 | D5: =C5*B5 -> 14978502
B6: 12 | C6: 96371 | D6: =C6*B6 -> 1156452
B7: 50 | C7: 9550 | D7: =C7*B7 -> 477500
B8: 1000 | C8: 13183 | D8: =C8*B8 -> 13183000
B9: 50 | C9: 54057 | D9: =C9*B9 -> 2702850
D10: =SUM(D5:D9) -> 32498304
B11: 4 | C11: 26485 | D11: =C11*B11 -> 105940
B12: 2 | C12: 33955 | D12: =C12*B12 -> 67910
B13: 8 | C13: 42248 | D13: =C13*B13 -> 337984
B14: 1 | C14: 652673 | D14: =C14*B14 -> 652673
D15: =SUM(D11:D14) -> 1164507
B16: 336 | C16: 10665 | D16: =C16*B16 -> 3583440
B17: 840 | C17: 20309 | D17: =C17*B17 -> 17059560
B18: 50 | C18: 19370 | D18: =C18*B18 -> 968500
B19: 20 | C19: 19370 | D19: =C19*B19 -> 387400
B20: 20 | C20: 34238 | D20: =C20*B20 -> 684760
D21: =SUM(D16:D20) -> 22683660
B22: 5 | C22: 100953 | D22: =C22*B22 -> 504765
D23: =SUM(D22) -> 504765
B24: 70 | C24: 9550 | D24: =C24*B24 -> 668500
B25: 138 | C25: 11899 | D25: =C25*B25 -> 1642062
B26: 113 | C26: 54057 | D26: =C26*B26 -> 6108441
B27: 9 | C27: 31223 | D27: =C27*B27 -> 281007
B28: 138 | C28: 69993 | D28: =C28*B28 -> 9659034
B29: 592 | C29: 13183 | D29: =C29*B29 -> 7804336
B30: 18 | C30: 62285 | D30: =C30*B30 -> 1121130
B31: 5 | C31: 100953 | D31: =C31*B31 -> 504765
D32: =SUM(D24:D31) -> 27789275
B33: 120 | C33: 6330 | D33: =C33*B33 -> 759600
B34: 40 | C34: 27599 | D34: =C34*B34 -> 1103960
B35: 40 | C35: 5386 | D35: =C35*B35 -> 215440
B36: 40 | C36: 111238 | D36: =C36*B36 -> 4449520
B37: 140 | C37: 6590 | D37: =C37*B37 -> 922600
B38: 7 | C38: 100953 | D38: =C38*B38 -> 706671
B39: 330 | C39: 27599 | D39: =C39*B39 -> 9107670
B40: 18 | C40: 62285 | D40: =C40*B40 -> 1121130
B41: 50.11 | C41: 26542 | D41: =C41*B41 -> 1330019.6
B42: 200 | C42: 69993 | D42: =C42*B42 -> 13998600
B43: 120 | C43: 54057 | D43: =C43*B43 -> 6486840
D44: =SUM(D33:D43) -> 40202051
B45: 52 | C45: 95387 | D45: =C45*B45 -> 4960124
B46: 583 | C46: 11899 | D46: =C46*B46 -> 6937117
B47: 298 | C47: 15442 | D47: =C47*B47 -> 4601716
D48: =SUM(D45:D47) -> 16498957
B49: 211.03 | C49: 20160 | D49: =C49*B49 -> 4254364.8
B50: 683 | C50: 69993 | D50: =C50*B50 -> 47805219
B51: 7 | C51: 70425 | D51: =C51*B51 -> 492975
B52: 298 | C52: 46370 | D52: =C52*B52 -> 13818260
B53: 35 | C53: 68357 | D53: =C53*B53 -> 2392495
B54: 40 | C54: 17929 | D54: =C54*B54 -> 717160
B55: 117 | C55: 136316 | D55: =C55*B55 -> 15948972
B56: 57 | C56: 9550 | D56: =C56*B56 -> 544350
B57: 823 | C57: 13183 | D57: =C57*B57 -> 10849609
D58: =SUM(D49:D57) -> 96823405
B59: 115 | C59: 27043 | D59: =C59*B59 -> 3109945
B60: 30 | C60: 20309 | D60: =C60*B60 -> 609270
D61: =SUM(D59:D60) -> 3719215
B62: 102 | C62: 62285 | D62: =C62*B62 -> 6353070
B63: 4 | C63: 68536 | D63: =C63*B63 -> 274144
B64: 11.45 | C64: 100953 | D64: =C64*B64 -> 1155911.8
D65: =SUM(D62:D64) -> 7783125.8
C66: COSTO DIRECTO | D66: =D4+D10+D15+D21+D23+D32+D44+D48+D58+D61+D65 -> 2.5284665e+08
C67: 0.26 | D67: =D66*0.26 -> 65740129
C68: 0.01 | D68: =D66*0.01 -> 2528466.5
C69: 0.05 | D69: =D66*0.05 -> 12642333
C70: COSTO TOTAL | D70: =SUM(D66:D69) -> 3.3375758e+08

Sheet Hoja2
B2: ANEXO 13 FORMTO OFERTA ECONOMICA
B3: OPTIMIZACION DE REDES DE ALCANTARILLADO EN DIFERENTES SECTORES DEL MUNICIPIO DE CIRCASIA, DEPARTAMENTO DEL QUINDÍO
B4: OPTIMIZACIÓN RED DE ALCANTARILLADO CALLE 11 ENTRE CARRERA 11 Y 12 ENTRE CAMARAS 685 Y 569 CIRCASIA-QUINDIO
B5: ÍTEM | C5: ACTIVIDADES | D5: UNID | E5: CANT | F5: VR UNITARIO | G5: VALOR PARCIAL
B6: 1 | C6: PRELIMINARES Y SEÑALIZACIÓN | G6: 1829702.9
B7: 1.1 | C7: Localización y replanteo | D7: Ml | E7: 38 | F7: 7718.75 | G7: 293312.5 | I7: =+E7*F7 -> 293312.5 | J7: =+I7-G7 -> 0
B8: 1.2 | C8: Señalización preventiva con tela PP | D8: Ml | E8: 80 | F8: 5504.44 | G8: 440355.2 | I8: =+E8*F8 -> 440355.2 | J8: =+I8-G8 -> 0
B9: 1.3 | C9: Pasos peatonales provisionales | D9: Un | E9: 3 | F9: 11687.54 | G9: 35062.62 | I9: =+E9*F9 -> 35062.62 | J9: =+I9-G9 -> 0
B10: 1.4 | C10: Manejo de aguas | D10: Ml | E10: 38 | F10: 27920.33 | G10: 1060972.5 | I10: =+E10*F10 -> 1060972.5 | J10: =+I10-G10 -> 0
B11: 2 | C11: MOVIMIENTO DE TIERRA | G11: 15148732
B12: 2.1 | C12: Excavación en material comun a mano entre 0-2 m (Incluye retiro tuberia existente) | D12: M3 | E12: 147 | F12: 22296.36 | G12: 3277564.9 | I12: =+E12*F12 -> 3277564.9 | J12: =+I12-G12 -> 0
B13: 2.2 | C13: Excavación en material comun a mano entre 2-4 m (Incluye retiro tuberia existente) | D13: M3 | E13: 12 | F13: 29562.02 | G13: 354744.24 | I13: =+E13*F13 -> 354744.24 | J13: =+I13-G13 -> 0
B14: 2.3 | C14: Lleno compactado con material de sitio | D14: M3 | E14: 79 | F14: 15040.33 | G14: 1188186.1 | I14: =+E14*F14 -> 1188186.1 | J14: =+I14-G14 -> 0
B15: 2.4 | C15: Lleno compactado incluye suministro de material de prestamo de cantera y/o río | D15: M3 | E15: 70 | F15: 50570.48 | G15: 3539933.6 | I15: =+E15*F15 -> 3539933.6 | J15: =+I15-G15 -> 0
B16: 2.5 | C16: Cama para cimentacion con material triturado | D16: M3 | E16: 28 | F16: 145246.84 | G16: 4066911.5 | I16: =+E16*F16 -> 4066911.5 | J16: =+I16-G16 -> 0
B17: 2.6 | C17: Entibado Tipo B | D17: M2 | E17: 76 | F17: 35807.78 | G17: 2721391.3 | I17: =+E17*F17 -> 2721391.3 | J17: =+I17-G17 -> 0
B18: 3 | C18: SUMINISTRO E INSTALACIÓN ALCANTARILLADO | G18: 11975464
B19: 3.1 | C19: Suministro e instalacion Tuberia Perfilada D=6" | D19: Ml | E19: 90 | F19: 37687.58 | G19: 3391882.2 | I19: =+E19*F19 -> 3391882.2 | J19: =+I19-G19 -> 0
B20: 3.2 | C20: Suministro e instalacion Tuberia Perfilada D=12" | D20: Ml | E20: 38 | F20: 151531.16 | G20: 5758184.1 | I20: =+E20*F20 -> 5758184.1 | J20: =+I20-G20 -> 0
B21: 3.3 | C21: Suministro e instalación Kit Silla Yee 12" x6" | D21: Un | E21: 15 | F21: 188359.82 | G21: 2825397.3 | I21: =+E21*F21 -> 2825397.3 | J21: =+I21-G21 -> 0
B22: 4 | C22: OBRAS EN CONCRETO | G22: 18212971
B23: 4.1 | C23: Caja de Inspección 0,8x0,8x0,8 e=0.10m (Incluye tapa en concreto) | D23: Un | E23: 15 | F23: 712746.9 | G23: 10691204 | I23: =+E23*F23 -> 10691204 | J23: =+I23-G23 -> 0
B24: 4.2 | C24: Imprimación asfalto con emulsión asfáltica | D24: M2 | E24: 85 | F24: 5800.39 | G24: 493033.15 | I24: =+E24*F24 -> 493033.15 | J24: =+I24-G24 -> 0
B25: 4.3 | C25: Mezcla densa en caliente tipo MDC-19 E=0,07m | D25: M3 | E25: 6 | F25: 1171455.7 | G25: 7028734.1 | I25: =+E25*F25 -> 7028734.1 | J25: =+I25-G25 -> 0
B26: 5 | C26: PAVIMENTOS Y REPOSICIONES | G26: 2146500.2
B27: 5.1 | C27: Suministro, conformación y compactación Sub Base granular | D27: M3 | E27: 17 | F27: 126264.72 | G27: 2146500.2 | I27: =+E27*F27 -> 2146500.2 | J27: =+I27-G27 -> 0
B28: 6 | C28: OBRAS Y ACTIVIDADES COMPLEMENTARIAS | G28: 2154977.5
B29: 6.1 | C29: Cargue y retiro de material sobrante | D29: M3 | E29: 40 | F29: 40510.17 | G29: 1620406.8 | I29: =+E29*F29 -> 1620406.8 | J29: =+I29-G29 -> 0
B30: 6.2 | C30: Inspección interna de la red de alcantarillado con equipo CCT | D30: ML | E30: 38 | F30: 14067.65 | G30: 534570.7 | I30: =+E30*F30 -> 534570.7 | J30: =+I30-G30 -> 0
C31: SUBTOTAL CALLE 11 | G31: 51468347
B32: OPTIMIZACIÓN RED DE ALCANTARILLADO ALTO DE LA TAZA ENTRE MANZANA A Y BARRIO OBRERO CIRCASIA-QUINDIO
B33: ÍTEM | C33: ACTIVIDADES | D33: UNID | E33: CANT | F33: VR UNITARIO | G33: VALOR PARCIAL
B34: 1 | C34: PRELIMINARES Y SEÑALIZACIÓN | G34: 3265292.8
B35: 1.1 | C35: Localización y replanteo | D35: Ml | E35: 112 | F35: 7718.75 | G35: 864500 | I35: =+E35*F35 -> 864500 | J35: =+I35-G35 -> 0
B36: 1.2 | C36: Señalización preventiva con tela PP | D36: Ml | E36: 223 | F36: 5504.44 | G36: 1227490.1 | I36: =+E36*F36 -> 1227490.1 | J36: =+I36-G36 -> 0
B37: 1.3 | C37: Pasos peatonales provisionales | D37: Un | E37: 12 | F37: 11687.54 | G37: 140250.48 | I37: =+E37*F37 -> 140250.48 | J37: =+I37-G37 -> 0
B38: 1.4 | C38: Manejo de aguas | D38: Ml | E38: 37 | F38: 27920.33 | G38: 1033052.2 | I38: =+E38*F38 -> 1033052.2 | J38: =+I38-G38 -> 0
B39: 2 | C39: MOVIMIENTO DE TIERRA | G39: 36130609
B40: 2.1 | C40: Excavación en material comun a mano entre 0-2 m (Incluye retiro tuberia existente) | D40: M3 | E40: 301 | F40: 22296.36 | G40: 6711204.4 | I40: =+E40*F40 -> 6711204.4 | J40: =+I40-G40 -> 0
B41: 2.2 | C41: Excavación en material comun a mano entre 2-4 m (Incluye retiro tuberia existente) | D41: M3 | E41: 116 | F41: 29562.02 | G41: 3429194.3 | I41: =+E41*F41 -> 3429194.3 | J41: =+I41-G41 -> 0
B42: 2.3 | C42: Lleno compactado con material de sitio | D42: M3 | E42: 220 | F42: 15040.33 | G42: 3308872.6 | I42: =+E42*F42 -> 3308872.6 | J42: =+I42-G42 -> 0
B43: 2.4 | C43: Lleno compactado incluye suministro de material de prestamo de cantera y/o río | D43: M3 | E43: 147 | F43: 50570.48 | G43: 7433860.6 | I43: =+E43*F43 -> 7433860.6 | J43: =+I43-G43 -> 0
B44: 2.5 | C44: Cama para cimentacion con material triturado | D44: M3 | E44: 50 | F44: 145246.84 | G44: 7262342 | I44: =+E44*F44 -> 7262342 | J44: =+I44-G44 -> 0
B45: 2.6 | C45: Entibado Tipo B | D45: M2 | E45: 223 | F45: 35807.78 | G45: 7985134.9 | I45: =+E45*F45 -> 7985134.9 | J45: =+I45-G45 -> 0
B46: 3 | C46: SUMINISTRO E INSTALACIÓN ALCANTARILLADO | G46: 28073147
B47: 3.1 | C47: Suministro e instalacion Tuberia Perfilada D=6" | D47: Ml | E47: 96 | F47: 37687.58 | G47: 3618007.7 | I47: =+E47*F47 -> 3618007.7 | J47: =+I47-G47 -> 0
B48: 3.2 | C48: Suministro e instalacion Tuberia Perfilada D=12" | D48: Ml | E48: 30 | F48: 151531.16 | G48: 4545934.8 | I48: =+E48*F48 -> 4545934.8 | J48: =+I48-G48 -> 0
B49: 3.3 | C49: Suministro e instalacion Tuberia Perfilada D=16" | D49: ML | E49: 74 | F49: 220758.89 | G49: 16336158 | I49: =+E49*F49 -> 16336158 | J49: =+I49-G49 -> 0
B50: 3.4 | C50: Suministro e instalación Kit Silla Yee 16" x6" | D50: Un | E50: 16 | F50: 223315.42 | G50: 3573046.7 | I50: =+E50*F50 -> 3573046.7 | J50: =+I50-G50 -> 0
B51: 4 | C51: OBRAS EN CONCRETO | G51: 19836693
B52: 4.1 | C52: Cuerpo cámara D=1,2m en concreto de 21MPa (incluye peldaños) | D52: Ml | E52: 4 | F52: 787937.93 | G52: 3151751.7 | I52: =+E52*F52 -> 3151751.7 | J52: =+I52-G52 -> 0
B53: 4.2 | C53: Caja de Inspección 0,8x0,8x0,8 e=0.10m (Incluye tapa en concreto) | D53: Un | E53: 16 | F53: 712746.9 | G53: 11403950 | I53: =+E53*F53 -> 11403950 | J53: =+I53-G53 -> 0
B54: 4.3 | C54: Losa tapa 1,6*1,6*0.2m en concreto (incluye tapa en HF) | D54: Un | E54: 1 | F54: 1063646.8 | G54: 1063646.8 | I54: =+E54*F54 -> 1063646.8 | J54: =+I54-G54 -> 0
B55: 4.4 | C55: Construccion base y cañuela | D55: Un | E55: 1 | F55: 401677.59 | G55: 401677.59 | I55: =+E55*F55 -> 401677.59 | J55: =+I55-G55 -> 0
B56: 4.5 | C56: Brazo de caida en tuberia de diametro 12" incluye accesorios y concreto | D56: Un | E56: 3 | F56: 1166841 | G56: 3500523.1 | I56: =+E56*F56 -> 3500523.1 | J56: =+I56-G56 -> 0
B57: 4.6 | C57: Empalme cámaras existentes | D57: Un | E57: 4 | F57: 78785.79 | G57: 315143.16 | I57: =+E57*F57 -> 315143.16 | J57: =+I57-G57 -> 0
B58: 5 | C58: PAVIMENTOS Y REPOSICIONES | G58: 3787941.6
B59: 5.1 | C59: Suministro, conformación y compactación Sub Base granular | D59: M3 | E59: 30 | F59: 126264.72 | G59: 3787941.6 | I59: =+E59*F59 -> 3787941.6 | J59: =+I59-G59 -> 0
B60: 6 | C60: OBRAS Y ACTIVIDADES COMPLEMENTARIAS | G60: 3893546
B61: 6.1 | C61: Cargue y retiro de material sobrante | D61: M3 | E61: 60 | F61: 40510.17 | G61: 2430610.2 | I61: =+E61*F61 -> 2430610.2 | J61: =+I61-G61 -> 0
B62: 6.2 | C62: Inspección interna de la red de alcantarillado con equipo CCT | D62: M | E62: 104 | F62: 14066.69 | G62: 1462935.8 | I62: =+E62*F62 -> 1462935.8 | J62: =+I62-G62 -> 0
C63: SUBTOTAL ALTO DE LA TAZA | G63: 94987229
C64: SUBTOTAL COSTOS DIRECTOS | G64: 1.4645558e+08 | I64: =SUM(I7:I62) -> 1.4645558e+08
C65: ADMINISTRACION | F65: 0.32 | G65: 46865784 | I65: =+I64*F65 -> 46865784
C66: IMPREVISTOS | F66: 0.01 | G66: 1464555.8 | I66: =+I64*F66 -> 1464555.8
C67: UTILIDAD | F67: 0.05 | G67: 7322778.8 | I67: =+I64*F67 -> 7322778.8
C68: VALOR TOTAL | G68: 2.0210869e+08 | I68: =SUM(I64:I67) -> 2.0210869e+08
B72: ANEXO 13 FORMTO OFERTA ECONOMICA
B73: OPTIMIZACION DE REDES DE ALCANTARILLADO EN DIFERENTES SECTORES DEL MUNICIPIO DE CIRCASIA, DEPARTAMENTO DEL QUINDÍO
B74: OPTIMIZACIÓN RED DE ALCANTARILLADO CALLE 11 ENTRE CARRERA 11 Y 12 ENTRE CAMARAS 685 Y 569 CIRCASIA-QUINDIO
B75: ÍTEM | C75: ACTIVIDADES | D75: UNID | E75: CANT | F75: VR UNITARIO | G75: VALOR PARCIAL
B76: 1 | C76: PRELIMINARES Y SEÑALIZACIÓN | G76: 1806954
B77: 1.1 | C77: Localización y replanteo | D77: Ml | E77: 38 | F77: 7623 | G77: 289674 | I77: =+E77*F77 -> 289674 | J77: =+I77-G77 -> 0
B78: 1.2 | C78: Señalización preventiva con tela PP | D78: Ml | E78: 80 | F78: 5436 | G78: 434880 | I78: =+E78*F78 -> 434880 | J78: =+I78-G78 -> 0
B79: 1.3 | C79: Pasos peatonales provisionales | D79: Un | E79: 3 | F79: 11542 | G79: 34626 | I79: =+E79*F79 -> 34626 | J79: =+I79-G79 -> 0
B80: 1.4 | C80: Manejo de aguas | D80: Ml | E80: 38 | F80: 27573 | G80: 1047774 | I80: =+E80*F80 -> 1047774 | J80: =+I80-G80 -> 0
B81: 2 | C81: MOVIMIENTO DE TIERRA | G81: 14960182
B82: 2.1 | C82: Excavación en material comun a mano entre 0-2 m (Incluye retiro tuberia existente) | D82: M3 | E82: 147 | F82: 22019 | G82: 3236793 | I82: =+E82*F82 -> 3236793 | J82: =+I82-G82 -> 0
B83: 2.2 | C83: Excavación en material comun a mano entre 2-4 m (Incluye retiro tuberia existente) | D83: M3 | E83: 12 | F83: 29194 | G83: 350328 | I83: =+E83*F83 -> 350328 | J83: =+I83-G83 -> 0
B84: 2.3 | C84: Lleno compactado con material de sitio | D84: M3 | E84: 79 | F84: 14853 | G84: 1173387 | I84: =+E84*F84 -> 1173387 | J84: =+I84-G84 -> 0
B85: 2.4 | C85: Lleno compactado incluye suministro de material de prestamo de cantera y/o río | D85: M3 | E85: 70 | F85: 49941 | G85: 3495870 | I85: =+E85*F85 -> 3495870 | J85: =+I85-G85 -> 0
B86: 2.5 | C86: Cama para cimentacion con material triturado | D86: M3 | E86: 28 | F86: 143439 | G86: 4016292 | I86: =+E86*F86 -> 4016292 | J86: =+I86-G86 -> 0
B87: 2.6 | C87: Entibado Tipo B | D87: M2 | E87: 76 | F87: 35362 | G87: 2687512 | I87: =+E87*F87 -> 2687512 | J87: =+I87-G87 -> 0
B88: 3 | C88: SUMINISTRO E INSTALACIÓN ALCANTARILLADO | G88: 11826355
B89: 3.1 | C89: Suministro e instalacion Tuberia Perfilada D=6" | D89: Ml | E89: 90 | F89: 37218 | G89: 3349620 | I89: =+E89*F89 -> 3349620 | J89: =+I89-G89 -> 0
B90: 3.2 | C90: Suministro e instalacion Tuberia Perfilada D=12" | D90: Ml | E90: 38 | F90: 149645 | G90: 5686510 | I90: =+E90*F90 -> 5686510 | J90: =+I90-G90 -> 0
B91: 3.3 | C91: Suministro e instalación Kit Silla Yee 12" x6" | D91: Un | E91: 15 | F91: 186015 | G91: 2790225 | I91: =+E91*F91 -> 2790225 | J91: =+I91-G91 -> 0
B92: 4 | C92: OBRAS EN CONCRETO | G92: 17986243
B93: 4.1 | C93: Caja de Inspección 0,8x0,8x0,8 e=0.10m (Incluye tapa en concreto) | D93: Un | E93: 15 | F93: 703875 | G93: 10558125 | I93: =+E93*F93 -> 10558125 | J93: =+I93-G93 -> 0
B94: 4.2 | C94: Imprimación asfalto con emulsión asfáltica | D94: M2 | E94: 85 | F94: 5728 | G94: 486880 | I94: =+E94*F94 -> 486880 | J94: =+I94-G94 -> 0
B95: 4.3 | C95: Mezcla densa en caliente tipo MDC-19 E=0,07m | D95: M3 | E95: 6 | F95: 1156873 | G95: 6941238 | I95: =+E95*F95 -> 6941238 | J95: =+I95-G95 -> 0
B96: 5 | C96: PAVIMENTOS Y REPOSICIONES | G96: 2119781
B97: 5.1 | C97: Suministro, conformación y compactación Sub Base granular | D97: M3 | E97: 17 | F97: 124693 | G97: 2119781 | I97: =+E97*F97 -> 2119781 | J97: =+I97-G97 -> 0
B98: 6 | C98: OBRAS Y ACTIVIDADES COMPLEMENTARIAS | G98: 2128174
B99: 6.1 | C99: Cargue y retiro de material sobrante | D99: M3 | E99: 40 | F99: 40006 | G99: 1600240 | I99: =+E99*F99 -> 1600240 | J99: =+I99-G99 -> 0
B100: 6.2 | C100: Inspección interna de la red de alcantarillado con equipo CCT | D100: ML | E100: 38 | F100: 13893 | G100: 527934 | I100: =+E100*F100 -> 527934 | J100: =+I100-G100 -> 0
C101: SUBTOTAL CALLE 11 | G101: 50827689
B102: OPTIMIZACIÓN RED DE ALCANTARILLADO ALTO DE LA TAZA ENTRE MANZANA A Y BARRIO OBRERO
B103: CIRCASIA-QUINDIO
B104: ÍTEM | C104: ACTIVIDADES | D104: UNID | E104: CANT | F104: VR UNITARIO | G104: VALOR PARCIAL
...
